Workbook

Sheet Planilha3
B1: SERVIÇOS REALIZADOS NO SÁBADO
A2: CÓDIGO | B2: DESCRIÇÃO | C2: UNIDADE | D2: QUANTIDADE | E2: CUSTO UNITÁRIO | F2: CUSTO TOTAL
A3: GRUPO 01 | B3: MANUTENÇÃO PREVENTIVA
A4: 1.A | B4: MICRORREVESTIMENTO | C4: 65258.169 | D4: m2
B5: FRESAGEM
A6: 4011479M/SICRO - Noturno | B6: FRESAGEM CONTÍNUA DE REVESTIMENTO BETUMINOSO | C6: m3 | D6: 1305.1634 | E6: 21.515511 | F6: 28081.258
B7: BOTA FORA DE MATERIAL FRESADO
A8: 95878 - Noturno | B8: TRANSPORTE COM CAMINHÃO BASCULANTE DE 10 M3, EM VIA URBANA PAVIMENTADA, DMT ATÉ 30 KM (UNIDADE: TXKM). AF_12/2016 | C8: t*km | D8: 125295.68 | E8: 0.7250199 | F8: 90841.865
B9: MICROREVESTIMENTO
A10: 4011412M - Noturno | B10: Microrrevestimento a frio com emulsão modificada com polímero de 2,0 cm - brita comercial | C10: m2 | D10: 65258.169 | E10: 3.5109888 | F10: 229120.7
B11: CARGA E TRANSPORTE DO FILLER E PÓ DE PEDRA
A12: 72844 - Noturno | B12: CARGA, MANOBRAS E DESCARGA DE AREIA, BRITA, PEDRA DE MAO E SOLOS COM CAMINHAO BASCULANTE 6 M3 (DESCARGA LIVRE) | C12: t | D12: 1987.1113 | E12: 0.618238 | F12: 1228.5077
A13: 95878 - Noturno | B13: TRANSPORTE COM CAMINHÃO BASCULANTE DE 10 M3, EM VIA URBANA PAVIMENTADA, DMT ATÉ 30 KM (UNIDADE: TXKM). AF_12/2016 | C13: t*km | D13: 66568.227 | E13: 0.7250199 | F13: 48263.289
A15: ANP - RR 1C MAR 2020 | B15: EMULSÃO ASFÁLTICA CATIÔNICA RR1C - E | C15: t | D15: 195.77451 | E15: 3417.73 | F15: 669104.41
A16: 93177 - Noturno | B16: TRANSPORTE DE MATERIAL ASFALTICO, COM CAMINHÃO COM CAPACIDADE DE 20000L EM RODOVIA PAVIMENTADA PARA DISTÂNCIAS MÉDIAS DE TRANSPORTE IGUAL OU INFERIOR A 100 KM. AF_02/2016 | C16: t*km | D16: 6558.446 | E16: 1.9022782 | F16: 12475.989
E17: TOTAL DO GRUPO | F17: 1079116
D18: 16.536106 | E18: R$/m2
A19: 1.B | B19: CAPA SELANTE | C19: 65258.169 | D19: m2
A20: 4915637M - Noturno | B20: Capa selante - areia comercial | C20: m2 | D20: 65258.169 | E20: 0.85809276 | F20: 55997.562
B21: CARGA E TRANSPORTE DA AREIA
A22: 72844 - Noturno | B22: CARGA, MANOBRAS E DESCARGA DE AREIA, BRITA, PEDRA DE MAO E SOLOS COM CAMINHAO BASCULANTE 6 M3 (DESCARGA LIVRE) | C22: t | D22: 587.32352 | E22: 0.618238 | F22: 363.10572
A23: 95878 - Noturno | B23: TRANSPORTE COM CAMINHÃO BASCULANTE DE 10 M3, EM VIA URBANA PAVIMENTADA, DMT ATÉ 30 KM (UNIDADE: TXKM). AF_12/2016 | C23: t*km | D23: 19675.338 | E23: 0.7250199 | F23: 14265.012
A25: ANP - RR 2C MAR 2020 | B25: EMULSÃO ASFÁLTICA CATIÔNICA RR2C | C25: t | D25: 39.154902 | E25: 2260.1 | F25: 88493.993
A26: 93177 - Noturno | B26: TRANSPORTE DE MATERIAL ASFALTICO, COM CAMINHÃO COM CAPACIDADE DE 20000L EM RODOVIA PAVIMENTADA PARA DISTÂNCIAS MÉDIAS DE TRANSPORTE IGUAL OU INFERIOR A 100 KM. AF_02/2016 | C26: t*km | D26: 1311.6892 | E26: 1.9022782 | F26: 2495.1978
E27: TOTAL DO GRUPO | F27: 161614.87
D28: 2.4765462 | E28: R$/m2
A29: 1.C | B29: LAMA ASFÁLTICA | C29: 65258.169 | D29: m2
A30: 4011404M - Noturno | B30: Lama asfáltica - faixa II - areia e brita comerciais | C30: m2 | D30: 65258.169 | E30: 1.0350886 | F30: 67547.988
B31: CARGA E TRANSPORTE DE AREIA, FILLER E PEDRISCO
A32: 72844 - Noturno | B32: CARGA, MANOBRAS E DESCARGA DE AREIA, BRITA, PEDRA DE MAO E SOLOS COM CAMINHAO BASCULANTE 6 M3 (DESCARGA LIVRE) | C32: t | D32: 227.09843 | E32: 0.618238 | F32: 140.40088
A33: 95878 - Noturno | B33: TRANSPORTE COM CAMINHÃO BASCULANTE DE 10 M3, EM VIA URBANA PAVIMENTADA, DMT ATÉ 30 KM (UNIDADE: TXKM). AF_12/2016 | C33: t*km | D33: 7607.7974 | E33: 0.7250199 | F33: 5515.8045
A35: ANP - RR 2C MAR 2020 | B35: EMULSÃO ASFÁLTICA CATIÔNICA RR2C | C35: t | D35: 32.629085 | E35: 2260.1 | F35: 73744.994
A36: 93177 - Noturno | B36: TRANSPORTE DE MATERIAL ASFALTICO, COM CAMINHÃO COM CAPACIDADE DE 20000L EM RODOVIA PAVIMENTADA PARA DISTÂNCIAS MÉDIAS DE TRANSPORTE IGUAL OU INFERIOR A 100 KM. AF_02/2016 | C36: t*km | D36: 1093.0743 | E36: 1.9022782 | F36: 2079.3315
E37: TOTAL DO GRUPO | F37: 149028.52
D38: 2.2836761 | E38: R$/m2
A39: GRUPO 02 | B39: MANUTENÇÃO CORRETIVA
A40: 2.A | B40: SELAGEM DE TRINCAS | C40: 587.57313 | D40: m
A41: 4915626M - Noturno | B41: Selagem de trincas mecanizada em pavimento flexível com emulsão - areia comercial | C41: m | D41: 587.57313 | E41: 2.2202176 | F41: 1304.5402
B42: CARGA E TRANSPORTE DA AREIA
A43: 72844 - Noturno | B43: CARGA, MANOBRAS E DESCARGA DE AREIA, BRITA, PEDRA DE MAO E SOLOS COM CAMINHAO BASCULANTE 6 M3 (DESCARGA LIVRE) | C43: t | D43: 0.5640702 | E43: 0.618238 | F43: 0.34872963
A44: 95878 - Noturno | B44: TRANSPORTE COM CAMINHÃO BASCULANTE DE 10 M3, EM VIA URBANA PAVIMENTADA, DMT ATÉ 30 KM (UNIDADE: TXKM). AF_12/2016 | C44: t*km | D44: 18.896352 | E44: 0.7250199 | F44: 13.700231
A45: ANP - RR 2C MAR 2020 | B45: EMULSÃO ASFÁLTICA CATIÔNICA RR2C | C45: t | D45: 0.1880234 | E45: 2260.1 | F45: 424.95169
A46: 93177 - Noturno | B46: TRANSPORTE DE MATERIAL ASFALTICO, COM CAMINHÃO COM CAPACIDADE DE 20000L EM RODOVIA PAVIMENTADA PARA DISTÂNCIAS MÉDIAS DE TRANSPORTE IGUAL OU INFERIOR A 100 KM. AF_02/2016 | C46: t*km | D46: 6.2987839 | E46: 1.9022782 | F46: 11.98204
E47: TOTAL DO GRUPO | F47: 1755.5229
D48: 2.9877522 | E48: R$/m2
A49: 2.B | B49: REPARO LOCALIZADO (INCLUÍDO COLOCAÇÃO E COMPACTAÇÃO DO CBUQ) | C49: 1004.9435 | D49: m2
A50: 4915632M/SICRO - Noturno | B50: REPARO LOCALIZADO COM PINTURA DE LIGAÇÃO - DEMOLIÇÃO MECÂNICA E SERRA | C50: m3 | D50: 100.49435 | E50: 158.97 | F50: 15975.587
A51: ANP - RR 2C MAR 2020 | B51: EMULSÃO ASFÁLTICA CATIÔNICA RR2C | C51: t | D51: 0.90444917 | E51: 2260.1 | F51: 2044.1456
A52: 93177 - Noturno | B52: TRANSPORTE DE MATERIAL ASFALTICO, COM CAMINHÃO COM CAPACIDADE DE 20000L EM RODOVIA PAVIMENTADA PARA DISTÂNCIAS MÉDIAS DE TRANSPORTE IGUAL OU INFERIOR A 100 KM. AF_02/2016 | C52: t*km | D52: 30.299047 | E52: 1.9022782 | F52: 57.637219
B53: BOTA FORA DE DEMOLIÇÃO
A54: 72844 - Noturno | B54: CARGA, MANOBRAS E DESCARGA DE AREIA, BRITA, PEDRA DE MAO E SOLOS COM CAMINHAO BASCULANTE 6 M3 (DESCARGA LIVRE) | C54: t | D54: 241.18645 | E54: 0.618238 | F54: 149.11063
A55: 95878 - Noturno | B55: TRANSPORTE COM CAMINHÃO BASCULANTE DE 10 M3, EM VIA URBANA PAVIMENTADA, DMT ATÉ 30 KM (UNIDADE: TXKM). AF_12/2016 | C55: t*km | D55: 9647.4578 | E55: 0.7250199 | F55: 6994.5989
B56: CBUQ DE RECOMPOSIÇÃO
A57: 72962m - Noturno | B57: USINAGEM DE CBUQ COM CAP 50/70, PARA CAPA DE ROLAMENTO (EXCLUSIVE CAP 50/70) | C57: t | D57: 241.18645 | E57: 94.461633 | F57: 22782.866
A58: ANP - CAP 30/45 MAR 2020 | B58: CIMENTO ASFÁLTICO DE PETRÓLEO - CAP 30/45 | C58: t | D58: 13.651153 | E58: 3494.17 | F58: 47699.449
A59: 95303 - Noturno | B59: TRANSPORTE COM CAMINHÃO BASCULANTE 10 m3 DE MASSA ASFALTICA PARA PAVIMENTAÇÃO URBANA | C59: m3*km | D59: 3366.5608 | E59: 0.96278761 | F59: 3241.283
E60: TOTAL DO GRUPO | F60: 98944.677
D61: 98.457948 | E61: R$/m2
A62: 2.C | B62: REMENDO PROFUNDO | C62: 667.77318 | D62: m2
A63: 4915746M2/SICRO - Noturno | B63: REMENDO PROFUNDO COM IMPRIMAÇÃO COM ASFALTO DILUÍDO - DEMOLIÇÃO MECÂNICA E SERRA (EXCLUSIVE MATERIAL BETUMINOSO) | C63: m3 | D63: 166.94329 | E63: 138.58 | F63: 23135.002
A64: ANP CM 30 - MAR 2020 | B64: ASFÁLTO DILUIDO DE PETRÓLEO CM-30 | C64: t | D64: 0.80132781 | E64: 5564.17 | F64: 4458.7242
A65: 93177 - Noturno | B65: TRANSPORTE DE MATERIAL ASFALTICO, COM CAMINHÃO COM CAPACIDADE DE 20000L EM RODOVIA PAVIMENTADA PARA DISTÂNCIAS MÉDIAS DE TRANSPORTE IGUAL OU INFERIOR A 100 KM. AF_02/2016 | C65: t*km | D65: 26.844482 | E65: 1.9022782 | F65: 51.065674
A66: 4729 | B66: PEDRA BRITADA GRADUADA, CLASSIFICADA (POSTO PEDREIRA/FORNECEDOR, SEM FRETE) | C66: m3 | D66: 133.55464 | E66: 99.02 | F66: 13224.58
A67: 95878 - Noturno | B67: TRANSPORTE COM CAMINHÃO BASCULANTE DE 10 M3, EM VIA URBANA PAVIMENTADA, DMT ATÉ 30 KM (UNIDADE: TXKM). AF_12/2016 | C67: t*km | D67: 6711.1204 | E67: 0.7250199 | F67: 4865.6958
B68: BOTA FORA DE DEMOLIÇÃO
A69: 72844 - Noturno | B69: CARGA, MANOBRAS E DESCARGA DE AREIA, BRITA, PEDRA DE MAO E SOLOS COM CAMINHAO BASCULANTE 6 M3 (DESCARGA LIVRE) | C69: t | D69: 355.58922 | E69: 0.618238 | F69: 219.83877
A70: 95878 - Noturno | B70: TRANSPORTE COM CAMINHÃO BASCULANTE DE 10 M3, EM VIA URBANA PAVIMENTADA, DMT ATÉ 30 KM (UNIDADE: TXKM). AF_12/2016 | C70: t*km | D70: 14223.569 | E70: 0.7250199 | F70: 10312.37
B71: CBUQ DE RECOMPOSIÇÃO
A72: 72962m - Noturno | B72: USINAGEM DE CBUQ COM CAP 50/70, PARA CAPA DE ROLAMENTO (EXCLUSIVE CAP 50/70) | C72: t | D72: 80.132781 | E72: 94.461633 | F72: 7569.4734
A73: ANP - CAP 30/45 MAR 2020 | B73: CIMENTO ASFÁLTICO DE PETRÓLEO - CAP 30/45 | C73: t | D73: 4.5355154 | E73: 3494.17 | F73: 15847.862
A74: 95303 - Noturno | B74: TRANSPORTE COM CAMINHÃO BASCULANTE 10 m3 DE MASSA ASFALTICA PARA PAVIMENTAÇÃO URBANA | C74: m3*km | D74: 5592.6003 | E74: 0.96278761 | F74: 5384.4863
E75: TOTAL DO GRUPO | F75: 85069.098
D76: 127.39221 | E76: R$/m2
A77: GRUPO 03 | B77: REPARO FUNCIONAL
B78: RECAPEAMENTO (5 cm) | C78: 2171.5583 | D78: m2
A79: 3.A | B79: FRESAGEM CONTÍNUA COM RECOMPOSIÇÃO DA CAPA | C79: 1520.0908 | D79: m2
B80: FRESAGEM
A81: 4011479M/SICRO - Noturno | B81: FRESAGEM CONTÍNUA DE REVESTIMENTO BETUMINOSO | C81: m3 | D81: 76.004541 | E81: 21.515511 | F81: 1635.2766
B82: BOTA FORA DE MATERIAL FRESADO
A83: 95878 - Noturno | B83: TRANSPORTE COM CAMINHÃO BASCULANTE DE 10 M3, EM VIA URBANA PAVIMENTADA, DMT ATÉ 30 KM (UNIDADE: TXKM). AF_12/2016 | C83: t*km | D83: 7296.436 | E83: 0.7250199 | F83: 5290.0613
B84: PINTURA DE LIGAÇÃO | C84: 1520.0908 | D84: m2
A85: 96402M - Noturno | B85: EXECUÇÃO DE IMPRIMAÇÃO LIGANTE (PINTURA DE LIGAÇÃO) COM EMULSÃO ASFÁLTICA RR-2C. AF_09/2017 (EXCLUSIVE EMULSÃO ASFÁLTICA RR-2C) | C85: m2 | D85: 1520.0908 | E85: 0.791454 | F85: 1203.082
A86: ANP - RR 2C MAR 2020 | B86: EMULSÃO ASFÁLTICA CATIÔNICA RR2C | C86: t | D86: 0.68404087 | E86: 2260.1 | F86: 1546.0008
A87: 93177 - Noturno | B87: TRANSPORTE DE MATERIAL ASFALTICO, COM CAMINHÃO COM CAPACIDADE DE 20000L EM RODOVIA PAVIMENTADA PARA DISTÂNCIAS MÉDIAS DE TRANSPORTE IGUAL OU INFERIOR A 100 KM. AF_02/2016 | C87: t*km | D87: 22.915369 | E87: 1.9022782 | F87: 43.591408
B88: CONSTRUÇÃO DA NOVA CAPA ASFÁLTICA | C88: 76.004541 | D88: m3
A89: 4011463M/SICRO - Noturno | B89: CONCRETO ASFÁLTICO - FAIXA C - AREIA E BRITA COMERCIAIS (EXCLUSIVE CAP 50/70) | C89: t | D89: 182.4109 | E89: 115.49961 | F89: 21068.387
A90: ANP - CAP 30/45 MAR 2020 | B90: CIMENTO ASFÁLTICO DE PETRÓLEO - CAP 30/45 | C90: t | D90: 10.324457 | E90: 3494.17 | F90: 36075.408
A91: 95303 - Noturno | B91: TRANSPORTE COM CAMINHÃO BASCULANTE 10 m3 DE MASSA ASFALTICA PARA PAVIMENTAÇÃO URBANA | C91: m3*km | D91: 2546.1521 | E91: 0.96278761 | F91: 2451.4037
E92: TOTAL DO GRUPO | F92: 69313.211
D93: 45.598072 | E93: R$/m2
A94: 3.B | B94: FRESAGEM DESCONTÍNUA COM RECOMPOSIÇÃO DA CAPA + MICRORREVESTIMENTO | D94: 651.4675 | E94: m2
B95: FRESAGEM | C95: 16.286687 | D95: m3
A96: 4011480M/SICRO - Noturno | B96: FRESAGEM DESCONTÍNUA DE REVESTIMENTO BETUMINOSO | C96: m3 | D96: 16.286687 | E96: 42.386272 | F96: 690.33196
B97: BOTA FORA DE MATERIAL FRESADO
A98: 95878 - Noturno | B98: TRANSPORTE COM CAMINHÃO BASCULANTE DE 10 M3, EM VIA URBANA PAVIMENTADA, DMT ATÉ 30 KM (UNIDADE: TXKM). AF_12/2016 | C98: t*km | D98: 1563.522 | E98: 0.7250199 | F98: 1133.5846
B99: PINTURA DE LIGAÇÃO | C99: 325.73375 | D99: m2
A100: 96402M - Noturno | B100: EXECUÇÃO DE IMPRIMAÇÃO LIGANTE (PINTURA DE LIGAÇÃO) COM EMULSÃO ASFÁLTICA RR-2C. AF_09/2017 (EXCLUSIVE EMULSÃO ASFÁLTICA RR-2C) | C100: m2 | D100: 325.73375 | E100: 0.791454 | F100: 257.80328
A101: ANP - RR 2C MAR 2020 | B101: EMULSÃO ASFÁLTICA CATIÔNICA RR2C | C101: t | D101: 0.14658019 | E101: 2260.1 | F101: 331.28588
A102: 93177 - Noturno | B102: TRANSPORTE DE MATERIAL ASFALTICO, COM CAMINHÃO COM CAPACIDADE DE 20000L EM RODOVIA PAVIMENTADA PARA DISTÂNCIAS MÉDIAS DE TRANSPORTE IGUAL OU INFERIOR A 100 KM. AF_02/2016 | C102: t*km | D102: 4.9104363 | E102: 1.9022782 | F102: 9.3410161
B103: CONSTRUÇÃO DA NOVA CAPA ASFÁLTICA | C103: 16.286687 | D103: m3
...

Sheet capa
A4: GOVERNO DO DISTRITO FEDERAL
A5: COMPANHIA URBANIZADORA DA NOVA CAPITAL DO BRASIL - NOVACAP
A6: DIRETORIA DE URBANIZAÇÃO
A8: TABELA DE REFERÊNCIA - SINAPI - ABRIL - 2021
A9: DADOS DA OBRA
A11: OBJETO: REPARO LOCALIZADO EM PAVIMENTO ASFÁLTICO
A15: LOTE 3 - Asa Norte
A19: INTERESSADO: PROCESSO 00112-00012738/2021-12
A22: SEM DESONERAÇÃO
A24: RESPONSÁVEL TECNICO DO ORÇAMENTO:
A25: FABIO ROSSIGNOLI MARQUES
A26: CREA: 83382/D-MG
A29: VALOR DA OBRA:
A31: 2078661
D33: ATUALIZAÇÃO | G33: DATA
D34: 00 | G34: 44330
D35: 01 | G35: 44349
D36: 02 | G36: 44365
D37: 03 | G37: 44397

Sheet ESTIMATIVA DE PREÇOS
A1: ESTIMATIVA DE PREÇOS
A2: LOTE 3 - Asa Norte
A3: SEM DESONERAÇÃO
A4: INTERESSADO: PROCESSO 00112-00012738/2021-12
A5: OBJETO: REPARO LOCALIZADO EM PAVIMENTO ASFÁLTICO
B6: OBJETO: REPARO LOCALIZADO EM PAVIMENTO ASFÁLTICO | E6: SEM DESONERAÇÃO
A7: CÓDIGO | B7: DESCRIÇÃO | C7: UNIDADE | D7: QUANTIDADE | E7: CUSTO UNITÁRIO | F7: CUSTO TOTAL
B9: DMT NOVACAP/OBRA | C9: 12.5 | D9: km
A11: CÓDIGO | B11: DESCRIÇÃO | C11: UNIDADE | D11: QUANTIDADE | E11: CUSTO UNITÁRIO | F11: CUSTO TOTAL
A12: GRUPO 01 | B12: ÁREA DE SEGMENTOS DE PISTA DO LOTE | D12: 105838.08 | E12: m2
B13: FRESAGEM DESCONTÍNUA COM RECOMPOSIÇÃO DA CAPA | D13: 13758.95 | E13: m2
B14: FRESAGEM | C14: 1375.895 | D14: m3
A15: 4915705M/SICRO | B15: Correção de defeitos por fresagem descontínua do revestimento asfáltico | C15: M3 | D15: 1375.895 | E15: 75.45 | F15: 103811.28
B16: BOTA FORA DE MATERIAL FRESADO
A17: 95878 | B17: TRANSPORTE COM CAMINHÃO BASCULANTE DE 10 M³, EM VIA URBANA PAVIMENTADA, DMT ATÉ 30 KM (UNIDADE: TXKM). AF_07/2020 | C17: TXKM | D17: 41276.851 | E17: 1.07 | F17: 44166.231
A18: 93596 | B18: TRANSPORTE COM CAMINHÃO BASCULANTE DE 10 M³, EM VIA URBANA PAVIMENTADA, ADICIONAL PARA DMT EXCEDENTE A 30 KM (UNIDADE: TXKM). AF_07/2020 | C18: TXKM | D18: 0 | E18: 0.42 | F18: 0
B19: PINTURA DE LIGAÇÃO | C19: 13758.95 | D19: m2
A20: 96402M/SINAPI | B20: EXECUÇÃO DE PINTURA DE LIGAÇÃO COM EMULSÃO ASFÁLTICA RR-2C. AF_11/2019 (EXCLUSIVE PRODUTO BETUMINOSO) | C20: M2 | D20: 13758.95 | E20: 0.69 | F20: 9493.6758
A21: ANP - RR 2C MAI 2021 | B21: EMULSÃO ASFÁLTICA CATIÔNICA RR2C | C21: T | D21: 6.1915277 | E21: 4384.74 | F21: 27148.239
A22: 102330 | B22: TRANSPORTE COM CAMINHÃO TANQUE DE TRANSPORTE DE MATERIAL ASFÁLTICO DE 30000 L, EM VIA URBANA PAVIMENTADA, DMT ATÉ 30KM (UNIDADE: TXKM). AF_07/2020 | C22: TXKM | D22: 77.394096 | E22: 0.95 | F22: 73.524391
A23: 102331 | B23: TRANSPORTE COM CAMINHÃO TANQUE DE TRANSPORTE DE MATERIAL ASFÁLTICO DE 30000 L, EM VIA URBANA PAVIMENTADA, ADICIONAL PARA DMT EXCEDENTE A 30 KM (UNIDADE: TXKM). AF_07/2020 | C23: TXKM | D23: 0 | E23: 0.37 | F23: 0
B24: APLICAÇÃO DE C.A.U.Q | C24: 1375.895 | D24: m3
A25: 4915703M/SICRO | B25: Correção de defeitos com mistura betuminosa | C25: M3 | D25: 1375.895 | E25: 125.7 | F25: 172950.01
A26: ANP - CAP 30/45 JUN 2021 | B26: CIMENTO ASFÁLTICO DE PETRÓLEO - CAP 30/45 | C26: T | D26: 184.92029 | E26: 5049.7 | F26: 933792.01
A27: 95875 | B27: TRANSPORTE COM CAMINHÃO BASCULANTE DE 10 M³, EM VIA URBANA PAVIMENTADA, DMT ATÉ 30 KM (UNIDADE: M3XKM). AF_07/2020 | C27: M3XKM | D27: 17198.688 | E27: 1.59 | F27: 27345.914
A28: 93590 | B28: TRANSPORTE COM CAMINHÃO BASCULANTE DE 10 M³, EM VIA URBANA PAVIMENTADA, ADICIONAL PARA DMT EXCEDENTE A 30 KM (UNIDADE: M3XKM). AF_07/2020 | C28: M3XKM | D28: 0 | E28: 0.62 | F28: 0
A29: 6416078M/SICRO | B29: USINAGEM DE CONCRETO ASFÁLTICO - FAIXA C - AREIA E BRITA COMERCIAIS (EXCLUSIVE MATERIAL BETUMINOSO) | C29: T | D29: 3302.1481 | E29: 137.36 | F29: 453583.06
E30: TOTAL DO GRUPO | F30: 1772363.9
A32: GRUPO 02 | B32: SINALIZACAO DE SEGURANÇA
A33: 97053 | B33: SINALIZAÇÃO COM FITA FIXADA EM CONE PLÁSTICO, INCLUINDO CONE. AF_11/2017 | C33: M | D33: 1376 | E33: 9.35 | F33: 12865.6
A34: AD24.05.0500M (/) AD25.05.0500M (/) SCO-RIO | B34: PROTEÇÃO DE CANTEIRO DE OBRA EM ÁREAS PÚBLICAS, COMPREENDENDO TELA PLÁSTICA, ESTRUTURA DE MADEIRA A CADA 3M DE DISTÂNCIA COM BASE DE CONCRETO, UTILIZAÇÃO 2 VEZES. | C34: M | D34: 688 | E34: 24.82 | F34: 17076.16
E35: TOTAL DO GRUPO | F35: 29941.76
D36: 14.506667 | E36: R$/m2
A37: GRUPO 03 | B37: ADMINISTRAÇÃO LOCAL
B38: DESCRIÇÃO | C38: UNIDADE | D38: QUANTIDADE | E38: CUSTO UNITÁRIO | F38: CUSTO TOTAL
B39: Administração Local (expessífica para o Lote) | C39: % | D39: 1 | E39: 104252.76 | F39: 104252.76
B41: % da Adm Local, com relação ao valor da obra (com o BDI) | C41: 0.0592818
E42: TOTAL DO GRUPO | F42: 104252.76
B44: Valor total da estimativa de preços SEM BDI | F44: 1906558.5
B46: BDI
B47: BDI referente ao total parcial da estimativa, exceto os materiais betuminosos (bdi dos materiais betuminosos 10,89% incluso no preço unitário) | C47: 0.182 | E47: 945618.22 | F47: 172102.52
B49: MATERIAIS BETUMINOSOS
A50: ANP CM 30 - MAR 2021 | B50: ASFÁLTO DILUIDO DE PETRÓLEO CM-30 | E50: 0
A51: ANP - RR 2C MAI 2021 | B51: EMULSÃO ASFÁLTICA CATIÔNICA RR2C | E51: 27148.239
A52: ANP - CAP 30/45 JUN 2021 | B52: CIMENTO ASFÁLTICO DE PETRÓLEO - CAP 30/45 | E52: 933792.01
B53: TOTAL DOS MATERIAIS BETUMINOSOS COM BDI DE 10,89% INCLUIDO NA COMPOSIÇÃO | E53: 960940.24
E55: TOTAL DO LOTE | F55: 2078661

Sheet RESUMO DAS ATIVIDADES
B1: RESUMO DAS ATIVIDADES
B3: SEM DESONERAÇÃO
B4: INTERESSADO: PROCESSO 00112-00012738/2021-12
B5: LOTE 3 - Asa Norte
C6: OBJETO: REPARO LOCALIZADO EM PAVIMENTO ASFÁLTICO | D6: SEM DESONERAÇÃO
B7: GRUPO | C7: DESCRIÇÃO | D7: VALOR (COM BDI) | E7: %
F8: MATERIAL BETUMINOSO | G8: DEMAIS ELEMENTOS
B9: GRUPO 1 | C9: FRESAGEM DESCONTÍNUA COM RECOMPOSIÇÃO DA CAPA | D9: 1920043.1 | E9: 0.92369226 | F9: 960940.24 | G9: 811423.69 | H9: 1772363.9 | I9: 0
B11: GRUPO 2 | C11: SINALIZACAO DE SEGURANÇA | D11: 35391.16 | E11: 0.017025942
B13: GRUPO 3 | C13: ADMINISTRAÇÃO LOCAL | D13: 123226.77 | E13: 0.0592818
C16: VALOR TOTAL DO LOTE | D16: 2078661 | E16: 1
C19: CONFERÊNCIA | D19: 0

Sheet CAPA MEMÓRIA
A4: GOVERNO DO DISTRITO FEDERAL
A5: COMPANHIA URBANIZADORA DA NOVA CAPITAL DO BRASIL - NOVACAP
A6: DIRETORIA DE URBANIZAÇÃO
A10: MEMÓRIA DE CÁLCULO
A13: =capa!A11 -> OBJETO: REPARO LOCALIZADO EM PAVIMENTO ASFÁLTICO
A17: MEMÓRIA DE CÁLCULO E APONTAMENTOS
A23: =capa!A19 -> INTERESSADO: PROCESSO 00112-00012738/2021-12
A28: RESPONSÁVEL TECNICO DO ORÇAMENTO:
B29: FABIO ROSSIGNOLI MARQUES
B30: CREA: 83382/D-MG

Sheet CCU - ADM LOCAL
A1: ADMINISTRAÇÃO LOCAL
B2: LOTE 3 - Asa Norte
B3: INTERESSADO: PROCESSO 00112-00012738/2021-12
B5: Quantidade de R.A no lote | C5: 1
A6: CCU- ADMINISTRAÇÃO LOCAL
A7: ADM 022021 | B7: ADMINISTRAÇÃO LOCAL | E7: (Em 6 mêses)
A8: 93565 | B8: ENGENHEIRO CIVIL DE OBRA JUNIOR COM ENCARGOS COMPLEMENTARES | C8: MES | D8: 6 | E8: 16531.82 | F8: 99190.92 | G8: Um profissional pelo período da obra (por lote)
A9: 93572 | B9: ENCARREGADO GERAL DE OBRAS COM ENCARGOS COMPLEMENTARES | C9: MES | F9: 0 | G9: Um profissional pelo período da obra (por R.A)
A10: 93572 | B10: ENCARREGADO DE PAVIMENTAÇÃO | C10: MES | F10: 0 | G10: Um profissional pelo período da obra (por R.A)
A11: 93564 | B11: APONTADOR OU APROPRIADOR COM ENCARGOS COMPLEMENTARES | C11: MES | F11: 0 | G11: Um profissional pelo período da obra (por R.A)
A12: 93566 | B12: AUXILIAR DE ESCRITORIO COM ENCARGOS COMPLEMENTARES | C12: MES | F12: 0 | G12: Um profissional pelo período da obra (por R.A)
A13: 10775 | B13: LOCACAO DE CONTAINER 2,30 X 6,00 M, ALT. 2,50 M, COM 1 SANITARIO, PARA ESCRITORIO, COMPLETO, SEM DIVISORIAS INTERNAS | C13: MES | D13: 6 | E13: 585 | F13: 3510 | G13: Seis mêses x Quantidade de R.A
A14: 6496 - ART | B14: Tabela A - ART de Obra ou Serviço (Para contratos acima de R$15.000,00) | C14: und | D14: 1 | E14: 233.94 | F14: 233.94 | G14: Estimado uma ART por R.A
A15: 5213417M/SICRO | B15: CONFECÇÃO DE PLACA EM AÇO Nº 16 GALVANIZADO, COM PELÍCULA RETRORREFLETIVA TIPO I + III | C15: M2 | D15: 4.32 | E15: 305.07 | F15: 1317.9024 | G15: Estimado 6 placas de 0,60 x 1,20 m2, para cada R.A
E16: TOTAL DO GRUPO | F16: 104252.76 | G16: Valor da ADM Local sem BDI
B18: Valor da obra, com o BDI | E18: 2078661
B19: Valor da ADM LOCAL com BDI | E19: 123226.77
B21: % da Adm Local, com relação ao valor da obra | F21: 0.0592818

Sheet QUANTIDADE SGPU
A1: QUANTIDADE SGPU
A2: =capa!A15 -> LOTE 3 - Asa Norte
A3: =capa!A22 -> SEM DESONERAÇÃO
A4: =capa!A19 -> INTERESSADO: PROCESSO 00112-00012738/2021-12
A5: =capa!A11 -> OBJETO: REPARO LOCALIZADO EM PAVIMENTO ASFÁLTICO
B6: QUANTIDADE SGPU | E6: =#REF! -> #REF!
B9: ÁREA DE REMENDO (PARA O LOTE) | C9: 105838.08
B11: DMT NOVACAP ATÉ A OBRA (PARA O LOTE) | C11: 12.5

Sheet ÁREAS - SGPU
A1: ESTIMATIVA DE ÁREA POR LOTE | H1: QUANTIDADE PARA UM ANO | I1: 0.33
B3: LOTE 1 - Asa Norte
B4: Atividade de M&R | C4: Área SGPU (m²) | D4: Custo estimado | E4: Área Projetos (m²) | F4: Custo estimado | G4: CUSTO TOTAL | H4: ÁREA TOTAL | I4: ÁREA TOTAL PARA UM ANO
B5: Lama Asfáltica | C5: 381772.78 | D5: 920072.4 | E5: 0 | F5: 0 | G5: 920072.4 | H5: 381772.78 | I5: =H5*$I$1 -> 125985.02 | J5: CUSTO UNITÁRIO | K5: UNID. | M5: 4202957
B6: Capa Selante | C6: 381772.78 | D6: 1049875.1 | E6: 0 | F6: 0 | G6: 1049875.1 | H6: 381772.78 | I6: =H6*$I$1 -> 125985.02 | J6: 2.41 | K6: /m2 | M6: 0
B7: Microrrevestimento | C7: 381772.78 | D7: 5783857.6 | E7: 0 | F7: 0 | G7: 5783857.6 | H7: 381772.78 | I7: =H7*$I$1 -> 125985.02 | J7: 2.75 | K7: /m2 | M7: 378316.38
B8: Selagem de Trincas | C8: 9634.935 | D8: 28037.661 | E8: 0 | F8: 0 | G8: 28037.661 | H8: 9634.935 | I8: =H8*$I$1 -> 3179.5285 | J8: 15.15 | K8: /m2
B9: Remendo | C9: 52919.037 | D9: 5294549.7 | E9: 0 | F9: 0 | G9: 5294549.7 | H9: 52919.037 | I9: =H9*$I$1 -> 17463.282 | J9: 2.91 | K9: /ml
B10: Remendo profundo | C10: 15065.705 | D10: 1740390.2 | E10: 0 | F10: 0 | G10: 1740390.2 | H10: 15065.705 | I10: =H10*$I$1 -> 4971.6827 | J10: 100.05 | K10: /m2
B11: Recapeamento (5 cm) | C11: 20396.388 | D11: 930687.16 | E11: 134171.19 | F11: 6122231.5 | G11: 7052918.7 | H11: 154567.58 | I11: =H11*$I$1 -> 51007.301 | J11: 115.52 | K11: /m2
B12: Recap. (5 cm) + remendo prof. | C12: 18033.972 | D12: 1100974 | E12: 0 | F12: 0 | G12: 1100974 | H12: 18033.972 | I12: =H12*$I$1 -> 5951.2109 | J12: 45.63 | K12: /m2
B13: Recap. (7,5 cm) + remendo prof. | C13: 1808.1625 | D13: 151777.16 | E13: 35371.335 | F13: 2969069.9 | G13: 3120847 | H13: 37179.497 | I13: =H13*$I$1 -> 12269.234 | J13: 61.05 | K13: /m2
B14: Recap. (10 cm) + remendo prof. | C14: 424.0125 | D14: 46984.825 | E14: 275264.14 | F14: 30502020 | G14: 30549005 | H14: 275688.16 | I14: =H14*$I$1 -> 90977.092 | J14: 83.94 | K14: /m2
B15: Reconstrução (5 cm) | C15: 1530.2625 | D15: 123599.3 | E15: 0 | F15: 0 | G15: 123599.3 | H15: 1530.2625 | I15: =H15*$I$1 -> 504.98663 | J15: 110.81 | K15: /m2
B16: Reconstrução (7,5 cm) | C16: 31.875 | D16: 3528.2438 | E16: 42625.388 | F16: 4718204.1 | G16: 4721732.4 | H16: 42657.263 | I16: =H16*$I$1 -> 14076.897 | J16: 80.77 | K16: /m2
B17: Reconstrução (10 cm) | C17: 0 | D17: 0 | E17: 10211.088 | F17: 1545958.6 | G17: 1545958.6 | H17: 10211.088 | I17: =H17*$I$1 -> 3369.6589 | J17: 110.69 | K17: /m2
B18: Baia de ônibus | C18: 0 | D18: 0 | E18: 7468.5 | F18: 1226178.3 | G18: 1226178.3 | H18: 7468.5 | I18: =H18*$I$1 -> 2464.605 | J18: 151.4 | K18: /m2
B19: TOTAL: | C19: 1265162.7 | D19: 17174333 | E19: 505111.65 | F19: 47083662 | G19: 64257996 | H19: 1770274.3 | I19: =SUM(I5:I18) -> 584190.53 | J19: 164.18 | K19: /m2
B21: LOTE 2 - Asa Sul
B22: Atividade de M&R | C22: Área SGPU (m²) | D22: Custo estimado | E22: Área Projetos (m²) | F22: Custo estimado | G22: CUSTO TOTAL | H22: ÁREA TOTAL | I22: ÁREA TOTAL PARA UM ANO
B23: Lama Asfáltica | C23: 381772.78 | D23: 920072.4 | E23: 0 | F23: 0 | G23: 920072.4 | H23: 381772.78 | I23: =H23*$I$1 -> 125985.02 | M23: 1592967.8
B24: Capa Selante | C24: 381772.78 | D24: 1049875.1 | E24: 0 | F24: 0 | G24: 1049875.1 | H24: 381772.78 | I24: =H24*$I$1 -> 125985.02 | M24: 4269.98
B25: Microrrevestimento | C25: 381772.78 | D25: 5783857.6 | E25: 0 | F25: 0 | G25: 5783857.6 | H25: 381772.78 | I25: =H25*$I$1 -> 125985.02 | M25: 121131.84
B26: Selagem de Trincas | C26: 9634.935 | D26: 28037.661 | E26: 0 | F26: 0 | G26: 28037.661 | H26: 9634.935 | I26: =H26*$I$1 -> 3179.5285
B27: Remendo | C27: 52919.037 | D27: 5294549.7 | E27: 0 | F27: 0 | G27: 5294549.7 | H27: 52919.037 | I27: =H27*$I$1 -> 17463.282
B28: Remendo profundo | C28: 15065.705 | D28: 1740390.2 | E28: 0 | F28: 0 | G28: 1740390.2 | H28: 15065.705 | I28: =H28*$I$1 -> 4971.6827
B29: Recapeamento (5 cm) | C29: 20396.388 | D29: 930687.16 | E29: 43460.987 | F29: 1983124.9 | G29: 2913812 | H29: 63857.375 | I29: =H29*$I$1 -> 21072.934
B30: Recap. (5 cm) + remendo prof. | C30: 18033.972 | D30: 1100974 | E30: 0 | F30: 0 | G30: 1100974 | H30: 18033.972 | I30: =H30*$I$1 -> 5951.2109
B31: Recap. (7,5 cm) + remendo prof. | C31: 1808.1625 | D31: 151777.16 | E31: 9803.96 | F31: 822944.4 | G31: 974721.56 | H31: 11612.122 | I31: =H31*$I$1 -> 3832.0004
B32: Recap. (10 cm) + remendo prof. | C32: 424.0125 | D32: 46984.825 | E32: 413929.31 | F32: 45867507 | G32: 45914492 | H32: 414353.32 | I32: =H32*$I$1 -> 136736.6
B33: Reconstrução (5 cm) | C33: 1530.2625 | D33: 123599.3 | E33: 0 | F33: 0 | G33: 123599.3 | H33: 1530.2625 | I33: =H33*$I$1 -> 504.98663
B34: Reconstrução (7,5 cm) | C34: 31.875 | D34: 3528.2438 | E34: 0 | F34: 0 | G34: 3528.2438 | H34: 31.875 | I34: =H34*$I$1 -> 10.51875
B35: Reconstrução (10 cm) | C35: 0 | D35: 0 | E35: 36588.5 | F35: 5539498.9 | G35: 5539498.9 | H35: 36588.5 | I35: =H35*$I$1 -> 12074.205
B36: Baia de ônibus | C36: 0 | D36: 0 | E36: 8420 | F36: 1382395.6 | G36: 1382395.6 | H36: 8420 | I36: =H36*$I$1 -> 2778.6
B37: TOTAL: | C37: 1265162.7 | D37: 17174333 | E37: 512202.76 | F37: 55595471 | G37: 72769804 | H37: 1777365.4 | I37: =SUM(I23:I36) -> 586530.6
B39: LOTE 3 - Taguatinga, Águas Claras, Arniqueira, SCIA, Vicente Pires
B40: Atividade de M&R | C40: Área SGPU (m²) | D40: Custo estimado | E40: Área Projetos (m²) | F40: Custo estimado | G40: CUSTO TOTAL | H40: ÁREA TOTAL (m²) | I40: ÁREA TOTAL PARA UM ANO
B41: Lama Asfáltica | C41: 774999.09 | D41: 1867747.8 | E41: 0 | F41: 0 | G41: 1867747.8 | H41: 774999.09 | I41: =H41*$I$1 -> 255749.7 | M41: 2854976.1
B42: Capa Selante | C42: 774999.09 | D42: 2131247.5 | E42: 0 | F42: 0 | G42: 2131247.5 | H42: 774999.09 | I42: =H42*$I$1 -> 255749.7 | M42: 0
B43: Microrrevestimento | C43: 774999.09 | D43: 11741236 | E43: 0 | F43: 0 | G43: 11741236 | H43: 774999.09 | I43: =H43*$I$1 -> 255749.7 | M43: 174931.27
B44: Selagem de Trincas | C44: 8594.855 | D44: 25011.028 | E44: 0 | F44: 0 | G44: 25011.028 | H44: 8594.855 | I44: =H44*$I$1 -> 2836.3021
B45: Remendo | C45: 60762.74 | D45: 6079312.1 | E45: 0 | F45: 0 | G45: 6079312.1 | H45: 60762.74 | I45: =H45*$I$1 -> 20051.704
B46: Remendo profundo | C46: 33968.88 | D46: 3924085 | E46: 0 | F46: 0 | G46: 3924085 | H46: 33968.88 | I46: =H46*$I$1 -> 11209.73
B47: Recapeamento (5 cm) | C47: 75893.585 | D47: 3463024.3 | E47: 0 | F47: 0 | G47: 3463024.3 | H47: 75893.585 | I47: =H47*$I$1 -> 25044.883
B48: Recap. (5 cm) + remendo prof. | C48: 30274.155 | D48: 1848237.2 | E48: 0 | F48: 0 | G48: 1848237.2 | H48: 30274.155 | I48: =H48*$I$1 -> 9990.4711
B49: Recap. (7,5 cm) + remendo prof. | C49: 6522.57 | D49: 547504.53 | E49: 51888.815 | F49: 4355547.1 | G49: 4903051.7 | H49: 58411.385 | I49: =H49*$I$1 -> 19275.757
B50: Recap. (10 cm) + remendo prof. | C50: 3533.71 | D50: 391570.41 | E50: 94106.607 | F50: 10427953 | G50: 10819524 | H50: 97640.318 | I50: =H50*$I$1 -> 32221.305
B51: Reconstrução (5 cm) | C51: 1051.54 | D51: 84932.886 | E51: 0 | F51: 0 | G51: 84932.886 | H51: 1051.54 | I51: =H51*$I$1 -> 347.0082
B52: Reconstrução (7,5 cm) | C52: 65.775 | D52: 7280.6348 | E52: 42625.387 | F52: 4718204.1 | G52: 4725484.8 | H52: 42691.162 | I52: =H52*$I$1 -> 14088.084
B53: Reconstrução (10 cm) | C53: 177.25 | D53: 26835.65 | E53: 0 | F53: 0 | G53: 26835.65 | H53: 177.25 | I53: =H53*$I$1 -> 58.4925
B54: Baia de ônibus | C54: 0 | D54: 0 | E54: 2862.95 | F54: 470039.13 | G54: 470039.13 | H54: 2862.95 | I54: =H54*$I$1 -> 944.7735
B55: TOTAL: | C55: 2545842.3 | D55: 32138025 | E55: 191483.76 | F55: 19971744 | G55: 52109769 | H55: 2737326.1 | I55: =SUM(I41:I54) -> 903317.61
B57: LOTE 4 - Brazlândia, Ceilândia, Sol Nascente
B58: Atividade de M&R | C58: Área SGPU (m²) | D58: Custo estimado | E58: Área Projetos (m²) | F58: Custo estimado | G58: CUSTO TOTAL | H58: ÁREA TOTAL (m²) | I58: ÁREA TOTAL PARA UM ANO
B59: Lama Asfáltica | C59: 741586.88 | D59: 1787224.4 | E59: 0 | F59: 0 | G59: 1787224.4 | H59: 741586.88 | I59: =H59*$I$1 -> 244723.67 | M59: 893155.62
B60: Capa Selante | C60: 741586.88 | D60: 2039363.9 | E60: 0 | F60: 0 | G60: 2039363.9 | H60: 741586.88 | I60: =H60*$I$1 -> 244723.67 | M60: 0
B61: Microrrevestimento | C61: 741586.88 | D61: 11235041 | E61: 0 | F61: 0 | G61: 11235041 | H61: 741586.88 | I61: =H61*$I$1 -> 244723.67 | M61: 5657.82
B62: Selagem de Trincas | C62: 4392.73 | D62: 12782.844 | E62: 0 | F62: 0 | G62: 12782.844 | H62: 4392.73 | I62: =H62*$I$1 -> 1449.6009
B63: Remendo | C63: 118734.44 | D63: 11879381 | E63: 0 | F63: 0 | G63: 11879381 | H63: 118734.44 | I63: =H63*$I$1 -> 39182.367
B64: Remendo profundo | C64: 27489.11 | D64: 3175542 | E64: 0 | F64: 0 | G64: 3175542 | H64: 27489.11 | I64: =H64*$I$1 -> 9071.4063
B65: Recapeamento (5 cm) | C65: 92271.83 | D65: 4210363.6 | E65: 0 | F65: 0 | G65: 4210363.6 | H65: 92271.83 | I65: =H65*$I$1 -> 30449.704
B66: Recap. (5 cm) + remendo prof. | C66: 25905.76 | D66: 1581546.6 | E66: 9276.75 | F66: 566345.59 | G66: 2147892.2 | H66: 35182.51 | I66: =H66*$I$1 -> 11610.228
B67: Recap. (7,5 cm) + remendo prof. | C67: 526.615 | D67: 44204.063 | E67: 212885.29 | F67: 17869591 | G67: 17913795 | H67: 213411.9 | I67: =H67*$I$1 -> 70425.928
B68: Recap. (10 cm) + remendo prof. | C68: 124.425 | D68: 13787.534 | E68: 40374.34 | F68: 4473880.6 | G68: 4487668.1 | H68: 40498.765 | I68: =H68*$I$1 -> 13364.592
B69: Reconstrução (5 cm) | C69: 2574.405 | D69: 207934.69 | E69: 0 | F69: 0 | G69: 207934.69 | H69: 2574.405 | I69: =H69*$I$1 -> 849.55365
B70: Reconstrução (7,5 cm) | C70: 0 | D70: 0 | E70: 0 | F70: 0 | G70: 0 | H70: 0 | I70: =H70*$I$1 -> 0
B71: Reconstrução (10 cm) | C71: 0 | D71: 0 | E71: 0 | F71: 0 | G71: 0 | H71: 0 | I71: =H71*$I$1 -> 0
B72: Baia de ônibus | C72: 0 | D72: 0 | E72: 4121.95 | F72: 676741.75 | G72: 676741.75 | H72: 4121.95 | I72: =H72*$I$1 -> 1360.2435
B73: TOTAL: | C73: 2496780 | D73: 36187172 | E73: 266658.33 | F73: 23586559 | G73: 59773731 | H73: 2763438.3 | I73: =SUM(I59:I72) -> 911934.64
B76: LOTE 5 - Guará, Cruzeiro, Sudoeste/Octogonal, SIA
B77: Atividade de M&R | C77: Área SGPU (m²) | D77: Custo estimado | E77: Área Projetos (m²) | F77: Custo estimado | G77: CUSTO TOTAL | H77: ÁREA TOTAL (m²) | I77: ÁREA TOTAL PARA UM ANO
B78: Lama Asfáltica | C78: 510987.1 | D78: 1231478.9 | E78: 0 | F78: 0 | G78: 1231478.9 | H78: 510987.1 | I78: =H78*$I$1 -> 168625.74
B79: Capa Selante | C79: 510987.1 | D79: 1405214.5 | E79: 0 | F79: 0 | G79: 1405214.5 | H79: 510987.1 | I79: =H79*$I$1 -> 168625.74 | M79: 1147166.2
B80: Microrrevestimento | C80: 510987.1 | D80: 7741454.5 | E80: 0 | F80: 0 | G80: 7741454.5 | H80: 510987.1 | I80: =H80*$I$1 -> 168625.74 | M80: 0
B81: Selagem de Trincas | C81: 1136.14 | D81: 3306.1674 | E81: 0 | F81: 0 | G81: 3306.1674 | H81: 1136.14 | I81: =H81*$I$1 -> 374.9262 | M81: 3620.5
B82: Remendo | C82: 63111.28 | D82: 6314283.6 | E82: 0 | F82: 0 | G82: 6314283.6 | H82: 63111.28 | I82: =H82*$I$1 -> 20826.722
B83: Remendo profundo | C83: 14700.54 | D83: 1698206.4 | E83: 0 | F83: 0 | G83: 1698206.4 | H83: 14700.54 | I83: =H83*$I$1 -> 4851.1782
B84: Recapeamento (5 cm) | C84: 6298.66 | D84: 287407.86 | E84: 17691.788 | F84: 807276.26 | G84: 1094684.1 | H84: 23990.448 | I84: =H84*$I$1 -> 7916.8477
B85: Recap. (5 cm) + remendo prof. | C85: 34445.92 | D85: 2102923.4 | E85: 45979.827 | F85: 2807068.5 | G85: 4909991.9 | H85: 80425.747 | I85: =H85*$I$1 -> 26540.497
B86: Recap. (7,5 cm) + remendo prof. | C86: 3330.55 | D86: 279566.37 | E86: 195892.23 | F86: 16443194 | G86: 16722760 | H86: 199222.78 | I86: =H86*$I$1 -> 65743.518
B87: Recap. (10 cm) + remendo prof. | C87: 615.3 | D87: 68181.393 | E87: 36243.025 | F87: 4016089.6 | G87: 4084271 | H87: 36858.325 | I87: =H87*$I$1 -> 12163.247
B88: Reconstrução (5 cm) | C88: 492.315 | D88: 39764.283 | E88: 13322.213 | F88: 1076035.1 | G88: 1115799.4 | H88: 13814.528 | I88: =H88*$I$1 -> 4558.7941
B89: Reconstrução (7,5 cm) | C89: 0 | D89: 0 | E89: 77255.055 | F89: 8551362 | G89: 8551362 | H89: 77255.055 | I89: =H89*$I$1 -> 25494.168
B90: Reconstrução (10 cm) | C90: 0 | D90: 0 | E90: 26912.025 | F90: 4074480.6 | G90: 4074480.6 | H90: 26912.025 | I90: =H90*$I$1 -> 8880.9683
B91: Baia de ônibus | C91: 0 | D91: 0 | E91: 6408.52 | F91: 1052150.8 | G91: 1052150.8 | H91: 6408.52 | I91: =H91*$I$1 -> 2114.8116
B92: TOTAL: | C92: 1657092 | D92: 21171787 | E92: 419704.69 | F92: 38827657 | G92: 59999444 | H92: 2076796.7 | I92: =SUM(I78:I91) -> 685342.91
B94: LOTE 6 - Gama, Santa Maria
B95: Atividade de M&R | C95: Área SGPU (m²) | D95: Custo estimado | E95: Área Projetos (m²) | F95: Custo estimado | G95: CUSTO TOTAL | H95: ÁREA TOTAL (m²) | I95: ÁREA TOTAL PARA UM ANO
B96: Lama Asfáltica | C96: 582755.15 | D96: 1404439.9 | E96: 0 | F96: 0 | G96: 1404439.9 | H96: 582755.15 | I96: =H96*$I$1 -> 192309.2
B97: Capa Selante | C97: 582755.15 | D97: 1602576.7 | E97: 0 | F97: 0 | G97: 1602576.7 | H97: 582755.15 | I97: =H97*$I$1 -> 192309.2 | M97: 2636733
B98: Microrrevestimento | C98: 582755.15 | D98: 8828740.5 | E98: 0 | F98: 0 | G98: 8828740.5 | H98: 582755.15 | I98: =H98*$I$1 -> 192309.2 | M98: 0
B99: Selagem de Trincas | C99: 6252.005 | D99: 18193.335 | E99: 0 | F99: 0 | G99: 18193.335 | H99: 6252.005 | I99: =H99*$I$1 -> 2063.1617 | M99: 24374.2
B100: Remendo | C100: 39594.02 | D100: 3961381.7 | E100: 0 | F100: 0 | G100: 3961381.7 | H100: 39594.02 | I100: =H100*$I$1 -> 13066.027
B101: Remendo profundo | C101: 10117.94 | D101: 1168824.4 | E101: 0 | F101: 0 | G101: 1168824.4 | H101: 10117.94 | I101: =H101*$I$1 -> 3338.9202
B102: Recapeamento (5 cm) | C102: 14090.2 | D102: 642935.83 | E102: 56972.04 | F102: 2599634.2 | G102: 3242570 | H102: 71062.24 | I102: =H102*$I$1 -> 23450.539
B103: Recap. (5 cm) + remendo prof. | C103: 16391.455 | D103: 1000698.3 | E103: 4776.9375 | F103: 291632.03 | G103: 1292330.4 | H103: 21168.392 | I103: =H103*$I$1 -> 6985.5695
B104: Recap. (7,5 cm) + remendo prof. | C104: 917.215 | D104: 76991.027 | E104: 167689.43 | F104: 14075851 | G104: 14152842 | H104: 168606.65 | I104: =H104*$I$1 -> 55640.194
B105: Recap. (10 cm) + remendo prof. | C105: 1605.415 | D105: 177896.04 | E105: 21908.063 | F105: 2427632.4 | G105: 2605528.4 | H105: 23513.478 | I105: =H105*$I$1 -> 7759.4476
B106: Reconstrução (5 cm) | C106: 1455.83 | D106: 117587.39 | E106: 0 | F106: 0 | G106: 117587.39 | H106: 1455.83 | I106: =H106*$I$1 -> 480.4239
B107: Reconstrução (7,5 cm) | C107: 0 | D107: 0 | E107: 21091.645 | F107: 2334634.2 | G107: 2334634.2 | H107: 21091.645 | I107: =H107*$I$1 -> 6960.2429
...

Sheet RESUMO DAS ATIVIDADES - NORMAL
C1: RESUMO DAS ATIVIDADES
G2: BDI
C3: =capa!A22 -> SEM DESONERAÇÃO | G3: ='ESTIMATIVA DE PREÇOS'!C47 -> 0.182
C5: =capa!A15 -> LOTE 3 - Asa Norte
C6: MANUTENÇÃO DE VIAS
B7: CÓDIGO | C7: DESCRIÇÃO | D7: NORMAL | E7: normal | F7: NORMAL COM BDI | G7: CUSTO/ m2 NORMAL
A9: 35 | B9: 1.A | C9: MICRORREVESTIMENTO | D9: ='ESTIMATIVA DE PREÇOS'!#REF! -> #REF! | E9: =D9-E10 -> #REF! | F9: =E9*(1+$G$3)+E10 -> #REF! | G9: ='ESTIMATIVA DE PREÇOS'!#REF! -> #REF!
E10: ='ESTIMATIVA DE PREÇOS'!#REF! -> #REF!
A11: 32 | B11: 1.B | C11: CAPA SELANTE | D11: ='ESTIMATIVA DE PREÇOS'!#REF! -> #REF! | E11: =D11-E12 -> #REF! | F11: =E11*(1+$G$3)+E12 -> #REF! | G11: ='ESTIMATIVA DE PREÇOS'!#REF! -> #REF!
E12: ='ESTIMATIVA DE PREÇOS'!#REF! -> #REF!
A13: 34 | B13: 1.C | C13: LAMA ASFÁLTICA | D13: ='ESTIMATIVA DE PREÇOS'!#REF! -> #REF! | E13: =D13-E14 -> #REF! | F13: =E13*(1+$G$3)+E14 -> #REF! | G13: ='ESTIMATIVA DE PREÇOS'!#REF! -> #REF!
E14: ='ESTIMATIVA DE PREÇOS'!#REF! -> #REF!
A15: 8 | B15: 2.A | C15: SELAGEM DE TRINCAS | D15: ='ESTIMATIVA DE PREÇOS'!#REF! -> #REF! | E15: =D15-E16 -> #REF! | F15: =E15*(1+$G$3)+E16 -> #REF! | G15: ='ESTIMATIVA DE PREÇOS'!#REF! -> #REF!
E16: ='ESTIMATIVA DE PREÇOS'!#REF! -> #REF!
A17: 29 | B17: 2.B | C17: TAPA BURACO (inclui COLOCAÇÃO E COMPACTAÇÃO DO CBUQ) | D17: ='ESTIMATIVA DE PREÇOS'!#REF! -> #REF! | E17: =D17-E18 -> #REF! | F17: =E17*(1+$G$3)+E18 -> #REF! | G17: ='ESTIMATIVA DE PREÇOS'!#REF! -> #REF!
E18: ='ESTIMATIVA DE PREÇOS'!#REF!+'ESTIMATIVA DE PREÇOS'!#REF! -> #REF!
A19: 19 | B19: 2.C | C19: REMENDO PROFUNDO | D19: ='ESTIMATIVA DE PREÇOS'!#REF! -> #REF! | E19: =D19-E20 -> #REF! | F19: =E19*(1+$G$3)+E20 -> #REF! | G19: ='ESTIMATIVA DE PREÇOS'!#REF! -> #REF!
E20: ='ESTIMATIVA DE PREÇOS'!#REF!+'ESTIMATIVA DE PREÇOS'!#REF! -> #REF!
A21: 31 | B21: 3.A | C21: FRESAGEM CONTÍNUA COM RECOMPOSIÇÃO DA CAPA (5 cm) | D21: ='ESTIMATIVA DE PREÇOS'!#REF! -> #REF! | E21: =D21-E22 -> #REF! | F21: =E21*(1+$G$3)+E22 -> #REF! | G21: ='ESTIMATIVA DE PREÇOS'!#REF! -> #REF!
E22: ='ESTIMATIVA DE PREÇOS'!#REF!+'ESTIMATIVA DE PREÇOS'!#REF! -> #REF!
A23: 7 | B23: 3.B | C23: FRESAGEM DESCONTÍNUA COM RECOMPOSIÇÃO DA CAPA (5 cm)+ MICRORREVESTIMENTO | D23: ='ESTIMATIVA DE PREÇOS'!#REF! -> #REF! | E23: =D23-E24 -> #REF! | F23: =E23*(1+$G$3)+E24 -> #REF! | G23: ='ESTIMATIVA DE PREÇOS'!#REF! -> #REF!
E24: ='ESTIMATIVA DE PREÇOS'!#REF!+'ESTIMATIVA DE PREÇOS'!F26+'ESTIMATIVA DE PREÇOS'!F21 -> #REF!
A25: 17 | B25: 4.A-L | C25: FRESAGEM CONTÍNUA + RECOMPOSIÇÃO DA CAPA (5 cm) + REMENDO PROFUNDO | D25: ='ESTIMATIVA DE PREÇOS'!#REF! -> #REF! | E25: =D25-E26 -> #REF! | F25: =E25*(1+$G$3)+E26 -> #REF! | G25: ='ESTIMATIVA DE PREÇOS'!#REF! -> #REF!
E26: ='ESTIMATIVA DE PREÇOS'!#REF!+'ESTIMATIVA DE PREÇOS'!#REF!+'ESTIMATIVA DE PREÇOS'!#REF! -> #REF!
A27: 27 | B27: 4.A-M | C27: FRESAGEM CONTÍNUA + RECOMPOSIÇÃO DA CAPA (7,5 cm) + REMENDO PROFUNDO | D27: ='ESTIMATIVA DE PREÇOS'!#REF! -> #REF! | E27: =D27-E28 -> #REF! | F27: =E27*(1+$G$3)+E28 -> #REF! | G27: ='ESTIMATIVA DE PREÇOS'!#REF! -> #REF!
E28: ='ESTIMATIVA DE PREÇOS'!#REF!+'ESTIMATIVA DE PREÇOS'!#REF!+'ESTIMATIVA DE PREÇOS'!#REF! -> #REF!
A29: 30 | B29: 4.A-P | C29: FRESAGEM CONTÍNUA + RECOMPOSIÇÃO DA CAPA (10 cm)+ REMENDO PROFUNDO | D29: ='ESTIMATIVA DE PREÇOS'!#REF! -> #REF! | E29: =D29-E30 -> #REF! | F29: =E29*(1+$G$3)+E30 -> #REF! | G29: ='ESTIMATIVA DE PREÇOS'!#REF! -> #REF!
E30: ='ESTIMATIVA DE PREÇOS'!#REF!+'ESTIMATIVA DE PREÇOS'!#REF!+'ESTIMATIVA DE PREÇOS'!#REF!+'ESTIMATIVA DE PREÇOS'!#REF!+'ESTIMATIVA DE PREÇOS'!#REF! -> #REF!
A31: 22 | B31: 4.B-L | C31: FRESAGEM DESCONTÍNUA + RECOMPOSIÇÃO DA CAPA (5 cm) + REMENDO PROFUNDO + MICRORREVESTIMENTO | D31: ='ESTIMATIVA DE PREÇOS'!#REF! -> #REF! | E31: =D31-E32 -> #REF! | F31: =E31*(1+$G$3)+E32 -> #REF! | G31: ='ESTIMATIVA DE PREÇOS'!#REF! -> #REF!
E32: ='ESTIMATIVA DE PREÇOS'!#REF!+'ESTIMATIVA DE PREÇOS'!#REF!+'ESTIMATIVA DE PREÇOS'!#REF!+'ESTIMATIVA DE PREÇOS'!#REF! -> #REF!
A33: 21 | B33: 4.B-M | C33: FRESAGEM DESCONTÍNUA + RECOMPOSIÇÃO DA CAPA (7,5 cm)+ REMENDO PROFUNDO + MICRORREVESTIMENTO | D33: ='ESTIMATIVA DE PREÇOS'!#REF! -> #REF! | E33: =D33-E34 -> #REF! | F33: =E33*(1+$G$3)+E34 -> #REF! | G33: ='ESTIMATIVA DE PREÇOS'!#REF! -> #REF!
E34: ='ESTIMATIVA DE PREÇOS'!#REF!+'ESTIMATIVA DE PREÇOS'!#REF!+'ESTIMATIVA DE PREÇOS'!#REF!+'ESTIMATIVA DE PREÇOS'!#REF! -> #REF!
A35: 25 | B35: 4.B-P | C35: FRESAGEM DESCONTÍNUA + RECOMPOSIÇÃO DA CAPA (10 cm) + REMENDO PROFUNDO + MICRORREVESTIMENTO | D35: ='ESTIMATIVA DE PREÇOS'!#REF! -> #REF! | E35: =D35-E36 -> #REF! | F35: =E35*(1+$G$3)+E36 -> #REF! | G35: ='ESTIMATIVA DE PREÇOS'!#REF! -> #REF!
E36: ='ESTIMATIVA DE PREÇOS'!#REF!+'ESTIMATIVA DE PREÇOS'!#REF!+'ESTIMATIVA DE PREÇOS'!#REF!+'ESTIMATIVA DE PREÇOS'!#REF!+'ESTIMATIVA DE PREÇOS'!#REF!+'ESTIMATIVA DE PREÇOS'!#REF! -> #REF!
A37: 15 | B37: 5.A.L | C37: RECICLAGEM (capa de 5 cm) | D37: ='ESTIMATIVA DE PREÇOS'!#REF! -> #REF! | E37: =D37-E38 -> #REF! | F37: =E37*(1+$G$3)+E38 -> #REF! | G37: ='ESTIMATIVA DE PREÇOS'!#REF! -> #REF!
E38: ='ESTIMATIVA DE PREÇOS'!#REF!+'ESTIMATIVA DE PREÇOS'!#REF! -> #REF!
A39: 20 | B39: 5.A.M | C39: RECICLAGEM (capa de 7,5 cm) | D39: ='ESTIMATIVA DE PREÇOS'!#REF! -> #REF! | E39: =D39-E40 -> #REF! | F39: =E39*(1+$G$3)+E40 -> #REF! | G39: ='ESTIMATIVA DE PREÇOS'!#REF! -> #REF!
E40: ='ESTIMATIVA DE PREÇOS'!#REF!+'ESTIMATIVA DE PREÇOS'!#REF! -> #REF!
A41: 11 | B41: 5.A.P | C41: RECICLAGEM (capa de 10 cm) | D41: ='ESTIMATIVA DE PREÇOS'!#REF! -> #REF! | E41: =D41-E42 -> #REF! | F41: =E41*(1+$G$3)+E42 -> #REF! | G41: ='ESTIMATIVA DE PREÇOS'!#REF! -> #REF!
E42: ='ESTIMATIVA DE PREÇOS'!#REF!+'ESTIMATIVA DE PREÇOS'!#REF!+'ESTIMATIVA DE PREÇOS'!#REF!+'ESTIMATIVA DE PREÇOS'!#REF!+'ESTIMATIVA DE PREÇOS'!#REF! -> #REF!
A43: 12 | B43: 5.B.L | C43: RECONSTRUÇÃO DE PAVIMENTO (5 cm) COM REAPROVEITAMENTO PARCIAL DO SOLO LOCAL | D43: ='ESTIMATIVA DE PREÇOS'!#REF! -> #REF! | E43: =D43-E44 -> #REF! | F43: =E43*(1+$G$3)+E44 -> #REF! | G43: ='ESTIMATIVA DE PREÇOS'!#REF! -> #REF!
E44: ='ESTIMATIVA DE PREÇOS'!#REF!+'ESTIMATIVA DE PREÇOS'!#REF! -> #REF!
A45: 2 | B45: 5.B.M | C45: RECONSTRUÇÃO DE PAVIMENTO (7,5 cm) - COM REAPROVEITAMENTO PARCIAL DO SOLO LOCAL | D45: ='ESTIMATIVA DE PREÇOS'!#REF! -> #REF! | E45: =D45-E46 -> #REF! | F45: =E45*(1+$G$3)+E46 -> #REF! | G45: ='ESTIMATIVA DE PREÇOS'!#REF! -> #REF!
E46: ='ESTIMATIVA DE PREÇOS'!#REF!+'ESTIMATIVA DE PREÇOS'!#REF! -> #REF!
A47: 6 | B47: 5.B.P | C47: RECONSTRUÇÃO DE PAVIMENTO (10 cm) - COM REAPROVEITAMENTO PARCIAL DO SOLO LOCAL | D47: ='ESTIMATIVA DE PREÇOS'!#REF! -> #REF! | E47: =D47-E48 -> #REF! | F47: =E47*(1+$G$3)+E48 -> #REF! | G47: ='ESTIMATIVA DE PREÇOS'!#REF! -> #REF!
E48: ='ESTIMATIVA DE PREÇOS'!#REF!+'ESTIMATIVA DE PREÇOS'!#REF!+'ESTIMATIVA DE PREÇOS'!#REF!+'ESTIMATIVA DE PREÇOS'!#REF! -> #REF!
A49: 3 | C49: BAIA DE ÔNIBUS | D49: ='ESTIMATIVA DE PREÇOS'!#REF! -> #REF! | F49: =D49*(1+$G$3) -> #REF! | G49: ='ESTIMATIVA DE PREÇOS'!#REF! -> #REF!
C50: SERVIÇOS ADICIONAIS
C51: NIVELAMENTO DE PV | D51: ='ESTIMATIVA DE PREÇOS'!#REF! -> #REF! | F51: =D51*(1+$G$3) -> #REF! | G51: 95.87
C53: EXECUÇÃO DE BOCA DE LOBO SIMPLES E DUPLA | D53: ='ESTIMATIVA DE PREÇOS'!#REF!+'ESTIMATIVA DE PREÇOS'!#REF! -> #REF! | F53: =D53*(1+$G$3) -> #REF!
C55: EXECUÇÃO DE SARJETA | D55: ='ESTIMATIVA DE PREÇOS'!#REF! -> #REF! | F55: =D55*(1+$G$3) -> #REF! | G55: 45.024
C57: EXECUÇÃO DE MEIO-FIO | D57: ='ESTIMATIVA DE PREÇOS'!#REF! -> #REF! | F57: =D57*(1+$G$3) -> #REF! | G57: 33.55
C59: COSTRUÇÃO DE QUEBRA MOLAS | D59: ='ESTIMATIVA DE PREÇOS'!#REF!+'ESTIMATIVA DE PREÇOS'!#REF! -> #REF! | E59: =D59-E60 -> #REF! | F59: =E59*(1+$G$3)+E60 -> #REF! | G59: 161.76964
E60: ='ESTIMATIVA DE PREÇOS'!#REF!+'ESTIMATIVA DE PREÇOS'!#REF!+'ESTIMATIVA DE PREÇOS'!#REF!+'ESTIMATIVA DE PREÇOS'!#REF! -> #REF!
C61: DEMOLIÇÃO DE MEIO-FIO | D61: ='ESTIMATIVA DE PREÇOS'!#REF! -> #REF! | F61: =D61*(1+$G$3) -> #REF! | G61: 4.07828
C63: DEMOLIÇÃO E RECOMPOSIÇÃO DE CALÇADA E RAMPAS DE ACESSIBILIDADE EM CONCRETO | D63: ='ESTIMATIVA DE PREÇOS'!#REF! -> #REF! | F63: =D63*(1+$G$3) -> #REF! | G63: 41.653649
C65: SINALIZACAO DO CANTEIRO DE OBRAS | D65: ='ESTIMATIVA DE PREÇOS'!F35 -> 29941.76 | F65: =D65*(1+$G$3) -> 35391.16 | G65: 13.785
C67: SINALIZAÇÃO DE TRÂNSITO NOTURNA | D67: ='ESTIMATIVA DE PREÇOS'!#REF! -> #REF! | F67: =D67*(1+$G$3) -> #REF! | G67: 2.5
C69: SINALIZAÇÃO VIÁRIA | D69: ='ESTIMATIVA DE PREÇOS'!#REF! -> #REF! | F69: =D69*(1+$G$3) -> #REF!
C71: PROJETO DE PAVIMENTO | D71: ='ESTIMATIVA DE PREÇOS'!#REF! -> #REF! | F71: =D71*(1+$G$3) -> #REF!
C73: ADMINISTRAÇÃO LOCAL (3 anos) | D73: ='CCU - ADM LOCAL'!F16 -> 104252.76 | F73: =D73*(1+$G$3) -> 123226.77
C75: SOMA DOS SERVIÇOS NORMAL | F75: =SUM(F8:F74) -> #REF!
C76: % COM RELAÇÃO AO TOTAL DO LOTE | F76: =F75/'ESTIMATIVA DE PREÇOS'!F55 -> #REF!
F79: =F76+'RESUMO DAS ATIVIDADES - DOMINGO'!F76+'RESUMO DAS ATIVIDADES - SÁBADO'!F76 -> #REF!

Sheet RESUMO DAS ATIVIDADES - DOMINGO
C1: RESUMO DAS ATIVIDADES
G2: BDI
C3: =capa!A22 -> SEM DESONERAÇÃO | G3: ='ESTIMATIVA DE PREÇOS'!C47 -> 0.182
C5: =capa!A15 -> LOTE 3 - Asa Norte
C6: MANUTENÇÃO DE VIAS
B7: CÓDIGO | C7: DESCRIÇÃO | D7: DOMINGO | F7: DOMINGO COM BDI
A9: 35 | B9: 1.A | C9: MICRORREVESTIMENTO | D9: ='ESTIMATIVA DE PREÇOS'!#REF! -> #REF! | E9: =D9-E10 -> #REF! | F9: =E9*(1+$G$3)+E10 -> #REF!
E10: ='ESTIMATIVA DE PREÇOS'!#REF! -> #REF!
A11: 32 | B11: 1.B | C11: CAPA SELANTE | D11: ='ESTIMATIVA DE PREÇOS'!#REF! -> #REF! | E11: =D11-E12 -> #REF! | F11: =E11*(1+$G$3)+E12 -> #REF!
E12: ='ESTIMATIVA DE PREÇOS'!#REF! -> #REF!
A13: 34 | B13: 1.C | C13: LAMA ASFÁLTICA | D13: ='ESTIMATIVA DE PREÇOS'!#REF! -> #REF! | E13: =D13-E14 -> #REF! | F13: =E13*(1+$G$3)+E14 -> #REF!
E14: ='ESTIMATIVA DE PREÇOS'!#REF! -> #REF!
A15: 8 | B15: 2.A | C15: SELAGEM DE TRINCAS | D15: ='ESTIMATIVA DE PREÇOS'!#REF! -> #REF! | E15: =D15-E16 -> #REF! | F15: =E15*(1+$G$3)+E16 -> #REF!
E16: ='ESTIMATIVA DE PREÇOS'!#REF! -> #REF!
A17: 29 | B17: 2.B | C17: TAPA BURACO (inclui COLOCAÇÃO E COMPACTAÇÃO DO CBUQ) | D17: ='ESTIMATIVA DE PREÇOS'!#REF! -> #REF! | E17: =D17-E18 -> #REF! | F17: =E17*(1+$G$3)+E18 -> #REF!
E18: ='ESTIMATIVA DE PREÇOS'!#REF!+'ESTIMATIVA DE PREÇOS'!#REF! -> #REF!
A19: 19 | B19: 2.C | C19: REMENDO PROFUNDO | D19: ='ESTIMATIVA DE PREÇOS'!#REF! -> #REF! | E19: =D19-E20 -> #REF! | F19: =E19*(1+$G$3)+E20 -> #REF!
E20: ='ESTIMATIVA DE PREÇOS'!#REF!+'ESTIMATIVA DE PREÇOS'!#REF! -> #REF!
A21: 31 | B21: 3.A | C21: FRESAGEM CONTÍNUA COM RECOMPOSIÇÃO DA CAPA (5 cm) | D21: ='ESTIMATIVA DE PREÇOS'!#REF! -> #REF! | E21: =D21-E22 -> #REF! | F21: =E21*(1+$G$3)+E22 -> #REF!
E22: ='ESTIMATIVA DE PREÇOS'!#REF!+'ESTIMATIVA DE PREÇOS'!#REF! -> #REF!
A23: 7 | B23: 3.B | C23: FRESAGEM DESCONTÍNUA COM RECOMPOSIÇÃO DA CAPA (5 cm)+ MICRORREVESTIMENTO | D23: ='ESTIMATIVA DE PREÇOS'!#REF! -> #REF! | E23: =D23-E24 -> #REF! | F23: =E23*(1+$G$3)+E24 -> #REF!
E24: ='ESTIMATIVA DE PREÇOS'!#REF! -> #REF!
A25: 17 | B25: 4.A-L | C25: FRESAGEM CONTÍNUA + RECOMPOSIÇÃO DA CAPA (5 cm) + REMENDO PROFUNDO | D25: ='ESTIMATIVA DE PREÇOS'!#REF! -> #REF! | E25: =D25-E26 -> #REF! | F25: =E25*(1+$G$3)+E26 -> #REF!
E26: ='ESTIMATIVA DE PREÇOS'!#REF!+'ESTIMATIVA DE PREÇOS'!#REF!+'ESTIMATIVA DE PREÇOS'!#REF! -> #REF!
A27: 27 | B27: 4.A-M | C27: FRESAGEM CONTÍNUA + RECOMPOSIÇÃO DA CAPA (7,5 cm) + REMENDO PROFUNDO | D27: ='ESTIMATIVA DE PREÇOS'!#REF! -> #REF! | E27: =D27-E28 -> #REF! | F27: =E27*(1+$G$3)+E28 -> #REF!
E28: ='ESTIMATIVA DE PREÇOS'!#REF!+'ESTIMATIVA DE PREÇOS'!#REF!+'ESTIMATIVA DE PREÇOS'!#REF! -> #REF!
A29: 30 | B29: 4.A-P | C29: FRESAGEM CONTÍNUA + RECOMPOSIÇÃO DA CAPA (10 cm)+ REMENDO PROFUNDO | D29: ='ESTIMATIVA DE PREÇOS'!#REF! -> #REF! | E29: =D29-E30 -> #REF! | F29: =E29*(1+$G$3)+E30 -> #REF!
E30: ='ESTIMATIVA DE PREÇOS'!#REF!+'ESTIMATIVA DE PREÇOS'!#REF!+'ESTIMATIVA DE PREÇOS'!#REF!+'ESTIMATIVA DE PREÇOS'!#REF!+'ESTIMATIVA DE PREÇOS'!#REF! -> #REF!
A31: 22 | B31: 4.B-L | C31: FRESAGEM DESCONTÍNUA + RECOMPOSIÇÃO DA CAPA (5 cm) + REMENDO PROFUNDO + MICRORREVESTIMENTO | D31: ='ESTIMATIVA DE PREÇOS'!#REF! -> #REF! | E31: =D31-E32 -> #REF! | F31: =E31*(1+$G$3)+E32 -> #REF!
E32: ='ESTIMATIVA DE PREÇOS'!#REF!+'ESTIMATIVA DE PREÇOS'!#REF!+'ESTIMATIVA DE PREÇOS'!#REF!+'ESTIMATIVA DE PREÇOS'!#REF! -> #REF!
A33: 21 | B33: 4.B-M | C33: FRESAGEM DESCONTÍNUA + RECOMPOSIÇÃO DA CAPA (7,5 cm)+ REMENDO PROFUNDO + MICRORREVESTIMENTO | D33: ='ESTIMATIVA DE PREÇOS'!#REF! -> #REF! | E33: =D33-E34 -> #REF! | F33: =E33*(1+$G$3)+E34 -> #REF!
E34: ='ESTIMATIVA DE PREÇOS'!#REF!+'ESTIMATIVA DE PREÇOS'!#REF!+'ESTIMATIVA DE PREÇOS'!#REF!+'ESTIMATIVA DE PREÇOS'!#REF! -> #REF!
A35: 25 | B35: 4.B-P | C35: FRESAGEM DESCONTÍNUA + RECOMPOSIÇÃO DA CAPA (10 cm) + REMENDO PROFUNDO + MICRORREVESTIMENTO | D35: ='ESTIMATIVA DE PREÇOS'!#REF! -> #REF! | E35: =D35-E36 -> #REF! | F35: =E35*(1+$G$3)+E36 -> #REF!
E36: ='ESTIMATIVA DE PREÇOS'!#REF!+'ESTIMATIVA DE PREÇOS'!#REF!+'ESTIMATIVA DE PREÇOS'!#REF!+'ESTIMATIVA DE PREÇOS'!#REF!+'ESTIMATIVA DE PREÇOS'!#REF!+'ESTIMATIVA DE PREÇOS'!#REF! -> #REF!
A37: 15 | B37: 5.A.L | C37: RECICLAGEM (capa de 5 cm) | D37: ='ESTIMATIVA DE PREÇOS'!#REF! -> #REF! | E37: =D37-E38 -> #REF! | F37: =E37*(1+$G$3)+E38 -> #REF!
E38: ='ESTIMATIVA DE PREÇOS'!#REF!+'ESTIMATIVA DE PREÇOS'!#REF! -> #REF!
A39: 20 | B39: 5.A.M | C39: RECICLAGEM (capa de 7,5 cm) | D39: ='ESTIMATIVA DE PREÇOS'!#REF! -> #REF! | E39: =D39-E40 -> #REF! | F39: =E39*(1+$G$3)+E40 -> #REF!
E40: ='ESTIMATIVA DE PREÇOS'!#REF!+'ESTIMATIVA DE PREÇOS'!#REF! -> #REF!
A41: 11 | B41: 5.A.P | C41: RECICLAGEM (capa de 10 cm) | D41: ='ESTIMATIVA DE PREÇOS'!#REF! -> #REF! | E41: =D41-E42 -> #REF! | F41: =E41*(1+$G$3)+E42 -> #REF!
E42: ='ESTIMATIVA DE PREÇOS'!#REF!+'ESTIMATIVA DE PREÇOS'!#REF!+'ESTIMATIVA DE PREÇOS'!#REF!+'ESTIMATIVA DE PREÇOS'!#REF!+'ESTIMATIVA DE PREÇOS'!#REF! -> #REF!
A43: 12 | B43: 5.B.L | C43: RECONSTRUÇÃO DE PAVIMENTO (5 cm) COM REAPROVEITAMENTO PARCIAL DO SOLO LOCAL | D43: ='ESTIMATIVA DE PREÇOS'!#REF! -> #REF! | E43: =D43-E44 -> #REF! | F43: =E43*(1+$G$3)+E44 -> #REF!
E44: ='ESTIMATIVA DE PREÇOS'!#REF!+'ESTIMATIVA DE PREÇOS'!#REF! -> #REF!
A45: 2 | B45: 5.B.M | C45: RECONSTRUÇÃO DE PAVIMENTO (7,5 cm) - COM REAPROVEITAMENTO PARCIAL DO SOLO LOCAL | D45: ='ESTIMATIVA DE PREÇOS'!#REF! -> #REF! | E45: =D45-E46 -> #REF! | F45: =E45*(1+$G$3)+E46 -> #REF!
E46: ='ESTIMATIVA DE PREÇOS'!#REF!+'ESTIMATIVA DE PREÇOS'!#REF! -> #REF!
A47: 6 | B47: 5.B.P | C47: RECONSTRUÇÃO DE PAVIMENTO (10 cm) - COM REAPROVEITAMENTO PARCIAL DO SOLO LOCAL | D47: ='ESTIMATIVA DE PREÇOS'!#REF! -> #REF! | E47: =D47-E48 -> #REF! | F47: =E47*(1+$G$3)+E48 -> #REF!
E48: ='ESTIMATIVA DE PREÇOS'!#REF!+'ESTIMATIVA DE PREÇOS'!#REF!+'ESTIMATIVA DE PREÇOS'!#REF!+'ESTIMATIVA DE PREÇOS'!#REF! -> #REF!
A49: 3 | C49: BAIA DE ÔNIBUS | D49: ='ESTIMATIVA DE PREÇOS'!#REF! -> #REF! | F49: =D49*(1+$G$3) -> #REF!
C50: SERVIÇOS ADICIONAIS
C51: NIVELAMENTO DE PV | D51: ='ESTIMATIVA DE PREÇOS'!#REF! -> #REF! | F51: =D51*(1+$G$3) -> #REF!
C53: EXECUÇÃO DE BOCA DE LOBO SIMPLES E DUPLA | D53: ='ESTIMATIVA DE PREÇOS'!#REF!+'ESTIMATIVA DE PREÇOS'!#REF! -> #REF! | F53: =D53*(1+$G$3) -> #REF!
C55: EXECUÇÃO DE SARJETA | D55: ='ESTIMATIVA DE PREÇOS'!#REF! -> #REF! | F55: =D55*(1+$G$3) -> #REF!
C57: EXECUÇÃO DE MEIO-FIO | D57: ='ESTIMATIVA DE PREÇOS'!#REF! -> #REF! | F57: =D57*(1+$G$3) -> #REF!
C59: COSTRUÇÃO DE QUEBRA MOLAS | D59: ='ESTIMATIVA DE PREÇOS'!#REF!+'ESTIMATIVA DE PREÇOS'!#REF! -> #REF! | E59: =D59-E60 -> #REF! | F59: =E59*(1+$G$3)+E60 -> #REF!
E60: ='ESTIMATIVA DE PREÇOS'!#REF!+'ESTIMATIVA DE PREÇOS'!#REF!+'ESTIMATIVA DE PREÇOS'!#REF!+'ESTIMATIVA DE PREÇOS'!#REF! -> #REF!
C61: DEMOLIÇÃO DE MEIO-FIO | D61: ='ESTIMATIVA DE PREÇOS'!#REF! -> #REF! | F61: =D61*(1+$G$3) -> #REF!
C63: DEMOLIÇÃO E RECOMPOSIÇÃO DE CALÇADAE RAMPAS DE ACESSIBILIDADE EM CONCRETO | D63: ='ESTIMATIVA DE PREÇOS'!#REF! -> #REF! | F63: =D63*(1+$G$3) -> #REF!
C65: SINALIZACAO DO CANTEIRO DE OBRAS | D65: ='ESTIMATIVA DE PREÇOS'!#REF! -> #REF! | F65: =D65*(1+$G$3) -> #REF!
C67: SINALIZAÇÃO DE TRÂNSITO NOTURNA | D67: ='ESTIMATIVA DE PREÇOS'!#REF! -> #REF! | F67: =D67*(1+$G$3) -> #REF!
C69: SINALIZAÇÃO VIÁRIA | D69: ='ESTIMATIVA DE PREÇOS'!#REF! -> #REF! | F69: =D69*(1+$G$3) -> #REF!
C71: PROJETO DE PAVIMENTO
C73: ADMINISTRAÇÃO LOCAL (3 anos)
C75: SOMA DOS SERVIÇOS NO DOMINGO | F75: =SUM(F8:F74) -> #REF!
C76: % COM RELAÇÃO AO TOTAL DO LOTE | F76: =F75/'ESTIMATIVA DE PREÇOS'!F55 -> #REF!

Sheet RESUMO DAS ATIVIDADES - SÁBADO
C1: RESUMO DAS ATIVIDADES
G2: BDI
C3: =capa!A22 -> SEM DESONERAÇÃO | G3: ='ESTIMATIVA DE PREÇOS'!C47 -> 0.182
C5: =capa!A15 -> LOTE 3 - Asa Norte
C6: MANUTENÇÃO DE VIAS
B7: CÓDIGO | C7: DESCRIÇÃO | D7: SÁBADO | F7: SÁBADO COM BDI
A9: 35 | B9: 1.A | C9: MICRORREVESTIMENTO | D9: ='ESTIMATIVA DE PREÇOS'!#REF! -> #REF! | E9: =D9-E10 -> #REF! | F9: =E9*(1+$G$3)+E10 -> #REF!
E10: ='ESTIMATIVA DE PREÇOS'!#REF! -> #REF!
A11: 32 | B11: 1.B | C11: CAPA SELANTE | D11: ='ESTIMATIVA DE PREÇOS'!#REF! -> #REF! | E11: =D11-E12 -> #REF! | F11: =E11*(1+$G$3)+E12 -> #REF!
E12: ='ESTIMATIVA DE PREÇOS'!#REF! -> #REF!
A13: 34 | B13: 1.C | C13: LAMA ASFÁLTICA | D13: ='ESTIMATIVA DE PREÇOS'!#REF! -> #REF! | E13: =D13-E14 -> #REF! | F13: =E13*(1+$G$3)+E14 -> #REF!
E14: ='ESTIMATIVA DE PREÇOS'!#REF! -> #REF!
A15: 8 | B15: 2.A | C15: SELAGEM DE TRINCAS | D15: ='ESTIMATIVA DE PREÇOS'!#REF! -> #REF! | E15: =D15-E16 -> #REF! | F15: =E15*(1+$G$3)+E16 -> #REF!
E16: ='ESTIMATIVA DE PREÇOS'!#REF! -> #REF!
A17: 29 | B17: 2.B | C17: TAPA BURACO (inclui COLOCAÇÃO E COMPACTAÇÃO DO CBUQ) | D17: ='ESTIMATIVA DE PREÇOS'!#REF! -> #REF! | E17: =D17-E18 -> #REF! | F17: =E17*(1+$G$3)+E18 -> #REF!
E18: ='ESTIMATIVA DE PREÇOS'!#REF!+'ESTIMATIVA DE PREÇOS'!#REF! -> #REF!
A19: 19 | B19: 2.C | C19: REMENDO PROFUNDO | D19: ='ESTIMATIVA DE PREÇOS'!#REF! -> #REF! | E19: =D19-E20 -> #REF! | F19: =E19*(1+$G$3)+E20 -> #REF!
E20: ='ESTIMATIVA DE PREÇOS'!#REF!+'ESTIMATIVA DE PREÇOS'!#REF! -> #REF!
A21: 31 | B21: 3.A | C21: FRESAGEM CONTÍNUA COM RECOMPOSIÇÃO DA CAPA (5 cm) | D21: ='ESTIMATIVA DE PREÇOS'!#REF! -> #REF! | E21: =D21-E22 -> #REF! | F21: =E21*(1+$G$3)+E22 -> #REF!
E22: ='ESTIMATIVA DE PREÇOS'!#REF!+'ESTIMATIVA DE PREÇOS'!#REF! -> #REF!
A23: 7 | B23: 3.B | C23: FRESAGEM DESCONTÍNUA COM RECOMPOSIÇÃO DA CAPA (5 cm)+ MICRORREVESTIMENTO | D23: ='ESTIMATIVA DE PREÇOS'!#REF! -> #REF! | E23: =D23-E24 -> #REF! | F23: =E23*(1+$G$3)+E24 -> #REF!
E24: ='ESTIMATIVA DE PREÇOS'!#REF!+'ESTIMATIVA DE PREÇOS'!#REF!+'ESTIMATIVA DE PREÇOS'!#REF! -> #REF!
A25: 17 | B25: 4.A-L | C25: FRESAGEM CONTÍNUA + RECOMPOSIÇÃO DA CAPA (5 cm) + REMENDO PROFUNDO | D25: ='ESTIMATIVA DE PREÇOS'!#REF! -> #REF! | E25: =D25-E26 -> #REF! | F25: =E25*(1+$G$3)+E26 -> #REF!
E26: ='ESTIMATIVA DE PREÇOS'!#REF!+'ESTIMATIVA DE PREÇOS'!#REF!+'ESTIMATIVA DE PREÇOS'!#REF! -> #REF!
A27: 27 | B27: 4.A-M | C27: FRESAGEM CONTÍNUA + RECOMPOSIÇÃO DA CAPA (7,5 cm) + REMENDO PROFUNDO | D27: ='ESTIMATIVA DE PREÇOS'!#REF! -> #REF! | E27: =D27-E28 -> #REF! | F27: =E27*(1+$G$3)+E28 -> #REF!
E28: ='ESTIMATIVA DE PREÇOS'!#REF!+'ESTIMATIVA DE PREÇOS'!#REF!+'ESTIMATIVA DE PREÇOS'!#REF! -> #REF!
A29: 30 | B29: 4.A-P | C29: FRESAGEM CONTÍNUA + RECOMPOSIÇÃO DA CAPA (10 cm)+ REMENDO PROFUNDO | D29: ='ESTIMATIVA DE PREÇOS'!#REF! -> #REF! | E29: =D29-E30 -> #REF! | F29: =E29*(1+$G$3)+E30 -> #REF!
E30: ='ESTIMATIVA DE PREÇOS'!#REF!+'ESTIMATIVA DE PREÇOS'!#REF!+'ESTIMATIVA DE PREÇOS'!#REF!+'ESTIMATIVA DE PREÇOS'!#REF!+'ESTIMATIVA DE PREÇOS'!#REF! -> #REF!
A31: 22 | B31: 4.B-L | C31: FRESAGEM DESCONTÍNUA + RECOMPOSIÇÃO DA CAPA (5 cm) + REMENDO PROFUNDO + MICRORREVESTIMENTO | D31: ='ESTIMATIVA DE PREÇOS'!#REF! -> #REF! | E31: =D31-E32 -> #REF! | F31: =E31*(1+$G$3)+E32 -> #REF!
E32: ='ESTIMATIVA DE PREÇOS'!#REF!+'ESTIMATIVA DE PREÇOS'!#REF!+'ESTIMATIVA DE PREÇOS'!#REF!+'ESTIMATIVA DE PREÇOS'!#REF! -> #REF!
A33: 21 | B33: 4.B-M | C33: FRESAGEM DESCONTÍNUA + RECOMPOSIÇÃO DA CAPA (7,5 cm)+ REMENDO PROFUNDO + MICRORREVESTIMENTO | D33: ='ESTIMATIVA DE PREÇOS'!#REF! -> #REF! | E33: =D33-E34 -> #REF! | F33: =E33*(1+$G$3)+E34 -> #REF!
E34: ='ESTIMATIVA DE PREÇOS'!#REF!+'ESTIMATIVA DE PREÇOS'!#REF!+'ESTIMATIVA DE PREÇOS'!#REF!+'ESTIMATIVA DE PREÇOS'!#REF! -> #REF!
A35: 25 | B35: 4.B-P | C35: FRESAGEM DESCONTÍNUA + RECOMPOSIÇÃO DA CAPA (10 cm) + REMENDO PROFUNDO + MICRORREVESTIMENTO | D35: ='ESTIMATIVA DE PREÇOS'!#REF! -> #REF! | E35: =D35-E36 -> #REF! | F35: =E35*(1+$G$3)+E36 -> #REF!
E36: ='ESTIMATIVA DE PREÇOS'!#REF!+'ESTIMATIVA DE PREÇOS'!#REF!+'ESTIMATIVA DE PREÇOS'!#REF!+'ESTIMATIVA DE PREÇOS'!#REF!+'ESTIMATIVA DE PREÇOS'!#REF!+'ESTIMATIVA DE PREÇOS'!#REF! -> #REF!
A37: 15 | B37: 5.A.L | C37: RECICLAGEM (capa de 5 cm) | D37: ='ESTIMATIVA DE PREÇOS'!#REF! -> #REF! | E37: =D37-E38 -> #REF! | F37: =E37*(1+$G$3)+E38 -> #REF!
E38: ='ESTIMATIVA DE PREÇOS'!#REF!+'ESTIMATIVA DE PREÇOS'!#REF! -> #REF!
A39: 20 | B39: 5.A.M | C39: RECICLAGEM (capa de 7,5 cm) | D39: ='ESTIMATIVA DE PREÇOS'!#REF! -> #REF! | E39: =D39-E40 -> #REF! | F39: =E39*(1+$G$3)+E40 -> #REF!
E40: ='ESTIMATIVA DE PREÇOS'!#REF!+'ESTIMATIVA DE PREÇOS'!#REF! -> #REF!
A41: 11 | B41: 5.A.P | C41: RECICLAGEM (capa de 10 cm) | D41: ='ESTIMATIVA DE PREÇOS'!#REF! -> #REF! | E41: =D41-E42 -> #REF! | F41: =E41*(1+$G$3)+E42 -> #REF!
E42: ='ESTIMATIVA DE PREÇOS'!#REF!+'ESTIMATIVA DE PREÇOS'!#REF!+'ESTIMATIVA DE PREÇOS'!#REF!+'ESTIMATIVA DE PREÇOS'!#REF!+'ESTIMATIVA DE PREÇOS'!#REF! -> #REF!
A43: 12 | B43: 5.B.L | C43: RECONSTRUÇÃO DE PAVIMENTO (5 cm) COM REAPROVEITAMENTO PARCIAL DO SOLO LOCAL | D43: ='ESTIMATIVA DE PREÇOS'!#REF! -> #REF! | E43: =D43-E44 -> #REF! | F43: =E43*(1+$G$3)+E44 -> #REF!
E44: ='ESTIMATIVA DE PREÇOS'!#REF!+'ESTIMATIVA DE PREÇOS'!#REF! -> #REF!
A45: 2 | B45: 5.B.M | C45: RECONSTRUÇÃO DE PAVIMENTO (7,5 cm) - COM REAPROVEITAMENTO PARCIAL DO SOLO LOCAL | D45: ='ESTIMATIVA DE PREÇOS'!#REF! -> #REF! | E45: =D45-E46 -> #REF! | F45: =E45*(1+$G$3)+E46 -> #REF!
E46: ='ESTIMATIVA DE PREÇOS'!#REF!+'ESTIMATIVA DE PREÇOS'!#REF! -> #REF!
A47: 6 | B47: 5.B.P | C47: RECONSTRUÇÃO DE PAVIMENTO (10 cm) - COM REAPROVEITAMENTO PARCIAL DO SOLO LOCAL | D47: ='ESTIMATIVA DE PREÇOS'!#REF! -> #REF! | E47: =D47-E48 -> #REF! | F47: =E47*(1+$G$3)+E48 -> #REF!
E48: ='ESTIMATIVA DE PREÇOS'!#REF!+'ESTIMATIVA DE PREÇOS'!#REF!+'ESTIMATIVA DE PREÇOS'!#REF!+'ESTIMATIVA DE PREÇOS'!#REF! -> #REF!
A49: 3 | C49: BAIA DE ÔNIBUS | D49: ='ESTIMATIVA DE PREÇOS'!#REF! -> #REF! | F49: =D49*(1+$G$3) -> #REF!
C50: SERVIÇOS ADICIONAIS
C51: NIVELAMENTO DE PV | D51: ='ESTIMATIVA DE PREÇOS'!#REF! -> #REF! | F51: =D51*(1+$G$3) -> #REF!
C53: EXECUÇÃO DE BOCA DE LOBO SIMPLES E DUPLA | D53: ='ESTIMATIVA DE PREÇOS'!#REF!+'ESTIMATIVA DE PREÇOS'!#REF! -> #REF! | F53: =D53*(1+$G$3) -> #REF!
C55: EXECUÇÃO DE SARJETA | D55: ='ESTIMATIVA DE PREÇOS'!#REF! -> #REF! | F55: =D55*(1+$G$3) -> #REF!
C57: EXECUÇÃO DE MEIO-FIO | D57: ='ESTIMATIVA DE PREÇOS'!#REF! -> #REF! | F57: =D57*(1+$G$3) -> #REF!
C59: COSTRUÇÃO DE QUEBRA MOLAS | D59: ='ESTIMATIVA DE PREÇOS'!#REF!+'ESTIMATIVA DE PREÇOS'!#REF! -> #REF! | E59: =D59-E60 -> #REF! | F59: =E59*(1+$G$3)+E60 -> #REF!
E60: ='ESTIMATIVA DE PREÇOS'!#REF!+'ESTIMATIVA DE PREÇOS'!#REF!+'ESTIMATIVA DE PREÇOS'!#REF!+'ESTIMATIVA DE PREÇOS'!#REF! -> #REF!
C61: DEMOLIÇÃO DE MEIO-FIO | D61: ='ESTIMATIVA DE PREÇOS'!#REF! -> #REF! | F61: =D61*(1+$G$3) -> #REF!
C63: DEMOLIÇÃO E RECOMPOSIÇÃO DE CALÇADA E RAMPAS DE ACESSIBILIDADE EM CONCRETO | D63: ='ESTIMATIVA DE PREÇOS'!#REF! -> #REF! | F63: =D63*(1+$G$3) -> #REF!
C65: SINALIZACAO DO CANTEIRO DE OBRAS | D65: ='ESTIMATIVA DE PREÇOS'!#REF! -> #REF! | F65: =D65*(1+$G$3) -> #REF!
C67: SINALIZAÇÃO DE TRÂNSITO NOTURNA | D67: ='ESTIMATIVA DE PREÇOS'!#REF! -> #REF! | F67: =D67*(1+$G$3) -> #REF!
C69: SINALIZAÇÃO VIÁRIA | D69: ='ESTIMATIVA DE PREÇOS'!#REF! -> #REF! | F69: =D69*(1+$G$3) -> #REF!
C71: PROJETO DE PAVIMENTO
C73: ADMINISTRAÇÃO LOCAL (3 anos)
C75: SOMA DOS SERVIÇOS NO SÁBADO | F75: =SUM(F8:F74) -> #REF!
C76: % COM RELAÇÃO AO TOTAL DO LOTE | F76: =F75/'ESTIMATIVA DE PREÇOS'!F55 -> #REF!

Sheet RESUMO DAS ATIVIDADES - NOTURNO
C1: RESUMO DAS ATIVIDADES
G2: BDI
C3: =capa!A22 -> SEM DESONERAÇÃO | G3: ='ESTIMATIVA DE PREÇOS'!C47 -> 0.182
C5: =capa!A15 -> LOTE 3 - Asa Norte
C6: MANUTENÇÃO DE VIAS
B7: CÓDIGO | C7: DESCRIÇÃO | D7: NOTURNO | F7: NOTURNO COM BDI
A9: 35 | B9: 1.A | C9: MICRORREVESTIMENTO | D9: ='ESTIMATIVA DE PREÇOS'!#REF! -> #REF! | E9: =D9-E10 -> #REF! | F9: =E9*(1+$G$3)+E10 -> #REF!
E10: ='ESTIMATIVA DE PREÇOS'!#REF! -> #REF!
A11: 32 | B11: 1.B | C11: CAPA SELANTE | D11: ='ESTIMATIVA DE PREÇOS'!#REF! -> #REF! | E11: =D11-E12 -> #REF! | F11: =E11*(1+$G$3)+E12 -> #REF!
E12: ='ESTIMATIVA DE PREÇOS'!#REF! -> #REF!
A13: 34 | B13: 1.C | C13: LAMA ASFÁLTICA | D13: ='ESTIMATIVA DE PREÇOS'!#REF! -> #REF! | E13: =D13-E14 -> #REF! | F13: =E13*(1+$G$3)+E14 -> #REF!
E14: ='ESTIMATIVA DE PREÇOS'!#REF! -> #REF!
A15: 8 | B15: 2.A | C15: SELAGEM DE TRINCAS | D15: ='ESTIMATIVA DE PREÇOS'!#REF! -> #REF! | E15: =D15-E16 -> #REF! | F15: =E15*(1+$G$3)+E16 -> #REF!
E16: ='ESTIMATIVA DE PREÇOS'!#REF! -> #REF!
A17: 29 | B17: 2.B | C17: TAPA BURACO (inclui COLOCAÇÃO E COMPACTAÇÃO DO CBUQ) | D17: ='ESTIMATIVA DE PREÇOS'!#REF! -> #REF! | E17: =D17-E18 -> #REF! | F17: =E17*(1+$G$3)+E18 -> #REF!
E18: ='ESTIMATIVA DE PREÇOS'!#REF!+'ESTIMATIVA DE PREÇOS'!#REF! -> #REF!
A19: 19 | B19: 2.C | C19: REMENDO PROFUNDO | D19: ='ESTIMATIVA DE PREÇOS'!#REF! -> #REF! | E19: =D19-E20 -> #REF! | F19: =E19*(1+$G$3)+E20 -> #REF!
E20: ='ESTIMATIVA DE PREÇOS'!#REF!+'ESTIMATIVA DE PREÇOS'!#REF! -> #REF!
A21: 31 | B21: 3.A | C21: FRESAGEM CONTÍNUA COM RECOMPOSIÇÃO DA CAPA (5 cm) | D21: ='ESTIMATIVA DE PREÇOS'!#REF! -> #REF! | E21: =D21-E22 -> #REF! | F21: =E21*(1+$G$3)+E22 -> #REF!
E22: ='ESTIMATIVA DE PREÇOS'!#REF!+'ESTIMATIVA DE PREÇOS'!#REF! -> #REF!
A23: 7 | B23: 3.B | C23: FRESAGEM DESCONTÍNUA COM RECOMPOSIÇÃO DA CAPA (5 cm)+ MICRORREVESTIMENTO | D23: ='ESTIMATIVA DE PREÇOS'!#REF! -> #REF! | E23: =D23-E24 -> #REF! | F23: =E23*(1+$G$3)+E24 -> #REF!
E24: ='ESTIMATIVA DE PREÇOS'!#REF!+'ESTIMATIVA DE PREÇOS'!#REF!+'ESTIMATIVA DE PREÇOS'!#REF! -> #REF!
A25: 17 | B25: 4.A-L | C25: FRESAGEM CONTÍNUA + RECOMPOSIÇÃO DA CAPA (5 cm) + REMENDO PROFUNDO | D25: ='ESTIMATIVA DE PREÇOS'!#REF! -> #REF! | E25: =D25-E26 -> #REF! | F25: =E25*(1+$G$3)+E26 -> #REF!
E26: ='ESTIMATIVA DE PREÇOS'!#REF!+'ESTIMATIVA DE PREÇOS'!#REF!+'ESTIMATIVA DE PREÇOS'!#REF! -> #REF!
A27: 27 | B27: 4.A-M | C27: FRESAGEM CONTÍNUA + RECOMPOSIÇÃO DA CAPA (7,5 cm) + REMENDO PROFUNDO | D27: ='ESTIMATIVA DE PREÇOS'!#REF! -> #REF! | E27: =D27-E28 -> #REF! | F27: =E27*(1+$G$3)+E28 -> #REF!
E28: ='ESTIMATIVA DE PREÇOS'!#REF!+'ESTIMATIVA DE PREÇOS'!#REF!+'ESTIMATIVA DE PREÇOS'!#REF! -> #REF!
A29: 30 | B29: 4.A-P | C29: FRESAGEM CONTÍNUA + RECOMPOSIÇÃO DA CAPA (10 cm)+ REMENDO PROFUNDO | D29: ='ESTIMATIVA DE PREÇOS'!#REF! -> #REF! | E29: =D29-E30 -> #REF! | F29: =E29*(1+$G$3)+E30 -> #REF!
E30: ='ESTIMATIVA DE PREÇOS'!#REF!+'ESTIMATIVA DE PREÇOS'!#REF!+'ESTIMATIVA DE PREÇOS'!#REF!+'ESTIMATIVA DE PREÇOS'!#REF!+'ESTIMATIVA DE PREÇOS'!#REF! -> #REF!
A31: 22 | B31: 4.B-L | C31: FRESAGEM DESCONTÍNUA + RECOMPOSIÇÃO DA CAPA (5 cm) + REMENDO PROFUNDO + MICRORREVESTIMENTO | D31: ='ESTIMATIVA DE PREÇOS'!#REF! -> #REF! | E31: =D31-E32 -> #REF! | F31: =E31*(1+$G$3)+E32 -> #REF!
E32: ='ESTIMATIVA DE PREÇOS'!#REF!+'ESTIMATIVA DE PREÇOS'!#REF!+'ESTIMATIVA DE PREÇOS'!#REF!+'ESTIMATIVA DE PREÇOS'!#REF! -> #REF!
A33: 21 | B33: 4.B-M | C33: FRESAGEM DESCONTÍNUA + RECOMPOSIÇÃO DA CAPA (7,5 cm)+ REMENDO PROFUNDO + MICRORREVESTIMENTO | D33: ='ESTIMATIVA DE PREÇOS'!#REF! -> #REF! | E33: =D33-E34 -> #REF! | F33: =E33*(1+$G$3)+E34 -> #REF!
E34: ='ESTIMATIVA DE PREÇOS'!#REF!+'ESTIMATIVA DE PREÇOS'!#REF!+'ESTIMATIVA DE PREÇOS'!#REF!+'ESTIMATIVA DE PREÇOS'!#REF! -> #REF!
A35: 25 | B35: 4.B-P | C35: FRESAGEM DESCONTÍNUA + RECOMPOSIÇÃO DA CAPA (10 cm) + REMENDO PROFUNDO + MICRORREVESTIMENTO | D35: ='ESTIMATIVA DE PREÇOS'!#REF! -> #REF! | E35: =D35-E36 -> #REF! | F35: =E35*(1+$G$3)+E36 -> #REF!
E36: ='ESTIMATIVA DE PREÇOS'!#REF!+'ESTIMATIVA DE PREÇOS'!#REF!+'ESTIMATIVA DE PREÇOS'!#REF!+'ESTIMATIVA DE PREÇOS'!#REF!+'ESTIMATIVA DE PREÇOS'!#REF!+'ESTIMATIVA DE PREÇOS'!#REF! -> #REF!
A37: 15 | B37: 5.A.L | C37: RECICLAGEM (capa de 5 cm) | D37: ='ESTIMATIVA DE PREÇOS'!#REF! -> #REF! | E37: =D37-E38 -> #REF! | F37: =E37*(1+$G$3)+E38 -> #REF!
E38: ='ESTIMATIVA DE PREÇOS'!#REF!+'ESTIMATIVA DE PREÇOS'!#REF! -> #REF!
A39: 20 | B39: 5.A.M | C39: RECICLAGEM (capa de 7,5 cm) | D39: ='ESTIMATIVA DE PREÇOS'!#REF! -> #REF! | E39: =D39-E40 -> #REF! | F39: =E39*(1+$G$3)+E40 -> #REF!
E40: ='ESTIMATIVA DE PREÇOS'!#REF!+'ESTIMATIVA DE PREÇOS'!#REF! -> #REF!
A41: 11 | B41: 5.A.P | C41: RECICLAGEM (capa de 10 cm) | D41: ='ESTIMATIVA DE PREÇOS'!#REF! -> #REF! | E41: =D41-E42 -> #REF! | F41: =E41*(1+$G$3)+E42 -> #REF!
E42: ='ESTIMATIVA DE PREÇOS'!#REF!+'ESTIMATIVA DE PREÇOS'!#REF!+'ESTIMATIVA DE PREÇOS'!#REF!+'ESTIMATIVA DE PREÇOS'!#REF!+'ESTIMATIVA DE PREÇOS'!#REF! -> #REF!
A43: 12 | B43: 5.B.L | C43: RECONSTRUÇÃO DE PAVIMENTO (5 cm) COM REAPROVEITAMENTO PARCIAL DO SOLO LOCAL | D43: ='ESTIMATIVA DE PREÇOS'!#REF! -> #REF! | E43: =D43-E44 -> #REF! | F43: =E43*(1+$G$3)+E44 -> #REF!
E44: ='ESTIMATIVA DE PREÇOS'!#REF!+'ESTIMATIVA DE PREÇOS'!#REF! -> #REF!
A45: 2 | B45: 5.B.M | C45: RECONSTRUÇÃO DE PAVIMENTO (7,5 cm) - COM REAPROVEITAMENTO PARCIAL DO SOLO LOCAL | D45: ='ESTIMATIVA DE PREÇOS'!#REF! -> #REF! | E45: =D45-E46 -> #REF! | F45: =E45*(1+$G$3)+E46 -> #REF!
E46: ='ESTIMATIVA DE PREÇOS'!#REF!+'ESTIMATIVA DE PREÇOS'!#REF! -> #REF!
A47: 6 | B47: 5.B.P | C47: RECONSTRUÇÃO DE PAVIMENTO (10 cm) - COM REAPROVEITAMENTO PARCIAL DO SOLO LOCAL | D47: ='ESTIMATIVA DE PREÇOS'!#REF! -> #REF! | E47: =D47-E48 -> #REF! | F47: =E47*(1+$G$3)+E48 -> #REF!
E48: ='ESTIMATIVA DE PREÇOS'!#REF!+'ESTIMATIVA DE PREÇOS'!#REF!+'ESTIMATIVA DE PREÇOS'!#REF!+'ESTIMATIVA DE PREÇOS'!#REF! -> #REF!
A49: 3 | C49: BAIA DE ÔNIBUS | D49: ='ESTIMATIVA DE PREÇOS'!#REF! -> #REF! | F49: =D49*(1+$G$3) -> #REF!
C50: SERVIÇOS ADICIONAIS
C51: NIVELAMENTO DE PV | D51: ='ESTIMATIVA DE PREÇOS'!#REF! -> #REF! | F51: =D51*(1+$G$3) -> #REF!
C53: EXECUÇÃO DE BOCA DE LOBO SIMPLES E DUPLA | D53: ='ESTIMATIVA DE PREÇOS'!#REF!+'ESTIMATIVA DE PREÇOS'!#REF! -> #REF! | F53: =D53*(1+$G$3) -> #REF!
C55: EXECUÇÃO DE SARJETA | D55: ='ESTIMATIVA DE PREÇOS'!#REF! -> #REF! | F55: =D55*(1+$G$3) -> #REF!
C57: EXECUÇÃO DE MEIO-FIO | D57: ='ESTIMATIVA DE PREÇOS'!#REF! -> #REF! | F57: =D57*(1+$G$3) -> #REF!
C59: COSTRUÇÃO DE QUEBRA MOLAS | D59: ='ESTIMATIVA DE PREÇOS'!#REF!+'ESTIMATIVA DE PREÇOS'!#REF! -> #REF! | E59: =D59-E60 -> #REF! | F59: =E59*(1+$G$3)+E60 -> #REF!
E60: ='ESTIMATIVA DE PREÇOS'!#REF!+'ESTIMATIVA DE PREÇOS'!#REF!+'ESTIMATIVA DE PREÇOS'!#REF!+'ESTIMATIVA DE PREÇOS'!#REF! -> #REF!
C61: DEMOLIÇÃO DE MEIO-FIO | D61: ='ESTIMATIVA DE PREÇOS'!#REF! -> #REF! | F61: =D61*(1+$G$3) -> #REF!
C63: DEMOLIÇÃO E RECOMPOSIÇÃO DE CALÇADA E RAMPAS DE ACESSIBILIDADE EM CONCRETO | D63: ='ESTIMATIVA DE PREÇOS'!#REF! -> #REF! | F63: =D63*(1+$G$3) -> #REF!
C65: SINALIZACAO DO CANTEIRO DE OBRAS | D65: ='ESTIMATIVA DE PREÇOS'!#REF! -> #REF! | F65: =D65*(1+$G$3) -> #REF!
C67: SINALIZAÇÃO DE TRÂNSITO NOTURNA | D67: ='ESTIMATIVA DE PREÇOS'!#REF! -> #REF! | F67: =D67*(1+$G$3) -> #REF!
C69: SINALIZAÇÃO VIÁRIA | D69: ='ESTIMATIVA DE PREÇOS'!#REF! -> #REF! | F69: =D69*(1+$G$3) -> #REF!
C71: PROJETO DE PAVIMENTO
C73: ADMINISTRAÇÃO LOCAL (3 anos)
C75: SOMA DOS SERVIÇOS NOTURNOS | F75: =SUM(F8:F74) -> #REF!
C76: % COM RELAÇÃO AO TOTAL DO LOTE | F76: =F75/'ESTIMATIVA DE PREÇOS'!F55 -> #REF!
D78: =SUM(D9:D77) -> #REF!

Sheet PROJETO
C2: =capa!A15 -> LOTE 3 - Asa Norte
C3: =capa!A19 -> INTERESSADO: PROCESSO 00112-00012738/2021-12
C6: PROJETOS
B7: Cód. | C7: Descrição do serviço | D7: Und. | E7: R$ unt. | F7: Índice | H7: R$ Total
A9: 10900 | B9: LEVANTAMENTO PLANIMÉTRICO CADASTRAL | G9: M2 | I9: =SUM(H10:H16) -> #REF! | J9: =I9*#REF! -> #REF!
B10: 88253 | C10: =VLOOKUP($B10,#REF!,2,FALSE) -> #REF! | D10: =VLOOKUP($B10,#REF!,3,FALSE) -> #REF! | E10: =VLOOKUP($B10,#REF!,5,FALSE) -> #REF! | F10: 0.0055 | H10: =F10*E10 -> #REF!
B11: 88258 | C11: =VLOOKUP($B11,#REF!,2,FALSE) -> #REF! | D11: =VLOOKUP($B11,#REF!,3,FALSE) -> #REF! | E11: =VLOOKUP($B11,#REF!,5,FALSE) -> #REF! | F11: 0.001 | H11: =F11*E11 -> #REF!
B12: 88597 | C12: =VLOOKUP($B12,#REF!,2,FALSE) -> #REF! | D12: =VLOOKUP($B12,#REF!,3,FALSE) -> #REF! | E12: =VLOOKUP($B12,#REF!,5,FALSE) -> #REF! | F12: 0.002 | H12: =F12*E12 -> #REF!
B13: 90781 | C13: =VLOOKUP($B13,#REF!,2,FALSE) -> #REF! | D13: =VLOOKUP($B13,#REF!,3,FALSE) -> #REF! | E13: =VLOOKUP($B13,#REF!,5,FALSE) -> #REF! | F13: 0.0027 | H13: =F13*E13 -> #REF!
B14: 7247 | C14: =VLOOKUP($B14,#REF!,2,FALSE) -> #REF! | D14: =VLOOKUP($B14,#REF!,3,FALSE) -> #REF! | E14: =VLOOKUP($B14,#REF!,5,FALSE) -> #REF! | F14: 0.0027 | H14: =F14*E14 -> #REF!
B15: 94298/PMS | C15: =VLOOKUP($B15,#REF!,2,FALSE) -> #REF! | D15: =VLOOKUP($B15,#REF!,3,FALSE) -> #REF! | E15: =VLOOKUP($B15,#REF!,5,FALSE) -> #REF! | F15: 0.0016 | H15: =F15*E15 -> #REF!
F17: Quantidade
A18: DAER - RS | B18: 10.9 - DAER - RS | C18: Viga Benkelman - Levantamento por pista de 20 em 20 m, alterando a faixa | D18: km pista | E18: 633.16 | F18: =#REF! -> #REF! | G18: =F18*E18 -> #REF!
B19: 10.11 - DAER - RS | C19: Inventário de superfície - DNIT PRO 06/2004 | D19: km pista | E19: 300.63
B20: 1.3 - DAER - RS | C20: Estudo de tráfego - um posto (contagem de tres dias úteis e consecutivos - 24 h e cálculo n° n) - tráfego baixo <= 1500 | D20: und | E20: 9334.69 | F20: =#REF!/2 -> #REF! | G20: =F20*E20 -> #REF! | H20: =G20/20 -> #REF!
B22: 10900 | C22: LEVANTAMENTO PLANIMÉTRICO CADASTRAL
B23: 1134 | C23: AJUDANTE OU AUXILIAR DE TOPOGRAFIA (SGSP) | D23: H | E23: 22.8 | F23: 0.0055
B24: 1158 | C24: DESENHISTA CADISTA (SGSP) | D24: H | E24: 49.08 | F24: 0.001
B25: 1163 | C25: DESENHISTA DE TOPOGRAFIA - NÍVEL TÉCNICO (SGSP) | D25: H | E25: 47.68 | F25: 0.002
B26: 1181 | C26: TOPÓGRAFO (SGSP) | D26: H | E26: 70.01 | F26: 0.0027
B27: 94286 | C27: TEODOLITO COM PRECISÃO DE 10 SEGUNDOS | D27: H | E27: 0.67 | F27: 0.0027
B28: 94298 | C28: FURGÃO LONGO, TETO ALTO 50% EM OPERAÇÃO | D28: H | E28: 48.03 | F28: 0.0016

Sheet Avaliação Preliminar
B1: AVALIAÇÃO PRELIMINAR | E1: (Em 3 anos)
A2: 93567 | B2: =VLOOKUP($A2,#REF!,2,FALSE) -> #REF! | C2: =VLOOKUP($A2,#REF!,3,FALSE) -> #REF! | D2: =((#REF!/C9)/C10)*C11 -> #REF! | E2: =VLOOKUP($A2,#REF!,5,FALSE) -> #REF! | F2: =D2*E2 -> #REF! | G2: 50% DE TEMPO DE SERVIÇO (OBRA URBANA)
A3: P9804/SICRO | B3: =VLOOKUP($A3,#REF!,2,FALSE) -> #REF! | C3: =VLOOKUP($A3,#REF!,3,FALSE) -> #REF! | D3: =#REF!/C9/C10 -> #REF! | E3: =VLOOKUP($A3,#REF!,5,FALSE) -> #REF! | F3: =D3*E3 -> #REF! | G3: A quantidade de profissional é em função da quantidade de serviços a serem executadas, tendo como referência o Manual de Custos de infraestrutura de transportes do DNIT - Anexo 04/2017
F4: =SUM(F2:F3) -> #REF!
F5: =0.02*F4 -> #REF!
F6: =F4/'ESTIMATIVA DE PREÇOS'!F44 -> #REF!
B8: Produtividade
B9: Produtividade do técnico de avaliação | C9: 2 | D9: km/dia
B10: Dias úteis em um mês | C10: 22 | D10: dias
B11: Proporção do Engenheiro Civil Pleno | C11: 0.5
B13: Estimado, conforme trabalhos da NOVACAP (Com o apoio da DIATEC)

Sheet Resumo R$ m2 (2)
B1: ESTIMATIVA DE PREÇOS
C6: MANUTENÇÃO DE VIAS | F6: COM DESONERAÇÃO
B7: CÓDIGO | C7: DESCRIÇÃO | D7: UNIDADE | E7: QUANTIDADE | F7: CUSTO UNITÁRIO | G7: CUSTO TOTAL
C8: PREMISSAS:
C9: ESPESSURA DO REVESTIMENTO - (LEVE) | D9: 5 | E9: cm
C10: ESPESSURA DO REVESTIMENTO - (MÉDIO) | D10: 7.5 | E10: cm
C11: ESPESSURA DO REVESTIMENTO - (PESADO) | D11: 10 | E11: cm
C12: ESPESSURA DE RECICLAGEM | D12: 25 | E12: cm
C13: ESPESSURA DO REMENDO (SOMENTE CAPA) | D13: 10 | E13: cm
C14: ESPESSURA DO REMENDO PROFUNDO (CAPA + BASE) | D14: 25 | E14: cm
C15: ÁREA DE REMENDO PROFUNDO ESTIMADA PARA RECAPEAMENTO | D15: 0.3
C16: PROPORÇÃO DAS FRESAGENS: CONTÍNUA | D16: 0.7
C17: PROPORÇÃO DAS FRESAGENS: DESCONTÍNUA | D17: 0.3
C18: ÁREA DE RECAPEAMENTO NA FRESAGEM DESCONTÍNUA | D18: 0.5
C19: PROPORÇÃO DAS RECONTRUÇÕES: RECICLAGEM | D19: 0.7
C20: PROPORÇÃO DAS RECONTRUÇÕES: REAPROVEITAMENTO | D20: 0.3
C21: DENSIDADE CAUQ | D21: 2.4 | E21: t/m3
C22: DMT NOVACAP/OBRA | D22: 20 | E22: km
C23: DMT OBRA/BOTA-ESPERA | D23: 10 | E23: km
C24: DMT OBRA/CASCALHEIRA | D24: # | E24: km
B26: CÓDIGO | C26: DESCRIÇÃO DA RECUPERAÇÃO | D26: QUANTIDADE | E26: UNIDADE | F26: CUSTO UNITÁRIO | G26: CUSTO UNITÁRIO (R$/M2)
A27: 35 | C27: BAIA DE ÔNIBUS | D27: 77068.504 | E27: m2 | F27: R$/m2: | G27: ='ESTIMATIVA DE PREÇOS'!#REF! -> #REF! | H27: 141.5
A28: 32 | B28: 5.B.P | C28: RECONSTRUÇÃO DE PAVIMENTO (10 cm) - COM REAPROVEITAMENTO PARCIAL DO SOLO LOCAL | D28: 105356.34 | E28: m2 | F28: R$/m2: | G28: ='ESTIMATIVA DE PREÇOS'!#REF! -> #REF! | H28: 151.39928
A29: 34 | B29: 4.A-P | C29: FRESAGEM CONTÍNUA + RECOMPOSIÇÃO DA CAPA (10 cm)+ REMENDO PROFUNDO | D29: 882494.18 | E29: m2 | F29: R$/m2: | G29: ='ESTIMATIVA DE PREÇOS'!#REF! -> #REF! | H29: 110.81454
A30: 8 | B30: 5.A.P | C30: RECICLAGEM (capa de 10 cm) | D30: 245831.47 | E30: m2 | F30: R$/m2: | G30: ='ESTIMATIVA DE PREÇOS'!#REF! -> #REF! | H30: 112.8335
A31: 29 | B31: 2.C | C31: REMENDO PROFUNDO | D31: 113963.1 | E31: m2 | F31: R$/m2: | G31: ='ESTIMATIVA DE PREÇOS'!#REF! -> #REF! | H31: 115.515
A32: 19 | B32: 5.B.M | C32: RECONSTRUÇÃO DE PAVIMENTO (7,5 cm) - COM REAPROVEITAMENTO PARCIAL DO SOLO LOCAL | D32: 213134.22 | E32: m2 | F32: R$/m2: | G32: ='ESTIMATIVA DE PREÇOS'!#REF! -> #REF! | H32: 110.69086
A33: 31 | B33: 4.B-P | C33: FRESAGEM DESCONTÍNUA + RECOMPOSIÇÃO DA CAPA (10 cm) + REMENDO PROFUNDO + MICRORREVESTIMENTO | D33: 378211.79 | E33: m2 | F33: R$/m2: | G33: ='ESTIMATIVA DE PREÇOS'!#REF! -> #REF! | H33: 78.16777
A34: 7 | B34: 2.B | C34: REPARO LOCALIZADO (INCLUÍDO COLOCAÇÃO E COMPACTAÇÃO DO CBUQ) | D34: 185340.12 | E34: m2 | F34: R$/m2: | G34: ='ESTIMATIVA DE PREÇOS'!#REF! -> #REF! | H34: 100.046
A35: 17 | B35: 4.A-M | C35: FRESAGEM CONTÍNUA + RECOMPOSIÇÃO DA CAPA (7,5 cm) + REMENDO PROFUNDO | D35: 1396655.4 | E35: m2 | F35: R$/m2: | G35: ='ESTIMATIVA DE PREÇOS'!#REF! -> #REF! | H35: 83.939695
A36: 27 | B36: 5.A.M | C36: RECICLAGEM (capa de 7,5 cm) | D36: 497313.19 | E36: m2 | F36: R$/m2: | G36: ='ESTIMATIVA DE PREÇOS'!#REF! -> #REF! | H36: 83.655253
A37: 30 | B37: 5.B.L | C37: RECONSTRUÇÃO DE PAVIMENTO (5 cm) COM REAPROVEITAMENTO PARCIAL DO SOLO LOCAL | D37: 65580.006 | E37: m2 | F37: R$/m2: | G37: ='ESTIMATIVA DE PREÇOS'!#REF! -> #REF! | H37: 80.768737
A38: 22 | B38: 4.B-M | C38: FRESAGEM DESCONTÍNUA + RECOMPOSIÇÃO DA CAPA (7,5 cm)+ REMENDO PROFUNDO + MICRORREVESTIMENTO | D38: 598566.6 | E38: m2 | F38: R$/m2: | G38: ='ESTIMATIVA DE PREÇOS'!#REF! -> #REF! | H38: 64.57722
A39: 21 | B39: 4.A-L | C39: FRESAGEM CONTÍNUA + RECOMPOSIÇÃO DA CAPA (5 cm) + REMENDO PROFUNDO | D39: 675728.43 | E39: m2 | F39: R$/m2: | G39: ='ESTIMATIVA DE PREÇOS'!#REF! -> #REF! | H39: 61.052062
... A42: 20 | B42: 3.A | C42: FRESAGEM CONTÍNUA COM RECOMPOSIÇÃO DA CAPA (5 cm) | D42: 982684.69 | E42: m2 | F42: R$/m2: | G42: ='ESTIMATIVA DE PREÇOS'!#REF! -> #REF! | H42: 45.628602
A43: 11 | B43: 3.B | C43: FRESAGEM DESCONTÍNUA COM RECOMPOSIÇÃO DA CAPA (5 cm)+ MICRORREVESTIMENTO | E43: 421150.58 | F43: R$/m2: | G43: ='ESTIMATIVA DE PREÇOS'!#REF! -> #REF! | H43: 37.116738
A44: 12 | B44: 1.A | C44: MICRORREVESTIMENTO | D44: 1882486.1 | E44: m2 | F44: R$/m2: | G44: ='ESTIMATIVA DE PREÇOS'!#REF! -> #REF! | H44: 13.996187
A45: 2 | B45: 2.A | C45: SELAGEM DE TRINCAS | D45: 3627 | E45: m | F45: R$/m: | G45: ='ESTIMATIVA DE PREÇOS'!#REF! -> #REF! | H45: 2.9081771
A46: 6 | B46: 1.B | C46: CAPA SELANTE | D46: 1882486.1 | E46: m2 | F46: R$/m2: | G46: ='ESTIMATIVA DE PREÇOS'!#REF! -> #REF! | H46: 2.7506183
A47: 3 | B47: 1.C | C47: LAMA ASFÁLTICA | D47: 1882486.1 | E47: m2 | F47: R$/m2: | G47: ='ESTIMATIVA DE PREÇOS'!#REF! -> #REF! | H47: 2.4069022

Sheet Tab Ref (2)
B1: SINAPI DEZEMBRO 2020
B2: NOVACAP 04 / 2020
B3: COM DESONERAÇÃO
A4: CÓDIGO | B4: DESCRIÇÃO | C4: UNIDADE | D4: QUANTIDADE | E4: CUSTO UNITÁRIO
A5: 13255 | B5: 6087 | C5: und | E5: ?
A6: 83627 | B6: 98114 | C6: und | E6: ?
A7: 85180 | B7: SUBSTITUIR POR 98504 e INCLUIR 98520 e 98521 | C7: m2 | E7: ?
A8: 85423 | B8: 85423M | C8: m2 | E8: ?
A9: 85424 | B9: 85424M | C9: m2 | E9: ?
A10: 92970 | B10: 92970M | C10: m2 | E10: ?
A11: 74005/001 | B11: 97084, trocou de m3, para m2 | C11: m3 | E11: ?
A12: 74221/001 | B12: 74221/1M | C12: m | E12: ?
A13: P9897/SICRO | B13: 100321 | C13: mês | E13: ?
A14: P9903/SICRO | B14: 93566 | C14: mês | E14: ?
A15: P9840/SICRO | B15: 93572 | C15: mês | E15: ?
A16: P9893/SICRO | B16: 93572 | C16: mês | E16: ?
A17: P9804/SICRO | B17: 93564 | C17: mês | E17: ?
A18: P9827/SICRO | B18: Vigia (COM ENCARGOS COMPLEMENTARES) | C18: mês | E18: ?
A19: P9949/SICRO | B19: 94296 | C19: mês | E19: ?
A20: P9950/SICRO | B20: 88253M | C20: mês | E20: ?
A21: 85180M | B21: SUBSTITUIR POR 98504M e INCLUIR 98520 e 98521 | C21: m2 | E21: ?
A22: 41089 | B22: 100534 | C22: mês | E22: ?
A23: 41090 | B23: 88249M | C23: mês | E23: ?
A24: 74209/001 | B24: 74209/1M | E24: ?
A25: 5213361M | B25: 5213361M/SICRO | E25: ?
A26: 5213362M | B26: 5213362M/SICRO | E26: ?
A27: 5213414M | B27: 5213414M/SICRO | E27: ?
A28: 5213851M | B28: 5213851M/SICRO | E28: ?
A29: 72962m | B29: 72962M/SINAPI | E29: ?
A30: 96402M | B30: 96402M/SINAPI | E30: ?
A31: C4624M | B31: C4624M/SEINFRA | E31: ?
A32: 72962m - Domingo | B32: 101023M/SINAPI - Domingo | C32: t | E32: ?
A33: 85424 - Domingo | B33: AD 24.05.0500M (/) AD 25.05.0500M (/) SCO-RIO - Domingo | C33: m2 | E33: ?
A34: 92970 - Domingo | B34: 15M/ORSE - Domingo | C34: m2 | E34: ?
A35: P9949/SICRO - Domingo | B35: 94296 - Domingo | C35: mês | E35: ?
A36: 83659M - Domingo | B36: 06-22-04M/PMSP - Domingo | E36: ?
A37: 83659 - Domingo | B37: 06-22-03M/PMSP - Domingo | E37: ?
A38: 83659M/SINAPI - Sábado | B38: 06-22-03M/PMSP - Sábado | E38: ?
A39: 83659DM - Sábado | B39: 06-22-04M/PMSP - Sábado | E39: ?
A40: BLCD/NOVACAP | B40: 06-22-04M/PMSP | C40: und | E40: ?
A41: BLCS/NOVACAP | B41: ? | C41: und | E41: ?
A42: BLGP/NOVACAP | B42: BOCA DE LOBO GRELHA PESADA - padrão NOVACAP | C42: m | E42: #
A43: SC 3410 0500 M | B43: Limpeza e desobstrucao mecanica de galerias de aguas pluviais com diametro de 300 mm a 500 mm | C43: m3 | E43: #
A44: SC 3410 0509 M | B44: Limpeza e desobstrucao mecanica de galerias de aguas pluviais com diametro de 600 mm a 1000 mm | C44: m3 | E44: #
A45: 74221/1M | B45: C2949M/SEINFRA | E45: ?
A46: 72844 | B46: 100989 | E46: ?
A47: 95303 | B47: 95875 | E47: ?
A48: 4780/NOVACAP | B48: ISOLAMENTO DE OBRA COM TELA PLASTICA COM MALHA DE 5MM | C48: M2 | E48: 6.81
A49: AD 24.05.0500M (/) AD 25.05.0500M (/) SCO-RIO | B49: PROTEÇÃO DE CANTEIRO DE OBRA EM ÁREAS PÚBLICAS, COMPREENDENDO TELA PLÁSTICA, ESTRUTURA DE MADEIRA A CADA 3M DE DISTÂNCIA COM BASE DE CONCRETO, UTILIZAÇÃO 2 VEZES. | C49: M | E49: 22.93
A50: ANP CM 30 - JAN 2021 | B50: ASFÁLTO DILUIDO DE PETRÓLEO CM-30 | C50: t | E50: 5976.42
A51: ANP - RR 2C JAN 2021 | B51: EMULSÃO ASFÁLTICA CATIÔNICA RR2C | C51: t | E51: 2530.08
A52: ANP - CAP 30/45 JAN 2021 | B52: CIMENTO ASFÁLTICO DE PETRÓLEO - CAP 30/45 | C52: t | E52: 3793.38
A53: 74209/1M | B53: 5213851M/SICRO E TAMBÉM 5213414M/SICRO | C53: m2 | E53: CCU
A54: 5213851M/SICRO | B54: FORNECIMENTO E IMPLANTAÇÃO DE SUPORTE METÁLICO GALVANIZADO PARA PLACA DE REGULAMENTAÇÃO - D = 0,60 M | C54: UNID. | E54: 204.27
A55: 5213414M/SICRO | B55: CONFECÇÃO DE PLACA EM AÇO Nº 16 GALVANIZADO, COM PELÍCULA RETRORREFLETIVA TIPO I + SI | C55: M2 | E55: 280.6
A56: 74221/1M | B56: SINALIZACAO DE TRANSITO - NOTURNA | C56: m | E56: CCU
A57: 85424M | B57: ISOLAMENTO DE OBRA COM TELA PLASTICA COM MALHA DE 5MM E ESTRUTURA DE MADEIRA PONTALETEADA | C57: m2 | E57: AD 24.05.0500M (/) AD 25.05.0500M (/) SCO-RIO
A58: 85423M | B58: ISOLAMENTO DE OBRA COM TELA PLASTICA COM MALHA DE 5MM | C58: m2 | E58: 4780/NOVACAP
A59: 92970M | B59: DEMOLIÇÃO DE PAVIMENTAÇÃO ASFÁLTICA COM UTILIZAÇÃO DE MARTELO PERFURADOR, ESPESSURA ATÉ 15 CM, EXCLUSIVE CARGA E TRANSPORTE | C59: m2 | E59: CCU
A60: 92397M | B60: EXECUÇÃO DE PÁTIO/ESTACIONAMENTO EM PISO INTERTRAVADO, COM BLOCO RETANGULAR COR NATURAL DE 20 X 10 CM, ESPESSURA 6 CM. (COM O REAPROVEITAMENTO DOS BLOCOS) | C60: m2 | E60: CCU
A61: 92398M | B61: EXECUÇÃO DE PÁTIO/ESTACIONAMENTO EM PISO INTERTRAVADO, COM BLOCO RETANGULAR COR NATURAL DE 20 X 10 CM, ESPESSURA 8 CM. (COM O REAPROVEITAMENTO DOS BLOCOS) | C61: m2 | E61: CCU
A62: 92400M | B62: EXECUÇÃO DE PÁTIO/ESTACIONAMENTO EM PISO INTERTRAVADO, COM BLOCO RETANGULAR DE 20 X 10 CM, ESPESSURA 10 CM.(COM O REAPROVEITAMENTO DOS BLOCOS) | C62: m2 | E62: CCU
A63: 85184M | B63: RETIRADA DE GRAMA EM PLACAS | C63: M2 | E63: CCU
A64: 98504M | B64: REPLANTIO DE GRAMA EM PLACAS, SEM O FORNECIMENTO DA GRAMA | C64: m2 | E64: CCU
A65: BLGP/NOVACAP | B65: BOCA DE LOBO GRELHA PESADA - padrão NOVACAP | C65: m | E65: #N/A
A66: BLCS/NOVACAP | B66: BOCA DE LOBO SIMPLES MEIO FIO VAZADO- padrão NOVACAP | C66: und | E66: #N/A
A67: 06-22-04M/PMSP | B67: BOCA DE LOBO DUPLA COM MEIO-FIO VAZADO/CHAPÉU | C67: UNID. | E67: 3935.08
A68: BLGS/NOVACAP | B68: BOCA DE LOBO SIMPLES - COM GRELHA - padrão NOVACAP | C68: und | E68: #N/A
A69: PV 600 / NOVACAP | B69: PV DE 600mm - padrão NOVACAP | C69: und | E69: #N/A
A70: 2003449M/DNIT | B70: DISSIPADOR DE ENERGIA DEB 01 - DNIT | C70: und | E70: 552.5903
A71: 2003404M/DNIT | B71: DISSIPADOR DE ENERGIA DAD 01 - DNIT | C71: m | E71: 176.95145
A72: 2003407M/DNIT | B72: DESCIDA D'ÁGUA - DAD 02 | C72: m | E72: 225.5635
A73: 2003323M/DNIT | B73: SARJETA TRIANGULAR DE CONCRETO STC 03 - DNIT | C73: m | E73: 71.968251
A74: 2003345M/DNIT | B74: SARJETA TRAPEZOIDAL SZC 02 - DNIT | C74: m | E74: 58.242968
A75: 2003367M/DNIT | B75: TRANSPOSIÇÃO DE SEGMENTO DE SARJETA - TSS 06 | C75: m | E75: 424.74985
A76: SC 3410 0500 M | B76: Limpeza e desobstrucao mecanica de galerias de aguas pluviais com diametro de 300 mm a 500 mm | C76: m3 | E76: #N/A
A77: SC 3410 0509 M | B77: Limpeza e desobstrucao mecanica de galerias de aguas pluviais com diametro de 600 mm a 1000 mm | C77: m3 | E77: 171.2352
A78: 7.1 DAER | B78: EXTRAÇÃO DE CORPO DE PROVA DE CONCRETO ASFÁLTICO | C78: und | E78: 38.976488
A79: 10.9 M- DAER - RS | B79: Viga Benkelman - Levantamento por pista de 20 em 20 m, alterando a faixa | C79: km pista | E79: 351.18848
A80: 14.5 M- DAER - RS | B80: AFERIÇÃO DE VIGA BENKELMANN | C80: und | E80: 414.39
A81: 1.1 M - DAER - RS | B81: 1.1 - ESTUDO DE TRÁFEGO SIMPLIFICADO - UM POSTO - (CONTAGEM DE 1 DIA - 24 h E CÁLCULO Nº N) - TRÁFEGO BAIXO <= 1500 | C81: und | E81: 1545.8785
A82: 1.3 M - DAER - RS | B82: Estudo de tráfego - um posto (contagem de tres dias úteis e consecutivos - 24 h e cálculo n° n) - tráfego baixo <= 1500 | C82: und | E82: 5072.4909
A83: 1.4 M - DAER - RS | B83: Estudo de tráfego - um posto - (contagem de 3 dias úteis e consecutivos - 24h e cálculo nº n) - tráfego alto > 1500 | C83: und | E83: 6363.5025
A84: 1.5 M - DAER - RS | B84: Estudo de tráfego - um posto - (contagem de 7 dias - 24 h e cálculo nº n) - tráfego baixo <= 1500 | C84: und | E84: 5739.9239
A85: 4.20 M - DAER - RS | B85: PROJETO DE RESTAURAÇÃO DE VIAS | C85: m pista | E85: 0.8543459
A86: 10.12 M - DAER - RS | B86: Inventário de superfície - DNIT PRO 06/2004 | C86: km pista | E86: 102.54538
A87: 10900 M - PMS | B87: LEVANTAMENTO PLANIMÉTRICO CADASTRAL | C87: m2 | E87: 0.210833
A88: 74021/3M | B88: ENSAIOS DE REGULARIZACAO DO SUBLEITO | C88: m2 | E88: 1.0422
... A95: 96391M | B95: EXECUÇÃO E COMPACTAÇÃO DE BASE E OU SUB BASE PARA PAVIMENTAÇÃO DE SOLO (PREDOMINANTEMENTE ARENOSO) COM CIMENTO (TEOR DE 3%) - EXCLUSIVE SOLO, ESCAVAÇÃO, CARGA E TRANSPORTE. AF_11/2019 | C95: M3 | E95: 41.53294
A96: SEDAN/DNIT | B96: SEDAN - 71 A 115 CV -Tabela de consultoria (Última atualização: 13/02/2020) | C96: mês | E96: CCU
A97: 7.2 - DAER | B97: A4 - Cópia Colorida | C97: unid | E97: CCU
A98: 7.3 - DAER | B98: A3 - Cópia Colorida | C98: unid | E98: CCU
A99: 7.4 - DAER | B99: A4 - Encadernação com Capa Espiral para Minuta (capa e contracapa) | C99: unid | E99: CCU
A100: 7.5 - DAER | B100: A4 - Cópia Preto | C100: unid | E100: CCU
A101: 5.9 - DAER | B101: Sonda Hidraulica mod.Mach 850 c/coroa diam.AWG, calibr.simples diam.AWG e mola AWG | C101: mês | E101: CCU
A102: IS - DG N°3 SOLOS | B102: Laboratório de Solos (JULHO 2020) | C102: und | E102: B8957
A103: B8957 | B103: Laboratório de Solos (JULHO 2020) | C103: mês | E103: 2679.47
A104: EQ 39.05.0250 / SCO RIO | B104: Equipamento para desobstrucao de galerias (Bucket - Machine), sem operador, com material de operacao e material de manutencao, com as seguintes especificacoes minimas: motor diesel de 12CV, avanco mecanico, jogo completo de acessorios e rebocavel. Custo horario produtivo.(desonerado) | C104: h | E104: CCU
A105: SICRO ANEXO 04/2017 - VAN FURGÃO | B105: VAN - 120 A 140 CV (JULHO 2020) | C105: MÊS | E105: E8887M
A106: E8887M | B106: Veículo van - tipo furgão - (com motorista) | C106: MÊS | E106: 14182.08
...

Sheet EXPECIAIS
B1: SINAPI JULHO 2020
B2: NOVACAP 02 / 2020
B3: SEM DESONERAÇÃO | E3: DOMINGO
A4: CÓDIGO | B4: DESCRIÇÃO | C4: UNIDADE | D4: QUANTIDADE | E4: CUSTO UNITÁRIO
A5: 5213414M - Domingo | B5: Confecção de placa em aço nº 16 galvanizado, com película retrorrefletiva tipo I + SI | C5: m2 | E5: 393.85
A6: 5213851M - Domingo | B6: Fornecimento e implantação de suporte metálico galvanizado para placa de regulamentação - D = 0,60 m | C6: Unid. | E6: 208.56
A7: 5213409M/SICRO - Domingo | B7: PINTURA DE SETAS E ZEBRADOS - TERMOPLÁSTICO POR EXTRUSÃO - ESPESSURA DE 3,0 MM | C7: m2 | E7: 81.09
A8: 5213362M - Domingo | B8: TACHÃO REFLETIVO BIDIRECIONAL - FORNECIMENTO E COLOCAÇÃO | C8: und | E8: 37.68
A9: 5213361M - Domingo | B9: TACHÃO REFLETIVO MONODIRECIONAL - FORNECIMENTO E COLOCAÇÃO | C9: und | E9: 36.68
A10: 5213360M/SICRO - Domingo | B10: TACHA REFLETIVA BIDIRECIONAL - FORNECIMENTO E COLOCAÇÃO | C10: und | E10: 16.99
A11: 72947 - Domingo | B11: SINALIZACAO HORIZONTAL COM TINTA RETRORREFLETIVA A BASE DE RESINA ACRILICA COM MICROESFERAS DE VIDRO | C11: m2 | E11: 15.09
A12: 72961 - Domingo | B12: REGULARIZACAO E COMPACTACAO DE SUBLEITO ATE 20 CM DE ESPESSURA | C12: m2 | E12: TROCOU PARA 100576
A13: 95880 - Domingo | B13: TRANSPORTE COM CAMINHÃO BASCULANTE DE 18 M3, EM VIA URBANA PAVIMENTADA, DMT ATÉ 30 KM (UNIDADE: TXKM). AF_12/2016 | C13: t*km | E13: 0.51 | F13: NÃO TEM MÃO DE OBRA
A14: 93568 - Domingo | B14: ENGENHEIRO CIVIL DE OBRA SENIOR COM ENCARGOS COMPLEMENTARES | C14: MÊS | E14: 47737.29
A15: 93567 - Domingo | B15: ENGENHEIRO CIVIL DE OBRA PLENO COM ENCARGOS COMPLEMENTARES | C15: MÊS | E15: 35008.89
A16: 93565 - Domingo | B16: ENGENHEIRO CIVIL DE OBRA JUNIOR COM ENCARGOS COMPLEMENTARES | C16: MÊS | E16: 30797.29
A17: P9893/SICRO - Domingo | B17: Encarregado de pavimentação (COM ENCARGOS COMPLEMENTARES) | C17: MÊS | E17: 14466.177
A18: P9897/SICRO - Domingo | B18: Técnico de meio ambiente (COM ENCARGOS COMPLEMENTARES) | C18: MÊS | E18: 12856.318
A19: P9903/SICRO - Domingo | B19: Auxiliar técnico (COM ENCARGOS COMPLEMENTARES) | C19: MÊS | E19: 7946.3982
A20: 93572 - Domingo | B20: ENCARREGADO GERAL DE OBRAS COM ENCARGOS COMPLEMENTARES | C20: MÊS | E20: 6158.72
A21: 83659 - Domingo | B21: BOCA DE LOBO EM ALVENARIA TIJOLO MACICO, REVESTIDA C/ ARGAMASSA DE CIMENTO E AREIA 1:3, SOBRE LASTRO DE CONCRETO 10CM E TAMPA DE CONCRETO ARMADO | C21: und | E21: 1804.877
A22: 83659M - Domingo | B22: BOCA DE LOBO DUPLA EM ALVENARIA TIJOLO MACICO, REVESTIDA C/ ARGAMASSA DE CIMENTO E AREIA 1:3, SOBRE LASTRO DE CONCRETO 10CM E TAMPA DE CONCRETO ARMADO | C22: und | E22: 1411.0805
A23: 94991 - Domingo | B23: EXECUÇÃO DE PASSEIO (CALÇADA) OU PISO DE CONCRETO COM CONCRETO MOLDADO IN LOCO, USINADO, ACABAMENTO CONVENCIONAL, NÃO ARMADO. AF_07/2016 | C23: m3 | E23: 493.27511
A24: 4915757M - Domingo | B24: Tapa buraco com pintura de ligação - demolição com serra corta piso | C24: m3 | E24: 319.92352
A25: 4915632M/SICRO - Domingo | B25: REPARO LOCALIZADO COM PINTURA DE LIGAÇÃO - DEMOLIÇÃO MECÂNICA E SERRA | C25: m3 | E25: 112.97
... A70: 72844 - Domingo | B70: CARGA, MANOBRAS E DESCARGA DE AREIA, BRITA, PEDRA DE MAO E SOLOS COM CAMINHAO BASCULANTE 6 M3 (DESCARGA LIVRE) | C70: t | E70: 0.634829
B71: SÁBADO
A72: 83659 - Sábado | B72: BOCA DE LOBO EM ALVENARIA TIJOLO MACICO, REVESTIDA C/ ARGAMASSA DE CIMENTO E AREIA 1:3, SOBRE LASTRO DE CONCRETO 10CM E TAMPA DE CONCRETO ARMADO | D72: und | E72: 1620.7886
A73: 83659M - Sábado | B73: BOCA DE LOBO DUPLA EM ALVENARIA TIJOLO MACICO, REVESTIDA C/ ARGAMASSA DE CIMENTO E AREIA 1:3, SOBRE LASTRO DE CONCRETO 10CM E TAMPA DE CONCRETO ARMADO | D73: und | E73: 1411.0805
A74: 94991 - Sábado | B74: EXECUÇÃO DE PASSEIO (CALÇADA) OU PISO DE CONCRETO COM CONCRETO MOLDADO IN LOCO, USINADO, ACABAMENTO CONVENCIONAL, NÃO ARMADO. AF_07/2016 | D74: m3 | E74: 459.19589
A75: 4915746M2/SICRO - Sábado | B75: REMENDO PROFUNDO COM IMPRIMAÇÃO COM ASFALTO DILUÍDO - DEMOLIÇÃO MECÂNICA E SERRA (EXCLUSIVE MATERIAL BETUMINOSO) | D75: m3 | E75: 214.76835
A76: 4011459M/SICRO - Sábado | B76: CONCRETO ASFÁLTICO - FAIXA B - AREIA E BRITA COMERCIAIS | D76: t | E76: 149.34814
A77: 96396 - Sábado | B77: EXECUÇÃO E COMPACTAÇÃO DE BASE E OU SUB BASE COM BRITA GRADUADA SIMPLES - EXCLUSIVE CARGA E TRANSPORTE. AF_09/2017 | D77: m3 | E77: 148.09917
A78: 4011454M/SICRO - Sábado | B78: CONCRETO ASFÁLTICO - FAIXA A - AREIA E BRITA COMERCIAIS | D78: t | E78: 141.98559
A79: C4624M - Sábado | B79: PISO PODOTÁTIL EXTERNO EM CONCRETO, DIRECIONAL E ALERTA, *40 X 40 X 2,5* CM, ASSENTADO COM ARGAMASSA (INCLUSIVE FORNECIMENTO) | D79: m2 | E79: 129.3948
A80: 4011463M/SICRO - Sábado | B80: CONCRETO ASFÁLTICO - FAIXA C - AREIA E BRITA COMERCIAIS (EXCLUSIVE CAP 50/70) | D80: t | E80: 114.7341
A81: 06.21.00M/PMSP - Sábado | B81: LEVANTAMENTO OU REBAIXAMENTO DE TAMPÃO DE POÇO DE VISITA | D81: und | E81: 123.06347
A82: 4915632M/SICRO - Sábado | B82: REPARO LOCALIZADO COM PINTURA DE LIGAÇÃO - DEMOLIÇÃO MECÂNICA E SERRA | D82: m3 | E82: 112.97
A83: 03.PAVI.PAVC.005/01M-SINAPI - Sábado | B83: EXECUÇÃO DE PAVIMENTO DE CONCRETO SIMPLES (PCS), FCK =40 MPA, CAMADA COM ESPESSURA DE 20,0 CM. AF_11/2017 (COM BARRAS DE TRANSFERÊNCIA E TELA) | D83: m2 | E83: 98.798714
... A107: 72844 - Sábado | B107: CARGA, MANOBRAS E DESCARGA DE AREIA, BRITA, PEDRA DE MAO E SOLOS COM CAMINHAO BASCULANTE 6 M3 (DESCARGA LIVRE) | D107: t | E107: 0.604937
B108: NOTURNO
A109: 83659 - Noturno | B109: BOCA DE LOBO EM ALVENARIA TIJOLO MACICO, REVESTIDA C/ ARGAMASSA DE CIMENTO E AREIA 1:3, SOBRE LASTRO DE CONCRETO 10CM E TAMPA DE CONCRETO ARMADO | D109: und | E109: 1510.3355
A110: 83659M - Noturno | B110: BOCA DE LOBO DUPLA EM ALVENARIA TIJOLO MACICO, REVESTIDA C/ ARGAMASSA DE CIMENTO E AREIA 1:3, SOBRE LASTRO DE CONCRETO 10CM E TAMPA DE CONCRETO ARMADO | D110: und | E110: 1411.0805
A111: 94991 - Noturno | B111: EXECUÇÃO DE PASSEIO (CALÇADA) OU PISO DE CONCRETO COM CONCRETO MOLDADO IN LOCO, USINADO, ACABAMENTO CONVENCIONAL, NÃO ARMADO. AF_07/2016 | D111: m3 | E111: 438.74836
A112: 4915746M2/SICRO - Noturno | B112: REMENDO PROFUNDO COM IMPRIMAÇÃO COM ASFALTO DILUÍDO - DEMOLIÇÃO MECÂNICA E SERRA (EXCLUSIVE MATERIAL BETUMINOSO) | D112: m3 | E112: 191.80335
A113: 4011459M/SICRO - Noturno | B113: CONCRETO ASFÁLTICO - FAIXA B - AREIA E BRITA COMERCIAIS | D113: t | E113: 148.35113
A114: 96396 - Noturno | B114: EXECUÇÃO E COMPACTAÇÃO DE BASE E OU SUB BASE COM BRITA GRADUADA SIMPLES - EXCLUSIVE CARGA E TRANSPORTE. AF_09/2017 | D114: m3 | E114: 147.1621
A115: 4011454M/SICRO - Noturno | B115: CONCRETO ASFÁLTICO - FAIXA A - AREIA E BRITA COMERCIAIS | D115: t | E115: 140.99487
A116: C4624M - Noturno | B116: PISO PODOTÁTIL EXTERNO EM CONCRETO, DIRECIONAL E ALERTA, *40 X 40 X 2,5* CM, ASSENTADO COM ARGAMASSA (INCLUSIVE FORNECIMENTO) | D116: m2 | E116: 117.513
A117: 4011463M/SICRO - Noturno | B117: CONCRETO ASFÁLTICO - FAIXA C - AREIA E BRITA COMERCIAIS (EXCLUSIVE CAP 50/70) | D117: t | E117: 113.74338
A118: 06.21.00M/PMSP - Noturno | B118: LEVANTAMENTO OU REBAIXAMENTO DE TAMPÃO DE POÇO DE VISITA | D118: und | E118: 110.50854
A119: 4915632M/SICRO - Noturno | B119: REPARO LOCALIZADO COM PINTURA DE LIGAÇÃO - DEMOLIÇÃO MECÂNICA E SERRA | D119: m3 | E119: 112.97
A120: 03.PAVI.PAVC.005/01M-SINAPI - Noturno | B120: EXECUÇÃO DE PAVIMENTO DE CONCRETO SIMPLES (PCS), FCK =40 MPA, CAMADA COM ESPESSURA DE 20,0 CM. AF_11/2017 (COM BARRAS DE TRANSFERÊNCIA E TELA) | D120: m2 | E120: 95.754341
... A144: 72844 - Noturno | B144: CARGA, MANOBRAS E DESCARGA DE AREIA, BRITA, PEDRA DE MAO E SOLOS COM CAMINHAO BASCULANTE 6 M3 (DESCARGA LIVRE) | D144: t | E144: 0.5870018

Sheet Domingo
B1: SINAPI JULHO 2020
B2: NOVACAP 02 / 2020
B3: SEM DESONERAÇÃO | E3: DOMINGO
A4: CÓDIGO | B4: DESCRIÇÃO | C4: UNIDADE | D4: QUANTIDADE | E4: CUSTO UNITÁRIO
A5: 5213414M - Domingo | B5: Confecção de placa em aço nº 16 galvanizado, com película retrorrefletiva tipo I + SI | C5: m2 | E5: 393.85
A6: 5213851M - Domingo | B6: Fornecimento e implantação de suporte metálico galvanizado para placa de regulamentação - D = 0,60 m | C6: Unid. | E6: 208.56
A7: 5213409M/SICRO - Domingo | B7: PINTURA DE SETAS E ZEBRADOS - TERMOPLÁSTICO POR EXTRUSÃO - ESPESSURA DE 3,0 MM | C7: m2 | E7: 81.09
A8: 5213362M - Domingo | B8: TACHÃO REFLETIVO BIDIRECIONAL - FORNECIMENTO E COLOCAÇÃO | C8: und | E8: 37.68
A9: 5213361M - Domingo | B9: TACHÃO REFLETIVO MONODIRECIONAL - FORNECIMENTO E COLOCAÇÃO | C9: und | E9: 36.68
A10: 5213360M/SICRO - Domingo | B10: TACHA REFLETIVA BIDIRECIONAL - FORNECIMENTO E COLOCAÇÃO | C10: und | E10: 16.99
A11: 72947 - Domingo | B11: SINALIZACAO HORIZONTAL COM TINTA RETRORREFLETIVA A BASE DE RESINA ACRILICA COM MICROESFERAS DE VIDRO | C11: m2 | E11: 15.09
A12: 72961 - Domingo | B12: REGULARIZACAO E COMPACTACAO DE SUBLEITO ATE 20 CM DE ESPESSURA | C12: m2 | E12: TROCOU PARA 100576
A13: 95880 - Domingo | B13: TRANSPORTE COM CAMINHÃO BASCULANTE DE 18 M3, EM VIA URBANA PAVIMENTADA, DMT ATÉ 30 KM (UNIDADE: TXKM). AF_12/2016 | C13: t*km | E13: 0.51 | F13: NÃO TEM MÃO DE OBRA
A14: 93568 - Domingo | B14: ENGENHEIRO CIVIL DE OBRA SENIOR COM ENCARGOS COMPLEMENTARES | C14: MÊS | E14: =VLOOKUP($A14,'PLAN DOMINGO'!$A$1:$D$108,4,FALSE) -> 47737.29
A15: 93567 - Domingo | B15: ENGENHEIRO CIVIL DE OBRA PLENO COM ENCARGOS COMPLEMENTARES | C15: MÊS | E15: =VLOOKUP($A15,'PLAN DOMINGO'!$A$1:$D$108,4,FALSE) -> 35008.89
A16: 93565 - Domingo | B16: ENGENHEIRO CIVIL DE OBRA JUNIOR COM ENCARGOS COMPLEMENTARES | C16: MÊS | E16: =VLOOKUP($A16,'PLAN DOMINGO'!$A$1:$D$108,4,FALSE) -> 30797.29
A17: P9893/SICRO - Domingo | B17: Encarregado de pavimentação (COM ENCARGOS COMPLEMENTARES) | C17: MÊS | E17: =VLOOKUP($A17,'PLAN DOMINGO'!$A$1:$D$108,4,FALSE) -> 14466.177
A18: P9897/SICRO - Domingo | B18: Técnico de meio ambiente (COM ENCARGOS COMPLEMENTARES) | C18: MÊS | E18: =VLOOKUP($A18,'PLAN DOMINGO'!$A$1:$D$108,4,FALSE) -> 12856.318
A19: P9903/SICRO - Domingo | B19: Auxiliar técnico (COM ENCARGOS COMPLEMENTARES) | C19: MÊS | E19: =VLOOKUP($A19,'PLAN DOMINGO'!$A$1:$D$108,4,FALSE) -> 7946.3982
A20: 93572 - Domingo | B20: ENCARREGADO GERAL DE OBRAS COM ENCARGOS COMPLEMENTARES | C20: MÊS | E20: =VLOOKUP($A20,'PLAN DOMINGO'!$A$1:$D$108,4,FALSE) -> 6158.72
A21: 83659 - Domingo | B21: BOCA DE LOBO EM ALVENARIA TIJOLO MACICO, REVESTIDA C/ ARGAMASSA DE CIMENTO E AREIA 1:3, SOBRE LASTRO DE CONCRETO 10CM E TAMPA DE CONCRETO ARMADO | C21: und | E21: =VLOOKUP($A21,'PLAN DOMINGO'!$A$1:$D$108,4,FALSE) -> 1804.877
A22: 83659M - Domingo | B22: BOCA DE LOBO DUPLA EM ALVENARIA TIJOLO MACICO, REVESTIDA C/ ARGAMASSA DE CIMENTO E AREIA 1:3, SOBRE LASTRO DE CONCRETO 10CM E TAMPA DE CONCRETO ARMADO | C22: und | E22: 1411.0805
A23: 94991 - Domingo | B23: EXECUÇÃO DE PASSEIO (CALÇADA) OU PISO DE CONCRETO COM CONCRETO MOLDADO IN LOCO, USINADO, ACABAMENTO CONVENCIONAL, NÃO ARMADO. AF_07/2016 | C23: m3 | E23: =VLOOKUP($A23,'PLAN DOMINGO'!$A$1:$D$108,4,FALSE) -> 493.27511
A24: 4915757M - Domingo | B24: Tapa buraco com pintura de ligação - demolição com serra corta piso | C24: m3 | E24: =VLOOKUP($A24,'PLAN DOMINGO'!$A$1:$D$108,4,FALSE) -> 319.92352
A25: 4915632M/SICRO - Domingo | B25: REPARO LOCALIZADO COM PINTURA DE LIGAÇÃO - DEMOLIÇÃO MECÂNICA E SERRA | C25: m3 | E25: 112.97
A26: 4011459M/SICRO - Domingo | B26: CONCRETO ASFÁLTICO - FAIXA B - AREIA E BRITA COMERCIAIS | C26: t | E26: =VLOOKUP($A26,'PLAN DOMINGO'!$A$1:$D$108,4,FALSE) -> 151.00983
A27: 96396 - Domingo | B27: EXECUÇÃO E COMPACTAÇÃO DE BASE E OU SUB BASE COM BRITA GRADUADA SIMPLES - EXCLUSIVE CARGA E TRANSPORTE. AF_09/2017 | C27: m3 | E27: =VLOOKUP($A27,'PLAN DOMINGO'!$A$1:$D$108,4,FALSE) -> 149.66096
A28: 4011454M/SICRO - Domingo | B28: CONCRETO ASFÁLTICO - FAIXA A - AREIA E BRITA COMERCIAIS | C28: t | E28: =VLOOKUP($A28,'PLAN DOMINGO'!$A$1:$D$108,4,FALSE) -> 143.63679
A29: 4915746M2/SICRO - Domingo | B29: REMENDO PROFUNDO COM IMPRIMAÇÃO COM ASFALTO DILUÍDO - DEMOLIÇÃO MECÂNICA E SERRA (EXCLUSIVE MATERIAL BETUMINOSO) | C29: m3 | E29: =VLOOKUP($A29,'PLAN DOMINGO'!$A$1:$D$108,4,FALSE) -> 253.04335
A30: C4624M - Domingo | B30: PISO PODOTÁTIL EXTERNO EM CONCRETO, DIRECIONAL E ALERTA, *40 X 40 X 2,5* CM, ASSENTADO COM ARGAMASSA (INCLUSIVE FORNECIMENTO) | C30: m2 | E30: =VLOOKUP($A30,'PLAN DOMINGO'!$A$1:$D$108,4,FALSE) -> 149.1978
A31: 06.21.00M/PMSP - Domingo | B31: LEVANTAMENTO OU REBAIXAMENTO DE TAMPÃO DE POÇO DE VISITA | C31: und | E31: =VLOOKUP($A31,'PLAN DOMINGO'!$A$1:$D$108,4,FALSE) -> 143.98835
A32: 4011463M/SICRO - Domingo | B32: CONCRETO ASFÁLTICO - FAIXA C - AREIA E BRITA COMERCIAIS (EXCLUSIVE CAP 50/70) | C32: t | E32: =VLOOKUP($A32,'PLAN DOMINGO'!$A$1:$D$108,4,FALSE) -> 116.38531
A33: 03.PAVI.PAVC.005/01M-SINAPI - Domingo | B33: EXECUÇÃO DE PAVIMENTO DE CONCRETO SIMPLES (PCS), FCK =40 MPA, CAMADA COM ESPESSURA DE 20,0 CM. AF_11/2017 (COM BARRAS DE TRANSFERÊNCIA E TELA) | C33: m2 | E33: =VLOOKUP($A33,'PLAN DOMINGO'!$A$1:$D$108,4,FALSE) -> 103.87267
A34: 72962m - Domingo | B34: USINAGEM DE CBUQ COM CAP 50/70, PARA CAPA DE ROLAMENTO (EXCLUSIVE CAP 50/70) | C34: t | E34: =VLOOKUP($A34,'PLAN DOMINGO'!$A$1:$D$108,4,FALSE) -> 95.003437
A35: 90777 - Domingo | B35: ENGENHEIRO CIVIL DE OBRA JUNIOR COM ENCARGOS COMPLEMENTARES | C35: h | E35: =VLOOKUP($A35,'PLAN DOMINGO'!$A$1:$D$108,4,FALSE) -> 75.36
A36: 4011482M/SICRO - Domingo | B36: RECICLAGEM COM ADIÇÃO DE CIMENTO E INCORPORAÇÃO DO REVESTIMENTO ASFÁLTICO À BASE | C36: m3 | E36: =VLOOKUP($A36,'PLAN DOMINGO'!$A$1:$D$108,4,FALSE) -> 57.891761
A37: 94298/PMS - Domingo | B37: FURGÃO LONGO, TETO ALTO 50% EM OPERAÇÃO | C37: H | E37: 48.03
A38: 94281 - Domingo | B38: EXECUÇÃO DE SARJETA DE CONCRETO USINADO, MOLDADA IN LOCO EM TRECHO RETO, 30 CM BASE X 15 CM ALTURA. AF_06/2016 | C38: m | E38: =VLOOKUP($A38,'PLAN DOMINGO'!$A$1:$D$108,4,FALSE) -> 49.98834
A39: 88321 - Domingo | B39: TÉCNICO DE LABORATÓRIO COM ENCARGOS COMPLEMENTARES | C39: h | E39: =VLOOKUP($A39,'PLAN DOMINGO'!$A$1:$D$108,4,FALSE) -> 43.62
A40: 94273 - Domingo | B40: ASSENTAMENTO DE GUIA (MEIO-FIO) EM TRECHO RETO, CONFECCIONADA EM CONCRETO PRÉ-FABRICADO, DIMENSÕES 100X15X13X30 CM (COMPRIMENTO X BASE INFERIOR X BASE SUPERIOR X ALTURA), PARA VIAS URBANAS (USO VIÁRIO). AF_06/2016 | C40: m | E40: =VLOOKUP($A40,'PLAN DOMINGO'!$A$1:$D$108,4,FALSE) -> 45.952462
A41: 4011480M/SICRO - Domingo | B41: FRESAGEM DESCONTÍNUA DE REVESTIMENTO BETUMINOSO | C41: m3 | E41: =VLOOKUP($A41,'PLAN DOMINGO'!$A$1:$D$108,4,FALSE) -> 43.567252
A42: 85424 - Domingo | B42: ISOLAMENTO DE OBRA COM TELA PLASTICA COM MALHA DE 5MM E ESTRUTURA DE MADEIRA PONTALETEADA | C42: m2 | E42: =VLOOKUP($A42,'PLAN DOMINGO'!$A$1:$D$108,4,FALSE) -> 36.7472
A43: 88249 - Domingo | B43: AUXILIAR DE LABORATÓRIO COM ENCARGOS COMPLEMENTARES | C43: h | E43: =VLOOKUP($A43,'PLAN DOMINGO'!$A$1:$D$108,4,FALSE) -> 31.63
A44: 4915625M/SICRO - Domingo | B44: SOLO MELHORADO COM CIMENTO PARA BASE DE REMENDO PROFUNDO | C44: m3 | E44: =VLOOKUP($A44,'PLAN DOMINGO'!$A$1:$D$108,4,FALSE) -> 26.76643
A45: 88258 - Domingo | B45: CADASTRISTA DE REDES DE AGUA E ESGOTO COM ENCARGOS COMPLEMENTARES | C45: h | E45: =VLOOKUP($A45,'PLAN DOMINGO'!$A$1:$D$108,4,FALSE) -> 25.44
A46: 88597 - Domingo | B46: DESENHISTA DETALHISTA COM ENCARGOS COMPLEMENTARES | C46: h | E46: =VLOOKUP($A46,'PLAN DOMINGO'!$A$1:$D$108,4,FALSE) -> 23.56
A47: 4011479M/SICRO - Domingo | B47: FRESAGEM CONTÍNUA DE REVESTIMENTO BETUMINOSO | C47: m3 | E47: =VLOOKUP($A47,'PLAN DOMINGO'!$A$1:$D$108,4,FALSE) -> 22.098994
A48: 88326 - Domingo | B48: VIGIA NOTURNO COM ENCARGOS COMPLEMENTARES | C48: h | E48: =VLOOKUP($A48,'PLAN DOMINGO'!$A$1:$D$108,4,FALSE) -> 21.06
A49: 92970 - Domingo | B49: DEMOLIÇÃO DE PAVIMENTAÇÃO ASFÁLTICA COM UTILIZAÇÃO DE MARTELO PERFURADOR, ESPESSURA ATÉ 15 CM, EXCLUSIVE CARGA E TRANSPORTE | C49: m2 | E49: =VLOOKUP($A49,'PLAN DOMINGO'!$A$1:$D$108,4,FALSE) -> 13.37
... A53: 96388 - Domingo | B53: EXECUÇÃO E COMPACTAÇÃO DE BASE E OU SUB BASE PARA PAVIMENTAÇÃO DE SOLOS DE COMPORTAMENTO LATERÍTICO (ARENOSO) - EXCLUSIVE SOLO, ESCAVAÇÃO, CARGA E TRANSPORTE. AF_11/2019 | C53: m3 | E53: =VLOOKUP($A53,'PLAN DOMINGO'!$A$1:$D$108,4,FALSE) -> 8.34414
A54: 82030/PMS - Domingo | B54: MATERIAIS E EQUIPAMENTOS PARA SONDAGEM | C54: VB | E54: 3.71
A55: 74221/001 - Domingo | B55: SINALIZACAO DE TRANSITO - NOTURNA | C55: m | E55: =VLOOKUP($A55,'PLAN DOMINGO'!$A$1:$D$108,4,FALSE) -> 4.07598
A56: 4011412M - Domingo | B56: Microrrevestimento a frio com emulsão modificada com polímero de 2,0 cm - brita comercial | C56: m2 | E56: =VLOOKUP($A56,'PLAN DOMINGO'!$A$1:$D$108,4,FALSE) -> 3.620247
A57: 83338 - Domingo | B57: ESCAVACAO MECANICA, A CEU ABERTO, EM MATERIAL DE 1A CATEGORIA, COM ESCAVADEIRA HIDRAULICA, CAPACIDADE DE 0,78 m3 | C57: m3 | E57: =VLOOKUP($A57,'PLAN DOMINGO'!$A$1:$D$108,4,FALSE) -> 2.67382
A58: 7247 - Domingo | B58: LOCACAO DE TEODOLITO ELETRONICO, PRECISAO ANGULAR DE 5 A 7 SEGUNDOS, INCLUINDO TRIPE | C58: h | E58: =VLOOKUP($A58,'PLAN DOMINGO'!$A$1:$D$108,4,FALSE) -> 2.29
A59: 4915626M - Domingo | B59: Selagem de trincas mecanizada em pavimento flexível com emulsão - areia comercial | C59: m | E59: =VLOOKUP($A59,'PLAN DOMINGO'!$A$1:$D$108,4,FALSE) -> 2.3637739
A60: 93177 - Domingo | B60: TRANSPORTE DE MATERIAL ASFALTICO, COM CAMINHÃO COM CAPACIDADE DE 20000L EM RODOVIA PAVIMENTADA PARA DISTÂNCIAS MÉDIAS DE TRANSPORTE IGUAL OU INFERIOR A 100 KM. AF_02/2016 | C60: t*km | E60: =VLOOKUP($A60,'PLAN DOMINGO'!$A$1:$D$108,4,FALSE) -> 1.945317
A61: 100576 - Domingo | B61: REGULARIZAÇÃO E COMPACTAÇÃO DE SUBLEITO DE SOLO PREDOMINANTEMENTE ARGILOSO. AF_11/2019 | C61: m2 | E61: =VLOOKUP($A61,'PLAN DOMINGO'!$A$1:$D$108,4,FALSE) -> 2.003636
A62: 94264/PMS - Domingo | B62: NÍVEL COM PRECISÃO DE 0,7 MM/KM | C62: h | E62: 1.67
A63: 4011404M - Domingo | B63: Lama asfáltica - faixa II - areia e brita comerciais | C63: m2 | E63: =VLOOKUP($A63,'PLAN DOMINGO'!$A$1:$D$108,4,FALSE) -> 1.0825922
A64: 96401M/SINAPI - Domingo | B64: EXECUÇÃO DE IMPRIMAÇÃO COM ASFALTO DILUÍDO CM-30. AF_09/2017 (EXCLUSIVE ASFALTO DILUÍDO CM-30) | C64: m2 | E64: =VLOOKUP($A64,'PLAN DOMINGO'!$A$1:$D$108,4,FALSE) -> 1.02795
A65: 95303 - Domingo | B65: TRANSPORTE COM CAMINHÃO BASCULANTE 10 m3 DE MASSA ASFALTICA PARA PAVIMENTAÇÃO URBANA | C65: m3*km | E65: =VLOOKUP($A65,'PLAN DOMINGO'!$A$1:$D$108,4,FALSE) -> 0.98367533
A66: 4915637M - Domingo | B66: Capa selante - areia comercial | C66: m2 | E66: =VLOOKUP($A66,'PLAN DOMINGO'!$A$1:$D$108,4,FALSE) -> 0.87426609
A67: 97084 - Domingo | B67: COMPACTAÇÃO MECÂNICA DE SOLO PARA EXECUÇÃO DE RADIER, COM COMPACTADOR DE SOLOS TIPO PLACA VIBRATÓRIA. AF_09/2017 | C67: m2 | E67: =VLOOKUP($A67,'PLAN DOMINGO'!$A$1:$D$108,4,FALSE) -> 0.90543
A68: 96402M - Domingo | B68: EXECUÇÃO DE IMPRIMAÇÃO LIGANTE (PINTURA DE LIGAÇÃO) COM EMULSÃO ASFÁLTICA RR-2C. AF_09/2017 (EXCLUSIVE EMULSÃO ASFÁLTICA RR-2C) | C68: m2 | E68: =VLOOKUP($A68,'PLAN DOMINGO'!$A$1:$D$108,4,FALSE) -> 0.849228
A69: 95878 - Domingo | B69: TRANSPORTE COM CAMINHÃO BASCULANTE DE 10 M3, EM VIA URBANA PAVIMENTADA, DMT ATÉ 30 KM (UNIDADE: TXKM). AF_12/2016 | C69: t*km | E69: =VLOOKUP($A69,'PLAN DOMINGO'!$A$1:$D$108,4,FALSE) -> 0.7434112
A70: 72844 - Domingo | B70: CARGA, MANOBRAS E DESCARGA DE AREIA, BRITA, PEDRA DE MAO E SOLOS COM CAMINHAO BASCULANTE 6 M3 (DESCARGA LIVRE) | C70: t | E70: =VLOOKUP($A70,'PLAN DOMINGO'!$A$1:$D$108,4,FALSE) -> 0.634829

Sheet sábado
B1: SINAPI JULHO 2020
B2: NOVACAP 02 / 2020
B3: COM DESONERAÇÃO
A4: CÓDIGO | B4: DESCRIÇÃO | C4: UNIDADE | D4: QUANTIDADE | E4: CUSTO UNITÁRIO
A5: 83659 - Sábado | B5: BOCA DE LOBO EM ALVENARIA TIJOLO MACICO, REVESTIDA C/ ARGAMASSA DE CIMENTO E AREIA 1:3, SOBRE LASTRO DE CONCRETO 10CM E TAMPA DE CONCRETO ARMADO | D5: und | E5: =VLOOKUP(A5,'Plan5 - sábado'!$A$4:$I$70,9,FALSE) -> 1620.7886
A6: 83659M - Sábado | B6: BOCA DE LOBO DUPLA EM ALVENARIA TIJOLO MACICO, REVESTIDA C/ ARGAMASSA DE CIMENTO E AREIA 1:3, SOBRE LASTRO DE CONCRETO 10CM E TAMPA DE CONCRETO ARMADO | D6: und | E6: 1411.0805
A7: 94991 - Sábado | B7: EXECUÇÃO DE PASSEIO (CALÇADA) OU PISO DE CONCRETO COM CONCRETO MOLDADO IN LOCO, USINADO, ACABAMENTO CONVENCIONAL, NÃO ARMADO. AF_07/2016 | D7: m3 | E7: =VLOOKUP(A7,'Plan5 - sábado'!$A$4:$I$70,9,FALSE) -> 459.19589
A8: 4915746M2/SICRO - Sábado | B8: REMENDO PROFUNDO COM IMPRIMAÇÃO COM ASFALTO DILUÍDO - DEMOLIÇÃO MECÂNICA E SERRA (EXCLUSIVE MATERIAL BETUMINOSO) | D8: m3 | E8: =VLOOKUP(A8,'Plan5 - sábado'!$A$4:$I$70,9,FALSE) -> 214.76835
A9: 4011459M/SICRO - Sábado | B9: CONCRETO ASFÁLTICO - FAIXA B - AREIA E BRITA COMERCIAIS | D9: t | E9: =VLOOKUP(A9,'Plan5 - sábado'!$A$4:$I$70,9,FALSE) -> 149.34814
A10: 96396 - Sábado | B10: EXECUÇÃO E COMPACTAÇÃO DE BASE E OU SUB BASE COM BRITA GRADUADA SIMPLES - EXCLUSIVE CARGA E TRANSPORTE. AF_09/2017 | D10: m3 | E10: =VLOOKUP(A10,'Plan5 - sábado'!$A$4:$I$70,9,FALSE) -> 148.09917
A11: 4011454M/SICRO - Sábado | B11: CONCRETO ASFÁLTICO - FAIXA A - AREIA E BRITA COMERCIAIS | D11: t | E11: =VLOOKUP(A11,'Plan5 - sábado'!$A$4:$I$70,9,FALSE) -> 141.98559
A12: C4624M - Sábado | B12: PISO PODOTÁTIL EXTERNO EM CONCRETO, DIRECIONAL E ALERTA, *40 X 40 X 2,5* CM, ASSENTADO COM ARGAMASSA (INCLUSIVE FORNECIMENTO) | D12: m2 | E12: =VLOOKUP(A12,'Plan5 - sábado'!$A$4:$I$70,9,FALSE) -> 129.3948
A13: 4011463M/SICRO - Sábado | B13: CONCRETO ASFÁLTICO - FAIXA C - AREIA E BRITA COMERCIAIS (EXCLUSIVE CAP 50/70) | D13: t | E13: =VLOOKUP(A13,'Plan5 - sábado'!$A$4:$I$70,9,FALSE) -> 114.7341
A14: 06.21.00M/PMSP - Sábado | B14: LEVANTAMENTO OU REBAIXAMENTO DE TAMPÃO DE POÇO DE VISITA | D14: und | E14: =VLOOKUP(A14,'Plan5 - sábado'!$A$4:$I$70,9,FALSE) -> 123.06347
A15: 4915632M/SICRO - Sábado | B15: REPARO LOCALIZADO COM PINTURA DE LIGAÇÃO - DEMOLIÇÃO MECÂNICA E SERRA | D15: m3 | E15: 112.97
A16: 03.PAVI.PAVC.005/01M-SINAPI - Sábado | B16: EXECUÇÃO DE PAVIMENTO DE CONCRETO SIMPLES (PCS), FCK =40 MPA, CAMADA COM ESPESSURA DE 20,0 CM. AF_11/2017 (COM BARRAS DE TRANSFERÊNCIA E TELA) | D16: m2 | E16: =VLOOKUP(A16,'Plan5 - sábado'!$A$4:$I$70,9,FALSE) -> 98.798714
A17: 72962m - Sábado | B17: USINAGEM DE CBUQ COM CAP 50/70, PARA CAPA DE ROLAMENTO (EXCLUSIVE CAP 50/70) | D17: t | E17: =VLOOKUP(A17,'Plan5 - sábado'!$A$4:$I$70,9,FALSE) -> 94.03215
A18: 4011482M/SICRO - Sábado | B18: RECICLAGEM COM ADIÇÃO DE CIMENTO E INCORPORAÇÃO DO REVESTIMENTO ASFÁLTICO À BASE | D18: m3 | E18: =VLOOKUP(A18,'Plan5 - sábado'!$A$4:$I$70,9,FALSE) -> 56.676131
A19: 4011480M/SICRO - Sábado | B19: FRESAGEM DESCONTÍNUA DE REVESTIMENTO BETUMINOSO | D19: m3 | E19: =VLOOKUP(A19,'Plan5 - sábado'!$A$4:$I$70,9,FALSE) -> 41.446818
A20: 94281 - Sábado | B20: EXECUÇÃO DE SARJETA DE CONCRETO USINADO, MOLDADA IN LOCO EM TRECHO RETO, 30 CM BASE X 15 CM ALTURA. AF_06/2016 | D20: m | E20: =VLOOKUP(A20,'Plan5 - sábado'!$A$4:$I$70,9,FALSE) -> 43.24293
A21: 94273 - Sábado | B21: ASSENTAMENTO DE GUIA (MEIO-FIO) EM TRECHO RETO, CONFECCIONADA EM CONCRETO PRÉ-FABRICADO, DIMENSÕES 100X15X13X30 CM (COMPRIMENTO X BASE INFERIOR X BASE SUPERIOR X ALTURA), PARA VIAS URBANAS (USO VIÁRIO). AF_06/2016 | D21: m | E21: =VLOOKUP(A21,'Plan5 - sábado'!$A$4:$I$70,9,FALSE) -> 40.524204
A22: 85424 - Sábado | B22: ISOLAMENTO DE OBRA COM TELA PLASTICA COM MALHA DE 5MM E ESTRUTURA DE MADEIRA PONTALETEADA | D22: m2 | E22: =VLOOKUP(A22,'Plan5 - sábado'!$A$4:$I$70,9,FALSE) -> 29.71585
A23: 4011479M/SICRO - Sábado | B23: FRESAGEM CONTÍNUA DE REVESTIMENTO BETUMINOSO | D23: m3 | E23: =VLOOKUP(A23,'Plan5 - sábado'!$A$4:$I$70,9,FALSE) -> 21.051359
A24: 92970 - Sábado | B24: DEMOLIÇÃO DE PAVIMENTAÇÃO ASFÁLTICA COM UTILIZAÇÃO DE MARTELO PERFURADOR, ESPESSURA ATÉ 15 CM, EXCLUSIVE CARGA E TRANSPORTE | D24: m2 | E24: =VLOOKUP(A24,'Plan5 - sábado'!$A$4:$I$70,9,FALSE) -> 12.836
A25: 97636 - Sábado | B25: DEMOLIÇÃO PARCIAL DE PAVIMENTO ASFÁLTICO, DE FORMA MECANIZADA, SEM REAPROVEITAMENTO. AF_12/2017 | D25: m2 | E25: =VLOOKUP(A25,'Plan5 - sábado'!$A$4:$I$70,9,FALSE) -> 10.160223
A26: 85423 - Sábado | B26: ISOLAMENTO DE OBRA COM TELA PLASTICA COM MALHA DE 5MM | D26: m2 | E26: =VLOOKUP(A26,'Plan5 - sábado'!$A$4:$I$70,9,FALSE) -> 8.7431
A27: 4011412M - Sábado | B27: Microrrevestimento a frio com emulsão modificada com polímero de 2,0 cm - brita comercial | D27: m2 | E27: =VLOOKUP(A27,'Plan5 - sábado'!$A$4:$I$70,9,FALSE) -> 3.4130477
... A40: 72844 - Sábado | B40: CARGA, MANOBRAS E DESCARGA DE AREIA, BRITA, PEDRA DE MAO E SOLOS COM CAMINHAO BASCULANTE 6 M3 (DESCARGA LIVRE) | D40: t | E40: =VLOOKUP(A40,'Plan5 - sábado'!$A$4:$I$70,9,FALSE) -> 0.604937
A74: 03.PAVI.PAVC.005/01M-SINAPI - Sábado | B74: EXECUÇÃO DE PAVIMENTO DE CONCRETO SIMPLES (PCS), FCK =40 MPA, CAMADA COM ESPESSURA DE 20,0 CM. AF_11/2017 (COM BARRAS DE TRANSFERÊNCIA E TELA) | D74: m2
A75: 06.21.00M/PMSP - Sábado | B75: LEVANTAMENTO OU REBAIXAMENTO DE TAMPÃO DE POÇO DE VISITA | D75: und
A76: 100576 - Sábado | B76: REGULARIZAÇÃO E COMPACTAÇÃO DE SUBLEITO DE SOLO PREDOMINANTEMENTE ARGILOSO. AF_11/2019 | D76: m2
A77: 4011404M - Sábado | B77: Lama asfáltica - faixa II - areia e brita comerciais | D77: m2
A78: 4011412M - Sábado | B78: Microrrevestimento a frio com emulsão modificada com polímero de 2,0 cm - brita comercial | D78: m2
A79: 4011454M/SICRO - Sábado | B79: CONCRETO ASFÁLTICO - FAIXA A - AREIA E BRITA COMERCIAIS | D79: t
A80: 4011459M/SICRO - Sábado | B80: CONCRETO ASFÁLTICO - FAIXA B - AREIA E BRITA COMERCIAIS | D80: t
A81: 4011463M/SICRO - Sábado | B81: CONCRETO ASFÁLTICO - FAIXA C - AREIA E BRITA COMERCIAIS (EXCLUSIVE CAP 50/70) | D81: t
A82: 4011479M/SICRO - Sábado | B82: FRESAGEM CONTÍNUA DE REVESTIMENTO BETUMINOSO | D82: m3
A83: 4011480M/SICRO - Sábado | B83: FRESAGEM DESCONTÍNUA DE REVESTIMENTO BETUMINOSO | D83: m3
A84: 4011482M/SICRO - Sábado | B84: RECICLAGEM COM ADIÇÃO DE CIMENTO E INCORPORAÇÃO DO REVESTIMENTO ASFÁLTICO À BASE | D84: m3
A85: 4915626M - Sábado | B85: Selagem de trincas mecanizada em pavimento flexível com emulsão - areia comercial | D85: m
... A110: C4624M - Sábado | B110: PISO PODOTÁTIL EXTERNO EM CONCRETO, DIRECIONAL E ALERTA, *40 X 40 X 2,5* CM, ASSENTADO COM ARGAMASSA (INCLUSIVE FORNECIMENTO) | D110: m2

Sheet NOTURNO
B1: SINAPI JULHO 2020
B2: NOVACAP 02 / 2020
B3: COM DESONERAÇÃO
A4: CÓDIGO | B4: DESCRIÇÃO | C4: UNIDADE | D4: QUANTIDADE | E4: CUSTO UNITÁRIO
A5: 83659 - Noturno | B5: BOCA DE LOBO EM ALVENARIA TIJOLO MACICO, REVESTIDA C/ ARGAMASSA DE CIMENTO E AREIA 1:3, SOBRE LASTRO DE CONCRETO 10CM E TAMPA DE CONCRETO ARMADO | D5: und | E5: =VLOOKUP($A5,'PLAN NOTURNO'!$A$4:$I$69,9,FALSE) -> 1510.3355
A6: 83659M - Noturno | B6: BOCA DE LOBO DUPLA EM ALVENARIA TIJOLO MACICO, REVESTIDA C/ ARGAMASSA DE CIMENTO E AREIA 1:3, SOBRE LASTRO DE CONCRETO 10CM E TAMPA DE CONCRETO ARMADO | D6: und | E6: 1411.0805
A7: 94991 - Noturno | B7: EXECUÇÃO DE PASSEIO (CALÇADA) OU PISO DE CONCRETO COM CONCRETO MOLDADO IN LOCO, USINADO, ACABAMENTO CONVENCIONAL, NÃO ARMADO. AF_07/2016 | D7: m3 | E7: =VLOOKUP($A7,'PLAN NOTURNO'!$A$4:$I$69,9,FALSE) -> 438.74836
A8: 4915746M2/SICRO - Noturno | B8: REMENDO PROFUNDO COM IMPRIMAÇÃO COM ASFALTO DILUÍDO - DEMOLIÇÃO MECÂNICA E SERRA (EXCLUSIVE MATERIAL BETUMINOSO) | D8: m3 | E8: =VLOOKUP($A8,'PLAN NOTURNO'!$A$4:$I$69,9,FALSE) -> 191.80335
A9: 4011459M/SICRO - Noturno | B9: CONCRETO ASFÁLTICO - FAIXA B - AREIA E BRITA COMERCIAIS | D9: t | E9: =VLOOKUP($A9,'PLAN NOTURNO'!$A$4:$I$69,9,FALSE) -> 148.35113
A10: 96396 - Noturno | B10: EXECUÇÃO E COMPACTAÇÃO DE BASE E OU SUB BASE COM BRITA GRADUADA SIMPLES - EXCLUSIVE CARGA E TRANSPORTE. AF_09/2017 | D10: m3 | E10: =VLOOKUP($A10,'PLAN NOTURNO'!$A$4:$I$69,9,FALSE) -> 147.1621
A11: 4011454M/SICRO - Noturno | B11: CONCRETO ASFÁLTICO - FAIXA A - AREIA E BRITA COMERCIAIS | D11: t | E11: =VLOOKUP($A11,'PLAN NOTURNO'!$A$4:$I$69,9,FALSE) -> 140.99487
A12: C4624M - Noturno | B12: PISO PODOTÁTIL EXTERNO EM CONCRETO, DIRECIONAL E ALERTA, *40 X 40 X 2,5* CM, ASSENTADO COM ARGAMASSA (INCLUSIVE FORNECIMENTO) | D12: m2 | E12: =VLOOKUP($A12,'PLAN NOTURNO'!$A$4:$I$69,9,FALSE) -> 117.513
A13: 4011463M/SICRO - Noturno | B13: CONCRETO ASFÁLTICO - FAIXA C - AREIA E BRITA COMERCIAIS (EXCLUSIVE CAP 50/70) | D13: t | E13: =VLOOKUP($A13,'PLAN NOTURNO'!$A$4:$I$69,9,FALSE) -> 113.74338
A14: 06.21.00M/PMSP - Noturno | B14: LEVANTAMENTO OU REBAIXAMENTO DE TAMPÃO DE POÇO DE VISITA | D14: und | E14: =VLOOKUP($A14,'PLAN NOTURNO'!$A$4:$I$69,9,FALSE) -> 110.50854
A15: 4915632M/SICRO - Noturno | B15: REPARO LOCALIZADO COM PINTURA DE LIGAÇÃO - DEMOLIÇÃO MECÂNICA E SERRA | D15: m3 | E15: 112.97
A16: 03.PAVI.PAVC.005/01M-SINAPI - Noturno | B16: EXECUÇÃO DE PAVIMENTO DE CONCRETO SIMPLES (PCS), FCK =40 MPA, CAMADA COM ESPESSURA DE 20,0 CM. AF_11/2017 (COM BARRAS DE TRANSFERÊNCIA E TELA) | D16: m2 | E16: =VLOOKUP($A16,'PLAN NOTURNO'!$A$4:$I$69,9,FALSE) -> 95.754341
A17: 72962m - Noturno | B17: USINAGEM DE CBUQ COM CAP 50/70, PARA CAPA DE ROLAMENTO (EXCLUSIVE CAP 50/70) | D17: t | E17: =VLOOKUP($A17,'PLAN NOTURNO'!$A$4:$I$69,9,FALSE) -> 93.449377
A18: 4011482M/SICRO - Noturno | B18: RECICLAGEM COM ADIÇÃO DE CIMENTO E INCORPORAÇÃO DO REVESTIMENTO ASFÁLTICO À BASE | D18: m3 | E18: =VLOOKUP($A18,'PLAN NOTURNO'!$A$4:$I$69,9,FALSE) -> 55.946752
A19: 4011480M/SICRO - Noturno | B19: FRESAGEM DESCONTÍNUA DE REVESTIMENTO BETUMINOSO | D19: m3 | E19: =VLOOKUP($A19,'PLAN NOTURNO'!$A$4:$I$69,9,FALSE) -> 40.174557
A20: 94281 - Noturno | B20: EXECUÇÃO DE SARJETA DE CONCRETO USINADO, MOLDADA IN LOCO EM TRECHO RETO, 30 CM BASE X 15 CM ALTURA. AF_06/2016 | D20: m | E20: =VLOOKUP($A20,'PLAN NOTURNO'!$A$4:$I$69,9,FALSE) -> 39.195684
A21: 94273 - Noturno | B21: ASSENTAMENTO DE GUIA (MEIO-FIO) EM TRECHO RETO, CONFECCIONADA EM CONCRETO PRÉ-FABRICADO, DIMENSÕES 100X15X13X30 CM (COMPRIMENTO X BASE INFERIOR X BASE SUPERIOR X ALTURA), PARA VIAS URBANAS (USO VIÁRIO). AF_06/2016 | D21: m | E21: =VLOOKUP($A21,'PLAN NOTURNO'!$A$4:$I$69,9,FALSE) -> 37.26725
A22: 85424 - Noturno | B22: ISOLAMENTO DE OBRA COM TELA PLASTICA COM MALHA DE 5MM E ESTRUTURA DE MADEIRA PONTALETEADA | D22: m2 | E22: =VLOOKUP($A22,'PLAN NOTURNO'!$A$4:$I$69,9,FALSE) -> 25.49704
A23: 4011479M/SICRO - Noturno | B23: FRESAGEM CONTÍNUA DE REVESTIMENTO BETUMINOSO | D23: m3 | E23: =VLOOKUP($A23,'PLAN NOTURNO'!$A$4:$I$69,9,FALSE) -> 20.422778
A24: 92970 - Noturno | B24: DEMOLIÇÃO DE PAVIMENTAÇÃO ASFÁLTICA COM UTILIZAÇÃO DE MARTELO PERFURADOR, ESPESSURA ATÉ 15 CM, EXCLUSIVE CARGA E TRANSPORTE | D24: m2 | E24: =VLOOKUP($A24,'PLAN NOTURNO'!$A$4:$I$69,9,FALSE) -> 12.5156
A25: 97636 - Noturno | B25: DEMOLIÇÃO PARCIAL DE PAVIMENTO ASFÁLTICO, DE FORMA MECANIZADA, SEM REAPROVEITAMENTO. AF_12/2017 | D25: m2 | E25: =VLOOKUP($A25,'PLAN NOTURNO'!$A$4:$I$69,9,FALSE) -> 9.5586324
A26: 85423 - Noturno | B26: ISOLAMENTO DE OBRA COM TELA PLASTICA COM MALHA DE 5MM | D26: m2 | E26: =VLOOKUP($A26,'PLAN NOTURNO'!$A$4:$I$69,9,FALSE) -> 7.871
A27: 4011412M - Noturno | B27: Microrrevestimento a frio com emulsão modificada com polímero de 2,0 cm - brita comercial | D27: m2 | E27: =VLOOKUP($A27,'PLAN NOTURNO'!$A$4:$I$69,9,FALSE) -> 3.2887281
... A40: 72844 - Noturno | B40: CARGA, MANOBRAS E DESCARGA DE AREIA, BRITA, PEDRA DE MAO E SOLOS COM CAMINHAO BASCULANTE 6 M3 (DESCARGA LIVRE) | D40: t | E40: =VLOOKUP($A40,'PLAN NOTURNO'!$A$4:$I$69,9,FALSE) -> 0.5870018
B41: Sábado
A74: 03.PAVI.PAVC.005/01M-SINAPI - Sábado | B74: EXECUÇÃO DE PAVIMENTO DE CONCRETO SIMPLES (PCS), FCK =40 MPA, CAMADA COM ESPESSURA DE 20,0 CM. AF_11/2017 (COM BARRAS DE TRANSFERÊNCIA E TELA) | D74: m2
A75: 06.21.00M/PMSP - Sábado | B75: LEVANTAMENTO OU REBAIXAMENTO DE TAMPÃO DE POÇO DE VISITA | D75: und
A76: 100576 - Sábado | B76: REGULARIZAÇÃO E COMPACTAÇÃO DE SUBLEITO DE SOLO PREDOMINANTEMENTE ARGILOSO. AF_11/2019 | D76: m2
A77: 4011404M - Sábado | B77: Lama asfáltica - faixa II - areia e brita comerciais | D77: m2
A78: 4011412M - Sábado | B78: Microrrevestimento a frio com emulsão modificada com polímero de 2,0 cm - brita comercial | D78: m2
A79: 4011454M/SICRO - Sábado | B79: CONCRETO ASFÁLTICO - FAIXA A - AREIA E BRITA COMERCIAIS | D79: t
A80: 4011459M/SICRO - Sábado | B80: CONCRETO ASFÁLTICO - FAIXA B - AREIA E BRITA COMERCIAIS | D80: t
A81: 4011463M/SICRO - Sábado | B81: CONCRETO ASFÁLTICO - FAIXA C - AREIA E BRITA COMERCIAIS (EXCLUSIVE CAP 50/70) | D81: t
A82: 4011479M/SICRO - Sábado | B82: FRESAGEM CONTÍNUA DE REVESTIMENTO BETUMINOSO | D82: m3
A83: 4011480M/SICRO - Sábado | B83: FRESAGEM DESCONTÍNUA DE REVESTIMENTO BETUMINOSO | D83: m3
A84: 4011482M/SICRO - Sábado | B84: RECICLAGEM COM ADIÇÃO DE CIMENTO E INCORPORAÇÃO DO REVESTIMENTO ASFÁLTICO À BASE | D84: m3
A85: 4915626M - Sábado | B85: Selagem de trincas mecanizada em pavimento flexível com emulsão - areia comercial | D85: m
... A110: C4624M - Sábado | B110: PISO PODOTÁTIL EXTERNO EM CONCRETO, DIRECIONAL E ALERTA, *40 X 40 X 2,5* CM, ASSENTADO COM ARGAMASSA (INCLUSIVE FORNECIMENTO) | D110: m2

Sheet Plan5 - sábado
B1: SINAPI JANEIRO 2020
B2: NOVACAP 01 / 2020
F3: ADICIONAL | H3: H. EXTRA SÁBADO | I3: H. EXTRA SÁBADO | M3: ADICIONAL NOTURNO
A4: CÓDIGO | B4: DESCRIÇÃO | C4: UNIDADE | D4: QUANTIDADE | E4: CUSTO UNITÁRIO COM DESONERAÇÃO REF SINAPI | F4: CUSTO UNITÁRIO SEM DESONERAÇÃO REF SINAPI | H4: CUSTO UNITÁRIO COM DESONERAÇÃO ACRESC. ADICIONAL | I4: CUSTO UNITÁRIO SEM DESONERAÇÃO ACRESC. ADICIONAL | M4: H. EXTRA SÁBADO
A5: 4729 | B5: PEDRA BRITADA GRADUADA, CLASSIFICADA (POSTO PEDREIRA/FORNECEDOR, SEM FRETE) | C5: m3 | E5: 99.02 | F5: 99.02 | M5: H. EXTRA DOMINGO
A6: 72844 - Sábado | B6: CARGA, MANOBRAS E DESCARGA DE AREIA, BRITA, PEDRA DE MAO E SOLOS COM CAMINHAO BASCULANTE 6 M3 (DESCARGA LIVRE) | C6: T | E6: 0.56 | F6: 0.57 | H6: 0.592482 | I6: 0.604937
A7: 100576 - Sábado | B7: REGULARIZAÇÃO E COMPACTAÇÃO DE SUBLEITO DE SOLO PREDOMINANTEMENTE ARGILOSO. AF_11/2019 | C7: M2 | E7: 1.33 | F7: 1.41 | H7: 1.645994 | I7: 1.756002
A8: 100577 - Sábado | B8: REGULARIZAÇÃO E COMPACTAÇÃO DE SUBLEITO DE SOLO PREDOMINANTEMENTE ARENOSO. AF_11/2019 | C8: M2 | E8: 0.61 | F8: 0.63 | H8: 0.725494 | I8: 0.760472
A9: 83338 - Sábado | B9: ESCAVACAO MECANICA, A CEU ABERTO, EM MATERIAL DE 1A CATEGORIA, COM ESCAVADEIRA HIDRAULICA, CAPACIDADE DE 0,78 M3 | C9: M3 | E9: 2.07 | F9: 2.14 | H9: 2.30518 | I9: 2.413756
A10: 93177 - Sábado | B10: TRANSPORTE DE MATERIAL ASFALTICO, COM CAMINHÃO COM CAPACIDADE DE 20000 L EM RODOVIA PAVIMENTADA PARA DISTÂNCIAS MÉDIAS DE TRANSPORTE IGUAL OU INFERIOR A 100 KM. AF_02/2016 | C10: TXKM | E10: 1.75 | F10: 1.78 | H10: 1.8353914 | I10: 1.867692
A11: 95303 - Sábado | B11: TRANSPORTE COM CAMINHÃO BASCULANTE 10 M3 DE MASSA ASFALTICA PARA PAVIMENTAÇÃO URBANA | C11: M3XKM | E11: 0.89 | F11: 0.9 | H11: 0.93036136 | I11: 0.94604194
A12: 95878 - Sábado | B12: TRANSPORTE COM CAMINHÃO BASCULANTE DE 10 M3, EM VIA URBANA PAVIMENTADA, DMT ATÉ 30 KM (UNIDADE: TXKM). AF_12/2016 | C12: TXKM | E12: 0.66 | F12: 0.67 | H12: 0.6964691 | I12: 0.7102756
A13: 96396 - Sábado | B13: EXECUÇÃO E COMPACTAÇÃO DE BASE E OU SUB BASE PARA PAVIMENTAÇÃO DE BRITA GRADUADA SIMPLES - EXCLUSIVE CARGA E TRANSPORTE. AF_11/2019 | C13: M3 | E13: 146.01 | F13: 146.45 | H13: 147.44663 | I13: 148.09917
A14: 97636 - Sábado | B14: DEMOLIÇÃO PARCIAL DE PAVIMENTO ASFÁLTICO, DE FORMA MECANIZADA, SEM REAPROVEITAMENTO. AF_12/2017 | C14: M2 | E14: 8.87 | F14: 9.14 | H14: 9.74291 | I14: 10.160223
A15: 4011404M - Sábado | B15: LAMA ASFÁLTICA - FAIXA II - AREIA E BRITA COMERCIAIS (EXCLUSIVE PRODUTO BETUMINOSO) | C15: M2 | E15: 0.8 | F15: 0.83 | H15: 0.95682766 | I15: 0.99250555
A16: 4011412M - Sábado | B16: MICRO REVESTIMENTO A FRIO COM EMULSÃO MODIFICADA COM POLÍMERO DE 2,0 CM - BRITA COMERCIAL (EXCLUSIVE PRODUTO BETUMINOSO) | C16: M2 | E16: 3.15 | F16: 3.21 | H16: 3.3309886 | I16: 3.4130477
A17: 4011454M/SICRO - Sábado | B17: CONCRETO ASFÁLTICO - FAIXA A - AREIA E BRITA COMERCIAIS (EXCLUSIVE PRODUTO BETUMINOSO) | C17: T | E17: 139.89 | F17: 140.33 | H17: 141.31948 | I17: 141.98559
... A31: 03.PAVI.PAVC.005/01M-SINAPI - Sábado | B31: EXECUÇÃO DE PAVIMENTO DE CONCRETO SIMPLES (PCS), FCK = 40 MPA, CAMADA COM ESPESSURA DE 20,0 CM. AF_11/2017 | C31: M2 | E31: 92.3 | F31: 93.72 | H31: 96.67527 | I31: 98.798714
A32: 100576 - Sábado | B32: REGULARIZAÇÃO E COMPACTAÇÃO DE SUBLEITO DE SOLO PREDOMINANTEMENTE ARGILOSO. AF_11/2019 | C32: M2 | E32: 1.33 | F32: 1.41
A33: 96388 - Sábado | B33: EXECUÇÃO E COMPACTAÇÃO DE BASE E OU SUB BASE PARA PAVIMENTAÇÃO DE SOLOS DE COMPORTAMENTO LATERÍTICO (ARENOSO) - EXCLUSIVE SOLO, ESCAVAÇÃO, CARGA E TRANSPORTE. AF_11/2019 | C33: M3 | E33: 6.25 | F33: 6.51 | H33: 7.08006 | I33: 7.45145
A34: 83659 - Sábado | B34: BOCA DE LOBO EM ALVENARIA TIJOLO MACICO, REVESTIDA C/ ARGAMASSA DE CIMENTO E AREIA 1:3, SOBRE LASTRO DE CONCRETO 10CM E TAMPA DE CONCRETO ARMADO INCLUSIVE GRELHA PADRAO NOVACAP | C34: UNID. | E34: 1385.09 | F34: 1436.7 | H34: 1543.6873 | I34: 1620.7886
A35: 85423 - Sábado | B35: ISOLAMENTO DE OBRA COM TELA PLASTICA COM MALHA DE 5MM | C35: M2 | E35: 6.87 | F35: 7.27 | H35: 8.135 | I35: 8.7431
A36: 85424 - Sábado | B36: ISOLAMENTO DE OBRA COM TELA PLASTICA COM MALHA DE 5MM E ESTRUTURA DE MADEIRA PONTALETEADA | C36: M2 | E36: 20.7 | F36: 22.66 | H36: 26.78755 | I36: 29.71585
A37: 88326 - Sábado | B37: VIGIA NOTURNO COM ENCARGOS COMPLEMENTARES | C37: H | E37: 18.93 | F37: 21.06 | H37: 18.93 | I37: 21.06
A38: 92970 - Sábado | B38: DEMOLIÇÃO DE PAVIMENTAÇÃO ASFÁLTICA COM UTILIZAÇÃO DE MARTELO PERFURADOR, ESPESSURA ATÉ 15 CM, EXCLUSIVE CARGA E TRANSPORTE | C38: M2 | E38: 11.6 | F38: 12.28 | H38: 12.078 | I38: 12.836
A39: 93565 - Sábado | B39: ENGENHEIRO CIVIL DE OBRA JUNIOR COM ENCARGOS COMPLEMENTARES | C39: MES | E39: 13416.28 | F39: 15544.2 | H39: 19993.035 | I39: 23178.96
A40: 93567 - Sábado | B40: ENGENHEIRO CIVIL DE OBRA PLENO COM ENCARGOS COMPLEMENTARES | C40: MES | E40: 15244.42 | F40: 17666.43 | H40: 22714.02 | I40: 26337.66
A41: 93568 - Sábado | B41: ENGENHEIRO CIVIL DE OBRA SENIOR COM ENCARGOS COMPLEMENTARES | C41: MES | E41: 20769.45 | F41: 24080.27 | H41: 30937.425 | I41: 35883.96
A42: 93572 - Sábado | B42: ENCARREGADO GERAL DE OBRAS COM ENCARGOS COMPLEMENTARES | C42: MES | E42: 2822 | F42: 3232.1 | H42: 4082.53 | I42: 4695.41
A43: 94296 - Sábado | B43: TOPOGRAFO COM ENCARGOS COMPLEMENTARES | C43: MES | E43: 3588.73 | F43: 4015.76 | H43: 4910.16 | I43: 5549.77
A44: 93564 - Sábado | B44: APONTADOR OU APROPRIADOR COM ENCARGOS COMPLEMENTARES | C44: MES | E44: 5444.34 | F44: 6287.9 | H44: 8037.22 | I44: 9297.89
... A52: 94281 - Sábado | B52: EXECUÇÃO DE SARJETA DE CONCRETO USINADO, MOLDADA IN LOCO EM TRECHO RETO, 30 CM BASE X 15 CM ALTURA. AF_06/2016 | C52: M | E52: 34.58 | F52: 36.48 | H52: 40.41678 | I52: 43.24293
A53: 95880 - Sábado | B53: TRANSPORTE COM CAMINHÃO BASCULANTE DE 18 M3, EM VIA URBANA PAVIMENTADA, DMT ATÉ 30 KM (UNIDADE: TXKM). AF_12/2016 | C53: TXKM | E53: 0.5 | F53: 0.51 | H53: NÃO TEM MÃO DE OBRA | I53: NÃO TEM MÃO DE OBRA
A54: 06.21.00M/PMSP - Sábado | B54: LEVANTAMENTO OU REBAIXAMENTO DE TAMPÃO DE POÇO DE VISITA | C54: und | E54: 95.87 | F54: 102.14 | H54: 113.89541 | I54: 123.06347
A55: C4624M - Sábado | B55: PISO PODOTÁTIL EXTERNO EM CONCRETO, DIRECIONAL E ALERTA, *40 X 40 X 2,5* CM, ASSENTADO COM ARGAMASSA (INCLUSIVE FORNECIMENTO) | C55: M2 | E55: 104.05 | F55: 109.59 | H55: 121.1148 | I55: 129.3948
A56: 74221/001 - Sábado | B56: SINALIZACAO DE TRANSITO - NOTURNA | C56: M | E56: 2.5 | F56: 2.69 | H56: 3.11348 | I56: 3.39873
A57: 97084 - Sábado | B57: COMPACTAÇÃO MECÂNICA DE SOLO PARA EXECUÇÃO DE RADIER, COM COMPACTADOR DE SOLOS TIPO PLACA VIBRATÓRIA. AF_09/2017 | C57: M2 | E57: 0.49 | F57: 0.54 | H57: 0.65665 | I57: 0.730125
A58: 94991 - Sábado | B58: EXECUÇÃO DE PASSEIO (CALÇADA) OU PISO DE CONCRETO COM CONCRETO MOLDADO IN LOCO, USINADO, ACABAMENTO CONVENCIONAL, NÃO ARMADO. AF_07/2016 | C58: M3 | E58: 415.58 | F58: 425.09 | H58: 444.96271 | I58: 459.19589
A59: 62204M/PMSP - Sábado | B59: BOCA DE LOBO DUPLA (INCLUSIVE GRELHA BI-ARTICULADA DE F.F) | C59: und | E59: 3152.88 | F59: 3258.24 | H59: 4155.4871 | I59: 4337.652 | J59: ?????????
A60: 90777 - Sábado | B60: ENGENHEIRO CIVIL DE OBRA JUNIOR COM ENCARGOS COMPLEMENTARES | C60: H | E60: 75.36 | F60: 87.3 | H60: 75.36 | I60: 75.36
A61: 88249 - Sábado | B61: AUXILIAR DE LABORATÓRIO COM ENCARGOS COMPLEMENTARES | C61: H | E61: 31.63 | F61: 35.9 | H61: 31.63 | I61: 31.63
A62: 88321 - Sábado | B62: TÉCNICO DE LABORATÓRIO COM ENCARGOS COMPLEMENTARES | C62: H | E62: 43.62 | F62: 50.44 | H62: 43.62 | I62: 43.62
A63: 82030/PMS - Sábado | B63: MATERIAIS E EQUIPAMENTOS PARA SONDAGEM | C63: VB | E63: 3.71 | F63: 3.71 | H63: 3.71 | I63: 3.71
A64: 88253 - Sábado | B64: AUXILIAR DE TOPÓGRAFO COM ENCARGOS COMPLEMENTARES | C64: H | E64: 10.72 | F64: 11.65 | H64: 10.72 | I64: 10.72
A65: 88258 - Sábado | B65: CADASTRISTA DE REDES DE AGUA E ESGOTO COM ENCARGOS COMPLEMENTARES | C65: H | E65: 25.44 | F65: 28.72 | H65: 25.44 | I65: 25.44
A66: 88597 - Sábado | B66: DESENHISTA DETALHISTA COM ENCARGOS COMPLEMENTARES | C66: H | E66: 23.56 | F66: 27.19 | H66: 23.56 | I66: 23.56
A67: 94264/PMS - Sábado | B67: NÍVEL COM PRECISÃO DE 0,7 MM/KM | C67: h | E67: 1.67 | F67: 1.67 | H67: 1.67 | I67: 1.67
A68: 7247 - Sábado | B68: LOCACAO DE TEODOLITO ELETRONICO, PRECISAO ANGULAR DE 5 A 7 SEGUNDOS, INCLUINDO TRIPE | C68: H | E68: 2.29 | F68: 2.29 | H68: 2.29 | I68: 2.29
A69: 94298/PMS - Sábado | B69: FURGÃO LONGO, TETO ALTO 50% EM OPERAÇÃO | C69: H | E69: 48.03 | F69: 48.03 | H69: 48.03 | I69: 48.03
A71: 83659M - Sábado | B71: BOCA DE LOBO DUPLA EM ALVENARIA TIJOLO MACICO, REVESTIDA C/ ARGAMASSA DE CIMENTO E AREIA 1:3, SOBRE LASTRO DE CONCRETO 10CM E TAMPA DE CONCRETO ARMADO | C71: und

Sheet PLAN NOTURNO
B1: SINAPI JANEIRO 2020
B2: NOVACAP 01 / 2020
F3: ADICIONAL | H3: ADICIONAL NOTURNO | I3: ADICIONAL NOTURNO | L3: ADICIONAL NOTURNO
A4: CÓDIGO | B4: DESCRIÇÃO | C4: UNIDADE | D4: QUANTIDADE | E4: CUSTO UNITÁRIO COM DESONERAÇÃO REF SINAPI | F4: CUSTO UNITÁRIO SEM DESONERAÇÃO REF SINAPI | H4: CUSTO UNITÁRIO COM DESONERAÇÃO ACRESC. ADICIONAL | I4: CUSTO UNITÁRIO SEM DESONERAÇÃO ACRESC. ADICIONAL | L4: H. EXTRA SÁBADO
A5: 4729 | B5: PEDRA BRITADA GRADUADA, CLASSIFICADA (POSTO PEDREIRA/FORNECEDOR, SEM FRETE) | C5: m3 | E5: 99.02 | F5: 99.02 | L5: H. EXTRA DOMINGO
A6: 72844 - Noturno | B6: CARGA, MANOBRAS E DESCARGA DE AREIA, BRITA, PEDRA DE MAO E SOLOS COM CAMINHAO BASCULANTE 6 M3 (DESCARGA LIVRE) | C6: T | E6: 0.56 | F6: 0.57 | H6: 0.5770284 | I6: 0.5870018
A7: 100576 - Noturno | B7: REGULARIZAÇÃO E COMPACTAÇÃO DE SUBLEITO DE SOLO PREDOMINANTEMENTE ARGILOSO. AF_11/2019 | C7: M2 | E7: 1.33 | F7: 1.41 | H7: 1.517951 | I7: 1.6074216
A8: 100577 - Noturno | B8: REGULARIZAÇÃO E COMPACTAÇÃO DE SUBLEITO DE SOLO PREDOMINANTEMENTE ARENOSO. AF_11/2019 | C8: M2 | E8: 0.61 | F8: 0.63 | H8: 0.682045 | I8: 0.7100516
A9: 83338 - Noturno | B9: ESCAVACAO MECANICA, A CEU ABERTO, EM MATERIAL DE 1A CATEGORIA, COM ESCAVADEIRA HIDRAULICA, CAPACIDADE DE 0,78 M3 | C9: M3 | E9: 2.07 | F9: 2.14 | H9: 2.1707416 | I9: 2.2577176
A10: 93177 - Noturno | B10: TRANSPORTE DE MATERIAL ASFALTICO, COM CAMINHÃO COM CAPACIDADE DE 20000 L EM RODOVIA PAVIMENTADA PARA DISTÂNCIAS MÉDIAS DE TRANSPORTE IGUAL OU INFERIOR A 100 KM. AF_02/2016 | C10: TXKM | E10: 1.75 | F10: 1.78 | H10: 1.7952592 | I10: 1.821117
A11: 95303 - Noturno | B11: TRANSPORTE COM CAMINHÃO BASCULANTE 10 M3 DE MASSA ASFALTICA PARA PAVIMENTAÇÃO URBANA | C11: M3XKM | E11: 0.89 | F11: 0.9 | H11: 0.9109056 | I11: 0.9234619
A12: 95878 - Noturno | B12: TRANSPORTE COM CAMINHÃO BASCULANTE DE 10 M3, EM VIA URBANA PAVIMENTADA, DMT ATÉ 30 KM (UNIDADE: TXKM). AF_12/2016 | C12: TXKM | E12: 0.66 | F12: 0.67 | H12: 0.67933862 | I12: 0.69039424
A13: 96396 - Noturno | B13: EXECUÇÃO E COMPACTAÇÃO DE BASE E OU SUB BASE PARA PAVIMENTAÇÃO DE BRITA GRADUADA SIMPLES - EXCLUSIVE CARGA E TRANSPORTE. AF_11/2019 | C13: M3 | E13: 146.01 | F13: 146.45 | H13: 146.63915 | I13: 147.1621
A14: 97636 - Noturno | B14: DEMOLIÇÃO PARCIAL DE PAVIMENTO ASFÁLTICO, DE FORMA MECANIZADA, SEM REAPROVEITAMENTO. AF_12/2017 | C14: M2 | E14: 8.87 | F14: 9.14 | H14: 9.2245376 | I14: 9.5586324
A15: 4011404M - Noturno | B15: LAMA ASFÁLTICA - FAIXA II - AREIA E BRITA COMERCIAIS (EXCLUSIVE PRODUTO BETUMINOSO) | C15: M2 | E15: 0.8 | F15: 0.83 | H15: 0.90987109 | I15: 0.93845356
A16: 4011412M - Noturno | B16: MICROREVESTIMENTO A FRIO COM EMULSÃO MODIFICADA COM POLÍMERO DE 2,0 CM - BRITA COMERCIAL (EXCLUSIVE PRODUTO BETUMINOSO) | C16: M2 | E16: 3.15 | F16: 3.21 | H16: 3.2229884 | I16: 3.2887281
A17: 4011454M/SICRO - Noturno | B17: CONCRETO ASFÁLTICO - FAIXA A - AREIA E BRITA COMERCIAIS (EXCLUSIVE PRODUTO BETUMINOSO) | C17: T | E17: 139.89 | F17: 140.33 | H17: 140.46052 | I17: 140.99487
... A31: 03.PAVI.PAVC.005/01M-SINAPI - Noturno | B31: EXECUÇÃO DE PAVIMENTO DE CONCRETO SIMPLES (PCS), FCK = 40 MPA, CAMADA COM ESPESSURA DE 20,0 CM. AF_11/2017 | C31: M2 | E31: 92.3 | F31: 93.72 | H31: 94.052236 | I31: 95.754341
A32: 100576 - Noturno | B32: REGULARIZAÇÃO E COMPACTAÇÃO DE SUBLEITO DE SOLO PREDOMINANTEMENTE ARGILOSO. AF_11/2019 | C32: M2 | E32: 1.33 | F32: 1.41
A33: 96388 - Noturno | B33: EXECUÇÃO E COMPACTAÇÃO DE BASE E OU SUB BASE PARA PAVIMENTAÇÃO DE SOLOS DE COMPORTAMENTO LATERÍTICO (ARENOSO) - EXCLUSIVE SOLO, ESCAVAÇÃO, CARGA E TRANSPORTE. AF_11/2019 | C33: M3 | E33: 6.25 | F33: 6.51 | H33: 6.618462 | I33: 6.915836
A34: 83659 - Noturno | B34: BOCA DE LOBO EM ALVENARIA TIJOLO MACICO, REVESTIDA C/ ARGAMASSA DE CIMENTO E AREIA 1:3, SOBRE LASTRO DE CONCRETO 10CM E TAMPA DE CONCRETO ARMADO INCLUSIVE GRELHA PADRAO NOVACAP | C34: UNID. | E34: 1385.09 | F34: 1436.7 | H34: 1448.5277 | I34: 1510.3355
A35: 85423 - Noturno | B35: ISOLAMENTO DE OBRA COM TELA PLASTICA COM MALHA DE 5MM | C35: M2 | E35: 6.87 | F35: 7.27 | H35: 7.38368 | I35: 7.871
A36: 85424 - Noturno | B36: ISOLAMENTO DE OBRA COM TELA PLASTICA COM MALHA DE 5MM E ESTRUTURA DE MADEIRA PONTALETEADA | C36: M2 | E36: 20.7 | F36: 22.66 | H36: 23.1514 | I36: 25.49704
A37: 88326 - Noturno | B37: VIGIA NOTURNO COM ENCARGOS COMPLEMENTARES | C37: H | E37: 18.93 | F37: 21.06 | H37: 18.93 | I37: 21.06
A38: 92970 - Noturno | B38: DEMOLIÇÃO DE PAVIMENTAÇÃO ASFÁLTICA COM UTILIZAÇÃO DE MARTELO PERFURADOR, ESPESSURA ATÉ 15 CM, EXCLUSIVE CARGA E TRANSPORTE | C38: M2 | E38: 11.6 | F38: 12.28 | H38: 11.802 | I38: 12.5156
A39: 93565 - Noturno | B39: ENGENHEIRO CIVIL DE OBRA JUNIOR COM ENCARGOS COMPLEMENTARES | C39: MES | E39: 13416.28 | F39: 15544.2 | H39: 16055.472 | I39: 18607.962
A40: 93567 - Noturno | B40: ENGENHEIRO CIVIL DE OBRA PLENO COM ENCARGOS COMPLEMENTARES | C40: MES | E40: 15244.42 | F40: 17666.43 | H40: 18232.26 | I40: 21134.922
A41: 93568 - Noturno | B41: ENGENHEIRO CIVIL DE OBRA SENIOR COM ENCARGOS COMPLEMENTARES | C41: MES | E41: 20769.45 | F41: 24080.27 | H41: 24810.984 | I41: 28771.962
A42: 93572 - Noturno | B42: ENCARREGADO GERAL DE OBRAS COM ENCARGOS COMPLEMENTARES | C42: MES | E42: 2822 | F42: 3232.1 | H42: 3326.212 | I42: 3817.424
A43: 94296 - Noturno | B43: TOPOGRAFO COM ENCARGOS COMPLEMENTARES | C43: MES | E43: 3588.73 | F43: 4015.76 | H43: 4117.302 | I43: 4629.364
A44: 93564 - Noturno | B44: APONTADOR OU APROPRIADOR COM ENCARGOS COMPLEMENTARES | C44: MES | E44: 5444.34 | F44: 6287.9 | H44: 6481.492 | I44: 7491.896
... A46: 88316M/SINAPI - Noturno | B46: SERVENTE COM ENCARGOS COMPLEMENTARES - MENSALISTA | C46: MES | E46: 2745.3644 | F46: 3012.3919 | H46: 3073.6564 | I46: 3393.4979
A47: 100289M/SINAPI - Noturno | B47: VIGIA DIURNO COM ENCARGOS COMPLEMENTARES - MENSALISTA | C47: MES | E47: 2815.9967 | F47: 3094.3699 | H47: #VALUE! | I47: #VALUE!
A48: P9893/SICRO - Noturno | B48: ENCARREGADO DE PAVIMENTAÇÃO COM ENCARGOS COMPLEMENTARES - MENSALISTA | C48: MES | E48: 6472.422 | F48: 7333.3387 | H48: 7726.8065 | I48: 8759.9064
A49: P9897/SICRO - Noturno | B49: TÉCNICO DE MEIO AMBIENTE COM ENCARGOS COMPLEMENTARES - MENSALISTA | C49: MES | E49: 5789.1346 | F49: 6528.409 | H49: 6906.8616 | I49: 7793.9908
A50: P9903/SICRO - Noturno | B50: AUXILIAR TÉCNICO COM ENCARGOS COMPLEMENTARES - MENSALISTA | C50: MES | E50: 3653.8003 | F50: 4073.4491 | H50: 4344.4604 | I50: 4848.0389
A51: 94273 - Noturno | B51: ASSENTAMENTO DE GUIA (MEIO-FIO) EM TRECHO RETO, CONFECCIONADA EM CONCRETO PRÉ-FABRICADO, DIMENSÕES 100X15X13X30 CM (COMPRIMENTO X BASE INFERIOR X BASE SUPERIOR X ALTURA), PARA VIAS URBANAS (USO VIÁRIO). AF_06/2016 | C51: M | E51: 33.55 | F51: 35.08 | H51: 35.443766 | I51: 37.26725
A52: 94281 - Noturno | B52: EXECUÇÃO DE SARJETA DE CONCRETO USINADO, MOLDADA IN LOCO EM TRECHO RETO, 30 CM BASE X 15 CM ALTURA. AF_06/2016 | C52: M | E52: 34.58 | F52: 36.48 | H52: 36.929784 | I52: 39.195684
A53: 95880 - Noturno | B53: TRANSPORTE COM CAMINHÃO BASCULANTE DE 18 M3, EM VIA URBANA PAVIMENTADA, DMT ATÉ 30 KM (UNIDADE: TXKM). AF_12/2016 | C53: TXKM | E53: 0.5 | F53: 0.51 | H53: NÃO TEM MÃO DE OBRA | I53: NÃO TEM MÃO DE OBRA
A54: 06.21.00M/PMSP - Noturno | B54: LEVANTAMENTO OU REBAIXAMENTO DE TAMPÃO DE POÇO DE VISITA | C54: und | E54: 95.87 | F54: 102.14 | H54: 103.0791 | I54: 110.50854
A55: C4624M - Noturno | B55: PISO PODOTÁTIL EXTERNO EM CONCRETO, DIRECIONAL E ALERTA, *40 X 40 X 2,5* CM, ASSENTADO COM ARGAMASSA (INCLUSIVE FORNECIMENTO) | C55: M2 | E55: 104.05 | F55: 109.59 | H55: 110.8776 | I55: 117.513
A56: 74221/001 - Noturno | B56: SINALIZACAO DE TRANSITO - NOTURNA | C56: M | E56: 2.5 | F56: 2.69 | H56: 2.76338 | I56: 2.99238
A57: 97084 - Noturno | B57: COMPACTAÇÃO MECÂNICA DE SOLO PARA EXECUÇÃO DE RADIER, COM COMPACTADOR DE SOLOS TIPO PLACA VIBRATÓRIA. AF_09/2017 | C57: M2 | E57: 0.49 | F57: 0.54 | H57: 0.566032 | I57: 0.624942
A58: 94991 - Noturno | B58: EXECUÇÃO DE PASSEIO (CALÇADA) OU PISO DE CONCRETO COM CONCRETO MOLDADO IN LOCO, USINADO, ACABAMENTO CONVENCIONAL, NÃO ARMADO. AF_07/2016 | C58: M3 | E58: 415.58 | F58: 425.09 | H58: 427.34568 | I58: 438.74836
A59: 62204M/PMSP - Noturno | B59: BOCA DE LOBO DUPLA (INCLUSIVE GRELHA BI-ARTICULADA DE F.F) | C59: und | E59: 3152.88 | F59: 3258.24 | H59: 3930.2866 | I59: 4076.2769
A60: 90777 - Noturno | B60: ENGENHEIRO CIVIL DE OBRA JUNIOR COM ENCARGOS COMPLEMENTARES | C60: H | E60: 75.36 | F60: 87.3 | H60: 75.36 | I60: 75.36
A61: 88249 - Noturno | B61: AUXILIAR DE LABORATÓRIO COM ENCARGOS COMPLEMENTARES | C61: H | E61: 31.63 | F61: 35.9 | H61: 31.63 | I61: 31.63
A62: 88321 - Noturno | B62: TÉCNICO DE LABORATÓRIO COM ENCARGOS COMPLEMENTARES | C62: H | E62: 43.62 | F62: 50.44 | H62: 43.62 | I62: 43.62
A63: 82030/PMS - Noturno | B63: MATERIAIS E EQUIPAMENTOS PARA SONDAGEM | C63: VB | E63: 3.71 | F63: 3.71 | H63: 3.71 | I63: 3.71
A64: 88253 - Noturno | B64: AUXILIAR DE TOPÓGRAFO COM ENCARGOS COMPLEMENTARES | C64: H | E64: 10.72 | F64: 11.65 | H64: 10.72 | I64: 10.72
A65: 88258 - Noturno | B65: CADASTRISTA DE REDES DE AGUA E ESGOTO COM ENCARGOS COMPLEMENTARES | C65: H | E65: 25.44 | F65: 28.72 | H65: 25.44 | I65: 25.44
... A69: 94298/PMS - Noturno | B69: FURGÃO LONGO, TETO ALTO 50% EM OPERAÇÃO | C69: H | E69: 48.03 | F69: 48.03 | H69: 48.03 | I69: 48.03

Sheet PLAN DOMINGO
B1: SINAPI JANEIRO 2020
B2: NOVACAP 01 / 2020
D3: H. EXTRA DOMINGO | H3: ADICIONAL NOTURNO
A4: CÓDIGO | B4: DESCRIÇÃO | C4: UNIDADE | D4: CUSTO UNITÁRIO SEM DESONERAÇÃO ACRESC. ADICIONAL | H4: H. EXTRA SÁBADO
A5: 4729 | B5: PEDRA BRITADA GRADUADA, CLASSIFICADA (POSTO PEDREIRA/FORNECEDOR, SEM FRETE) | C5: m3 | H5: H. EXTRA DOMINGO
A6: 72844 - Domingo | B6: CARGA, MANOBRAS E DESCARGA DE AREIA, BRITA, PEDRA DE MAO E SOLOS COM CAMINHAO BASCULANTE 6 M3 (DESCARGA LIVRE) | C6: T | D6: 0.634829
A7: 100576 - Domingo | B7: REGULARIZAÇÃO E COMPACTAÇÃO DE SUBLEITO DE SOLO PREDOMINANTEMENTE ARGILOSO. AF_11/2019 | C7: M2 | D7: 2.003636
A8: 100577 - Domingo | B8: REGULARIZAÇÃO E COMPACTAÇÃO DE SUBLEITO DE SOLO PREDOMINANTEMENTE ARENOSO. AF_11/2019 | C8: M2 | D8: 0.844506
A9: 83338 - Domingo | B9: ESCAVACAO MECANICA, A CEU ABERTO, EM MATERIAL DE 1A CATEGORIA, COM ESCAVADEIRA HIDRAULICA, CAPACIDADE DE 0,78 M3 | C9: M3 | D9: 2.67382
A10: 93177 - Domingo | B10: TRANSPORTE DE MATERIAL ASFALTICO, COM CAMINHÃO COM CAPACIDADE DE 20000 L EM RODOVIA PAVIMENTADA PARA DISTÂNCIAS MÉDIAS DE TRANSPORTE IGUAL OU INFERIOR A 100 KM. AF_02/2016 | C10: TXKM | D10: 1.945317
A11: 95303 - Domingo | B11: TRANSPORTE COM CAMINHÃO BASCULANTE 10 M3 DE MASSA ASFALTICA PARA PAVIMENTAÇÃO URBANA | C11: M3XKM | D11: 0.98367533
A12: 95878 - Domingo | B12: TRANSPORTE COM CAMINHÃO BASCULANTE DE 10 M3, EM VIA URBANA PAVIMENTADA, DMT ATÉ 30 KM (UNIDADE: TXKM). AF_12/2016 | C12: TXKM | D12: 0.7434112
A13: 96396 - Domingo | B13: EXECUÇÃO E COMPACTAÇÃO DE BASE E OU SUB BASE PARA PAVIMENTAÇÃO DE BRITA GRADUADA SIMPLES - EXCLUSIVE CARGA E TRANSPORTE. AF_11/2019 | C13: M3 | D13: 149.66096
A14: 97636 - Domingo | B14: DEMOLIÇÃO PARCIAL DE PAVIMENTO ASFÁLTICO, DE FORMA MECANIZADA, SEM REAPROVEITAMENTO. AF_12/2017 | C14: M2 | D14: 11.162874
A15: 4011404M - Domingo | B15: LAMA ASFÁLTICA - FAIXA II - AREIA E BRITA COMERCIAIS (EXCLUSIVE PRODUTO BETUMINOSO) | C15: M2 | D15: 1.0825922
A16: 4011412M - Domingo | B16: MICRO REVESTIMENTO A FRIO COM EMULSÃO MODIFICADA COM POLÍMERO DE 2,0 CM - BRITA COMERCIAL (EXCLUSIVE PRODUTO BETUMINOSO) | C16: M2 | D16: 3.620247
A17: 4011454M/SICRO - Domingo | B17: CONCRETO ASFÁLTICO - FAIXA A - AREIA E BRITA COMERCIAIS (EXCLUSIVE PRODUTO BETUMINOSO) | C17: T | D17: 143.63679
... A31: 03.PAVI.PAVC.005/01M-SINAPI - Domingo | B31: EXECUÇÃO DE PAVIMENTO DE CONCRETO SIMPLES (PCS), FCK = 40 MPA, CAMADA COM ESPESSURA DE 20,0 CM. AF_11/2017 | C31: M2 | D31: 103.87267
A32: 100576 - Domingo | B32: REGULARIZAÇÃO E COMPACTAÇÃO DE SUBLEITO DE SOLO PREDOMINANTEMENTE ARGILOSO. AF_11/2019 | C32: M2
A33: 96388 - Domingo | B33: EXECUÇÃO E COMPACTAÇÃO DE BASE E OU SUB BASE PARA PAVIMENTAÇÃO DE SOLOS DE COMPORTAMENTO LATERÍTICO (ARENOSO) - EXCLUSIVE SOLO, ESCAVAÇÃO, CARGA E TRANSPORTE. AF_11/2019 | C33: M3 | D33: 8.34414
A34: 83659 - Domingo | B34: BOCA DE LOBO EM ALVENARIA TIJOLO MACICO, REVESTIDA C/ ARGAMASSA DE CIMENTO E AREIA 1:3, SOBRE LASTRO DE CONCRETO 10CM E TAMPA DE CONCRETO ARMADO INCLUSIVE GRELHA PADRAO NOVACAP | C34: UNID. | D34: 1804.877
A35: 85423 - Domingo | B35: ISOLAMENTO DE OBRA COM TELA PLASTICA COM MALHA DE 5MM | C35: M2 | D35: 10.1966
A36: 85424 - Domingo | B36: ISOLAMENTO DE OBRA COM TELA PLASTICA COM MALHA DE 5MM E ESTRUTURA DE MADEIRA PONTALETEADA | C36: M2 | D36: 36.7472
A37: 88326 - Domingo | B37: VIGIA NOTURNO COM ENCARGOS COMPLEMENTARES | C37: H | D37: 21.06
A38: 92970 - Domingo | B38: DEMOLIÇÃO DE PAVIMENTAÇÃO ASFÁLTICA COM UTILIZAÇÃO DE MARTELO PERFURADOR, ESPESSURA ATÉ 15 CM, EXCLUSIVE CARGA E TRANSPORTE | C38: M2 | D38: 13.37
A39: 93565 - Domingo | B39: ENGENHEIRO CIVIL DE OBRA JUNIOR COM ENCARGOS COMPLEMENTARES | C39: MES | D39: 30797.29
A40: 93567 - Domingo | B40: ENGENHEIRO CIVIL DE OBRA PLENO COM ENCARGOS COMPLEMENTARES | C40: MES | D40: 35008.89
A41: 93568 - Domingo | B41: ENGENHEIRO CIVIL DE OBRA SENIOR COM ENCARGOS COMPLEMENTARES | C41: MES | D41: 47737.29
A42: 93572 - Domingo | B42: ENCARREGADO GERAL DE OBRAS COM ENCARGOS COMPLEMENTARES | C42: MES | D42: 6158.72
A43: 94296 - Domingo | B43: TOPOGRAFO COM ENCARGOS COMPLEMENTARES | C43: MES | D43: 7083.78
A44: 93564 - Domingo | B44: APONTADOR OU APROPRIADOR COM ENCARGOS COMPLEMENTARES | C44: MES | D44: 12307.88
... A52: 94281 - Domingo | B52: EXECUÇÃO DE SARJETA DE CONCRETO USINADO, MOLDADA IN LOCO EM TRECHO RETO, 30 CM BASE X 15 CM ALTURA. AF_06/2016 | C52: M | D52: 49.98834
A53: 95880 - Domingo | B53: TRANSPORTE COM CAMINHÃO BASCULANTE DE 18 M3, EM VIA URBANA PAVIMENTADA, DMT ATÉ 30 KM (UNIDADE: TXKM). AF_12/2016 | C53: TXKM | D53: NÃO TEM MÃO DE OBRA
A54: 06.21.00M/PMSP - Domingo | B54: LEVANTAMENTO OU REBAIXAMENTO DE TAMPÃO DE POÇO DE VISITA | C54: und | D54: 143.98835
A55: C4624M - Domingo | B55: PISO PODOTÁTIL EXTERNO EM CONCRETO, DIRECIONAL E ALERTA, *40 X 40 X 2,5* CM, ASSENTADO COM ARGAMASSA (INCLUSIVE FORNECIMENTO) | C55: M2 | D55: 149.1978
A56: 74221/001 - Domingo | B56: SINALIZACAO DE TRANSITO - NOTURNA | C56: M | D56: 4.07598
A57: 97084 - Domingo | B57: COMPACTAÇÃO MECÂNICA DE SOLO PARA EXECUÇÃO DE RADIER, COM COMPACTADOR DE SOLOS TIPO PLACA VIBRATÓRIA. AF_09/2017 | C57: M2 | D57: 0.90543
A58: 94991 - Domingo | B58: EXECUÇÃO DE PASSEIO (CALÇADA) OU PISO DE CONCRETO COM CONCRETO MOLDADO IN LOCO, USINADO, ACABAMENTO CONVENCIONAL, NÃO ARMADO. AF_07/2016 | C58: M3 | D58: 493.27511
A59: 62204M/PMSP - Domingo | B59: BOCA DE LOBO DUPLA (INCLUSIVE GRELHA BI-ARTICULADA DE F.F) | C59: und | D59: 4773.277 | E59: ?????????
A60: 90777 - Domingo | B60: ENGENHEIRO CIVIL DE OBRA JUNIOR COM ENCARGOS COMPLEMENTARES | C60: H | D60: 75.36
A61: 88249 - Domingo | B61: AUXILIAR DE LABORATÓRIO COM ENCARGOS COMPLEMENTARES | C61: H | D61: 31.63
A62: 88321 - Domingo | B62: TÉCNICO DE LABORATÓRIO COM ENCARGOS COMPLEMENTARES | C62: H | D62: 43.62
A63: 88253 - Domingo | B63: AUXILIAR DE TOPÓGRAFO COM ENCARGOS COMPLEMENTARES | C63: H | D63: 10.72
A64: 88258 - Domingo | B64: CADASTRISTA DE REDES DE AGUA E ESGOTO COM ENCARGOS COMPLEMENTARES | C64: H | D64: 25.44
A65: 88597 - Domingo | B65: DESENHISTA DETALHISTA COM ENCARGOS COMPLEMENTARES | C65: H | D65: 23.56
A66: 7247 - Domingo | B66: LOCACAO DE TEODOLITO ELETRONICO, PRECISAO ANGULAR DE 5 A 7 SEGUNDOS, INCLUINDO TRIPE | C66: H | D66: 2.29
